Workbook

Sheet Смета 12 гр. по ФЕР
H1: Приложение № 2 к Договору №______________________ от «____» ________________ 20__г.
B14: =CONCATENATE( "ЛОКАЛЬНАЯ СМЕТА № ",IF(Source!F12<>"Новый объект", Source!F12, "")) -> ЛОКАЛЬНАЯ СМЕТА №
B18: Выполнение работ по приспособлению ОПС 115582 для обеспечения доступа маломобильных групп населения по адресу: 115582, г. Москва, Шипиловский проезд, дом 59, к.2, стр.2
B19: (наименование работ и затрат, наименование объекта)
A21: =CONCATENATE("Основание: ", Source!J12) -> Основание:
G24: базовая цена | I24: текущая цена
C25: Сметная стоимость | G25: =SUM(N1:N870)/1000 -> 93.22673 | I25: 1080.96 | K25: тыс. руб.
C26: Строительные работы | G26: =SUM(V1:V870)/1000 -> 64.14257 | I26: =(Source!F349)/1000 -> 571.50242 | K26: тыс. руб.
C27: Монтажные работы | G27: =SUM(W1:W870)/1000 -> 29.08416 | I27: =(Source!F350)/1000 -> 311.63493 | K27: тыс. руб.
C28: Нормативная трудоемкость | G28: =I28 -> 619.71474 | I28: =(Source!F354+Source!F355) -> 619.71474 | K28: чел. -ч.
C29: Средства на оплату труда | G29: =SUM(Q1:Q870)/1000 -> 5.70358 | I29: =(Source!F347+ Source!F346)/1000 -> 191.92483 | K29: тыс. руб.
C30: Возврат материалов | K30: тыс. руб.
A32: Строительный объем:
A33: Стоимость ед.стр.объема:
A35: Составлена в ценах Индексы к ФЕР-2020 (Стройинформресурс) январь 2021 года и Индексы к ФЕР-2020 по КТЦ (Стройинформресурс) январь 2021 года
A36: № п/п | B36: Шифр расценки и коды ресурсов | C36: Наименование работ и затрат | D36: Ед. изм. | E36: Кол-во единиц | F36: Цена на ед. изм. | G36: Попра-вочные коэфф. | H36: Стоимость в ценах 2001г. | I36: Пункт коэфф. пересчета | J36: Коэфф. пересчета | K36: Стоимость в текущих ценах
A37: 1 | B37: 2 | C37: 3 | D37: 4 | E37: 5 | F37: 6 | G37: 7 | H37: 8 | I37: 9 | J37: 10 | K37: 11
A39: =CONCATENATE("Раздел: ",IF(Source!G24<>"Новый раздел", Source!G24, "")) -> Раздел: Общестроительные работы
B41: =Source!G28 -> Демонтажные работы
A42: =Source!E29 -> 1 | B42: м08-03-593-10 Поправка: Мет.421/пр 04.08.20 Пр.10 Т.3 п. 1.2 Поправка: МР 519/пр Табл.3, п.2 | C42: =Source!G29 -> Демонтаж табличек "Выход" с сохранением | D42: =Source!H29 -> 100 ШТ | E42: =Source!I29 -> 0.01 | F42: =Source!AL29+Source!AM29+Source!AO29 -> 1335.94 | I42: =Source!BO29 -> м08-03-593-10 | R42: =ROUND((Source!FX29/100)*((ROUND(Source!AF29*Source!I29, 2)+ROUND(Source!AE29*Source!I29, 2))), 2) -> 6.03 | S42: =Source!X29 -> 203.1 | T42: =ROUND((Source!FY29/100)*((ROUND(Source!AF29*Source!I29, 2)+ROUND(Source!AE29*Source!I29, 2))), 2) -> 4.13 | U42: =Source!Y29 -> 138.96
C43: ="Объем: "&Source!I29&"=1/"&"100" -> Объем: 0,01=1/100
C44: Зарплата | F44: =Source!AO29 -> 779.32 | G44: =Source!DG29 -> )*1,35)*0,6 | H44: =ROUND(Source!AF29*Source!I29, 2) -> 6.31 | J44: =IF(Source!BA29<> 0, Source!BA29, 1) -> 33.65 | K44: =Source!S29 -> 212.42 | Q44: =H44 -> 6.31
C45: Эксплуатация машин | F45: =Source!AM29 -> 36.22 | G45: =Source!DE29 -> )*1,35)*0,6 | H45: =ROUND(Source!AD29*Source!I29, 2) -> 0.29 | J45: =IF(Source!BB29<> 0, Source!BB29, 1) -> 10.22 | K45: =Source!Q29 -> 3
C46: в т.ч. зарплата машинистов | F46: =Source!AN29 -> 5.02 | G46: =Source!DF29 -> )*1,35)*0,6 | H46: =ROUND(Source!AE29*Source!I29, 2) -> 0.04 | J46: =IF(Source!BS29<> 0, Source!BS29, 1) -> 33.65 | K46: =Source!R29 -> 1.37 | Q46: =H46 -> 0.04
C47: НР от ФОТ | D47: % | E47: =Source!BZ29 -> 95 | H47: =SUM(R42:R49) -> 6.03 | J47: =Source!AT29 -> 95 | K47: =SUM(S42:S49) -> 203.1
C48: СП от ФОТ | D48: % | E48: =Source!CA29 -> 65 | H48: =SUM(T42:T49) -> 4.13 | J48: =Source!AU29 -> 65 | K48: =SUM(U42:U49) -> 138.96
C49: Затраты труда | D49: чел-ч | E49: =Source!AQ29 -> 78.56 | G49: =Source!DI29 -> )*1,35)*0,6
G50: =H44+H45+H47+H48 -> 16.76 | J50: =K44+K45+K47+K48 -> 557.48 | N50: =G50 -> 16.76 | O50: =J50 -> 557.48 | P50: =#REF! -> #REF! | V50: =IF(Source!BI29<=1,H44+H45+H47+H48, 0) -> 0 | W50: =IF(Source!BI29=2,H44+H45+H47+H48, 0) -> 16.76 | X50: =IF(Source!BI29=3,H44+H45+H47+H48, 0) -> 0 | Y50: =IF(Source!BI29=4,H44+H45+H47+H48, 0) -> 0
A51: =Source!E30 -> 2 | B51: м10-08-002-04 Поправка: Мет.421/пр 04.08.20 Пр.10 Т.3 п. 1.2 Поправка: МР 519/пр Табл.3, п.2 | C51: =Source!G30 -> Демонтаж датчиков охранных с сохранением для последующего монтажа | D51: =Source!H30 -> ШТ | E51: =Source!I30 -> 3 | F51: =Source!AL30+Source!AM30+Source!AO30 -> 9.96 | I51: =Source!BO30 -> м10-08-002-04 | R51: =ROUND((Source!FX30/100)*((ROUND(Source!AF30*Source!I30, 2)+ROUND(Source!AE30*Source!I30, 2))), 2) -> 15.7 | S51: =Source!X30 -> 528.17 | T51: =ROUND((Source!FY30/100)*((ROUND(Source!AF30*Source!I30, 2)+ROUND(Source!AE30*Source!I30, 2))), 2) -> 11.77 | U51: =Source!Y30 -> 396.13
C52: Зарплата | F52: =Source!AO30 -> 8.08 | G52: =Source!DG30 -> )*1,35)*0,6 | H52: =ROUND(Source!AF30*Source!I30, 2) -> 19.62 | J52: =IF(Source!BA30<> 0, Source!BA30, 1) -> 33.65 | K52: =Source!S30 -> 660.21 | Q52: =H52 -> 19.62
C53: НР от ФОТ | D53: % | E53: =Source!BZ30 -> 80 | H53: =SUM(R51:R55) -> 15.7 | J53: =Source!AT30 -> 80 | K53: =SUM(S51:S55) -> 528.17
C54: СП от ФОТ | D54: % | E54: =Source!CA30 -> 60 | H54: =SUM(T51:T55) -> 11.77 | J54: =Source!AU30 -> 60 | K54: =SUM(U51:U55) -> 396.13
C55: Затраты труда | D55: чел-ч | E55: =Source!AQ30 -> 0.84 | G55: =Source!DI30 -> )*1,35)*0,6
G56: =H52+H53+H54 -> 47.09 | J56: =K52+K53+K54 -> 1584.51 | N56: =G56 -> 47.09 | O56: =J56 -> 1584.51 | P56: =#REF! -> #REF! | V56: =IF(Source!BI30<=1,H52+H53+H54, 0) -> 0 | W56: =IF(Source!BI30=2,H52+H53+H54, 0) -> 47.09 | X56: =IF(Source!BI30=3,H52+H53+H54, 0) -> 0 | Y56: =IF(Source!BI30=4,H52+H53+H54, 0) -> 0
A57: =Source!E31 -> 3 | B57: 65-30-3 Поправка: Мет.421/пр 04.08.20 Пр.10 Т.3 п. 1.2 | C57: =Source!G31 -> Разборка воздуховодов из листовой стали толщиной: до 0,9 мм диаметром/периметром до 495 мм /1550 мм | D57: =Source!H31 -> 100 м2 | E57: =Source!I31 -> 0.02 | F57: =Source!AL31+Source!AM31+Source!AO31 -> 219.64 | I57: =Source!BO31 -> 65-30-3 | R57: =ROUND((Source!FX31/100)*((ROUND(Source!AF31*Source!I31, 2)+ROUND(Source!AE31*Source!I31, 2))), 2) -> 3.51 | S57: =Source!X31 -> 118.16 | T57: =ROUND((Source!FY31/100)*((ROUND(Source!AF31*Source!I31, 2)+ROUND(Source!AE31*Source!I31, 2))), 2) -> 2.37 | U57: =Source!Y31 -> 79.84
C58: ="Объем: "&Source!I31&"=2/"&"100" -> Объем: 0,02=2/100
C59: Зарплата | F59: =Source!AO31 -> 196.19 | G59: =Source!DG31 -> )*1,15 | H59: =ROUND(Source!AF31*Source!I31, 2) -> 4.51 | J59: =IF(Source!BA31<> 0, Source!BA31, 1) -> 33.65 | K59: =Source!S31 -> 151.84 | Q59: =H59 -> 4.51
C60: Эксплуатация машин | F60: =Source!AM31 -> 23.45 | G60: =Source!DE31 -> )*1,15 | H60: =ROUND(Source!AD31*Source!I31, 2) -> 0.54 | J60: =IF(Source!BB31<> 0, Source!BB31, 1) -> 14.88 | K60: =Source!Q31 -> 8.03
C61: в т.ч. зарплата машинистов | F61: =Source!AN31 -> 10.13 | G61: =Source!DF31 -> )*1,15 | H61: =ROUND(Source!AE31*Source!I31, 2) -> 0.23 | J61: =IF(Source!BS31<> 0, Source!BS31, 1) -> 33.65 | K61: =Source!R31 -> 7.84 | Q61: =H61 -> 0.23
C62: НР от ФОТ | D62: % | E62: =Source!BZ31 -> 74 | H62: =SUM(R57:R64) -> 3.51 | J62: =Source!AT31 -> 74 | K62: =SUM(S57:S64) -> 118.16
C63: СП от ФОТ | D63: % | E63: =Source!CA31 -> 50 | H63: =SUM(T57:T64) -> 2.37 | J63: =Source!AU31 -> 50 | K63: =SUM(U57:U64) -> 79.84
C64: Затраты труда | D64: чел-ч | E64: =Source!AQ31 -> 23 | G64: =Source!DI31 -> )*1,15
G65: =H59+H60+H62+H63 -> 10.93 | J65: =K59+K60+K62+K63 -> 357.87 | N65: =G65 -> 10.93 | O65: =J65 -> 357.87 | P65: =#REF! -> #REF! | V65: =IF(Source!BI31<=1,H59+H60+H62+H63, 0) -> 10.93 | W65: =IF(Source!BI31=2,H59+H60+H62+H63, 0) -> 0 | X65: =IF(Source!BI31=3,H59+H60+H62+H63, 0) -> 0 | Y65: =IF(Source!BI31=4,H59+H60+H62+H63, 0) -> 0
A66: =Source!E32 -> 4 | B66: 09-04-012-01 Поправка: Мет.421/пр 04.08.20 Пр.10 Т.3 п. 1.2 Поправка: Прил. 9.3, п.5 | C66: =Source!G32 -> Демонтаж входной группы металлической | D66: =Source!H32 -> м2 | E66: =Source!I32 -> 4.2 | F66: =Source!AL32+Source!AM32+Source!AO32 -> 63.94 | I66: =Source!BO32 -> 09-04-012-01 | R66: =ROUND((Source!FX32/100)*((ROUND(Source!AF32*Source!I32, 2)+ROUND(Source!AE32*Source!I32, 2))), 2) -> 82.87 | S66: =Source!X32 -> 2788.67 | T66: =ROUND((Source!FY32/100)*((ROUND(Source!AF32*Source!I32, 2)+ROUND(Source!AE32*Source!I32, 2))), 2) -> 73.92 | U66: =Source!Y32 -> 2478.82
C67: Зарплата | F67: =Source!AO32 -> 23.81 | G67: =Source!DG32 -> )*1,35)*0,7 | H67: =ROUND(Source!AF32*Source!I32, 2) -> 94.5 | J67: =IF(Source!BA32<> 0, Source!BA32, 1) -> 33.65 | K67: =Source!S32 -> 3179.93 | Q67: =H67 -> 94.5
C68: Эксплуатация машин | F68: =Source!AM32 -> 14.41 | G68: =Source!DE32 -> )*1,35)*0,7 | H68: =ROUND(Source!AD32*Source!I32, 2) -> 57.2 | J68: =IF(Source!BB32<> 0, Source!BB32, 1) -> 10.27 | K68: =Source!Q32 -> 587.49
C69: в т.ч. зарплата машинистов | F69: =Source!AN32 -> 1.97 | G69: =Source!DF32 -> )*1,35)*0,7 | H69: =ROUND(Source!AE32*Source!I32, 2) -> 7.81 | J69: =IF(Source!BS32<> 0, Source!BS32, 1) -> 33.65 | K69: =Source!R32 -> 262.87 | Q69: =H69 -> 7.81
C70: НР от ФОТ | D70: % | E70: =Source!BZ32 -> 90 | F70: =CONCATENATE(" )", Source!DL32, Source!FT32, "=", Source!FX32) -> )*0,9=81 | H70: =SUM(R66:R72) -> 82.87 | J70: =Source!AT32 -> 81 | K70: =SUM(S66:S72) -> 2788.67
C71: СП от ФОТ | D71: % | E71: =Source!CA32 -> 85 | F71: =CONCATENATE(" )", Source!DM32, Source!FU32, "=", Source!FY32) -> )*0,85=72,25 | H71: =SUM(T66:T72) -> 73.92 | J71: =Source!AU32 -> 72 | K71: =SUM(U66:U72) -> 2478.82
C72: Затраты труда | D72: чел-ч | E72: =Source!AQ32 -> 2.4 | G72: =Source!DI32 -> )*1,35)*0,7
G73: =H67+H68+H70+H71 -> 308.49 | J73: =K67+K68+K70+K71 -> 9034.91 | N73: =G73 -> 308.49 | O73: =J73 -> 9034.91 | P73: =#REF! -> #REF! | V73: =IF(Source!BI32<=1,H67+H68+H70+H71, 0) -> 308.49 | W73: =IF(Source!BI32=2,H67+H68+H70+H71, 0) -> 0 | X73: =IF(Source!BI32=3,H67+H68+H70+H71, 0) -> 0 | Y73: =IF(Source!BI32=4,H67+H68+H70+H71, 0) -> 0
A74: =Source!E33 -> 5 | B74: 09-03-046-03 Поправка: Мет.421/пр 04.08.20 Пр.10 Т.3 п. 1.2 Поправка: Прил. 9.3, п.5 | C74: =Source!G33 -> Демонтаж металлического тамбура с остеклением | D74: =Source!H33 -> 100 м2 | E74: =Source!I33 -> 0.0844 | F74: =Source!AL33+Source!AM33+Source!AO33 -> 775.46 | I74: =Source!BO33 -> 09-03-046-03 | R74: =ROUND((Source!FX33/100)*((ROUND(Source!AF33*Source!I33, 2)+ROUND(Source!AE33*Source!I33, 2))), 2) -> 28.77 | S74: =Source!X33 -> 968.08 | T74: =ROUND((Source!FY33/100)*((ROUND(Source!AF33*Source!I33, 2)+ROUND(Source!AE33*Source!I33, 2))), 2) -> 25.66 | U74: =Source!Y33 -> 860.52
C75: ="Объем: "&Source!I33&"=8,44/"&"100" -> Объем: 0,0844=8,44/100
C76: Зарплата | F76: =Source!AO33 -> 438.8 | G76: =Source!DG33 -> )*1,35)*0,7 | H76: =ROUND(Source!AF33*Source!I33, 2) -> 35 | J76: =IF(Source!BA33<> 0, Source!BA33, 1) -> 33.65 | K76: =Source!S33 -> 1177.69 | Q76: =H76 -> 35
C77: Эксплуатация машин | F77: =Source!AM33 -> 48.91 | G77: =Source!DE33 -> )*1,35)*0,7 | H77: =ROUND(Source!AD33*Source!I33, 2) -> 3.9 | J77: =IF(Source!BB33<> 0, Source!BB33, 1) -> 9.99 | K77: =Source!Q33 -> 38.97
C78: в т.ч. зарплата машинистов | F78: =Source!AN33 -> 6.51 | G78: =Source!DF33 -> )*1,35)*0,7 | H78: =ROUND(Source!AE33*Source!I33, 2) -> 0.52 | J78: =IF(Source!BS33<> 0, Source!BS33, 1) -> 33.65 | K78: =Source!R33 -> 17.47 | Q78: =H78 -> 0.52
C79: НР от ФОТ | D79: % | E79: =Source!BZ33 -> 90 | F79: =CONCATENATE(" )", Source!DL33, Source!FT33, "=", Source!FX33) -> )*0,9=81 | H79: =SUM(R74:R81) -> 28.77 | J79: =Source!AT33 -> 81 | K79: =SUM(S74:S81) -> 968.08
C80: СП от ФОТ | D80: % | E80: =Source!CA33 -> 85 | F80: =CONCATENATE(" )", Source!DM33, Source!FU33, "=", Source!FY33) -> )*0,85=72,25 | H80: =SUM(T74:T81) -> 25.66 | J80: =Source!AU33 -> 72 | K80: =SUM(U74:U81) -> 860.52
C81: Затраты труда | D81: чел-ч | E81: =Source!AQ33 -> 47.8 | G81: =Source!DI33 -> )*1,35)*0,7
G82: =H76+H77+H79+H80 -> 93.33 | J82: =K76+K77+K79+K80 -> 3045.26 | N82: =G82 -> 93.33 | O82: =J82 -> 3045.26 | P82: =#REF! -> #REF! | V82: =IF(Source!BI33<=1,H76+H77+H79+H80, 0) -> 93.33 | W82: =IF(Source!BI33=2,H76+H77+H79+H80, 0) -> 0 | X82: =IF(Source!BI33=3,H76+H77+H79+H80, 0) -> 0 | Y82: =IF(Source!BI33=4,H76+H77+H79+H80, 0) -> 0
A83: =Source!E34 -> 6 | B83: 46-04-012-03 Поправка: Мет.421/пр 04.08.20 Пр.10 Т.3 п. 1.2 | C83: =Source!G34 -> Разборка деревянных заполнений проемов: дверных и воротных | D83: =Source!H34 -> 100 м2 | E83: =Source!I34 -> 0.044 | F83: =Source!AL34+Source!AM34+Source!AO34 -> 979.35 | I83: =Source!BO34 -> 46-04-012-03 | R83: =ROUND((Source!FX34/100)*((ROUND(Source!AF34*Source!I34, 2)+ROUND(Source!AE34*Source!I34, 2))), 2) -> 42.17 | S83: =Source!X34 -> 1419.14 | T83: =ROUND((Source!FY34/100)*((ROUND(Source!AF34*Source!I34, 2)+ROUND(Source!AE34*Source!I34, 2))), 2) -> 25.35 | U83: =Source!Y34 -> 860.08
C84: ="Объем: "&Source!I34&"=4,4/"&"100" -> Объем: 0,044=4,4/100
C85: Зарплата | F85: =Source!AO34 -> 737.4 | G85: =Source!DG34 -> )*1,15 | H85: =ROUND(Source!AF34*Source!I34, 2) -> 37.31 | J85: =IF(Source!BA34<> 0, Source!BA34, 1) -> 33.65 | K85: =Source!S34 -> 1255.56 | Q85: =H85 -> 37.31
C86: Эксплуатация машин | F86: =Source!AM34 -> 241.95 | G86: =Source!DE34 -> )*1,15 | H86: =ROUND(Source!AD34*Source!I34, 2) -> 12.24 | J86: =IF(Source!BB34<> 0, Source!BB34, 1) -> 14.88 | K86: =Source!Q34 -> 182.17
C87: в т.ч. зарплата машинистов | F87: =Source!AN34 -> 104.49 | G87: =Source!DF34 -> )*1,15 | H87: =ROUND(Source!AE34*Source!I34, 2) -> 5.29 | J87: =IF(Source!BS34<> 0, Source!BS34, 1) -> 33.65 | K87: =Source!R34 -> 177.91 | Q87: =H87 -> 5.29
C88: НР от ФОТ | D88: % | E88: =Source!BZ34 -> 110 | F88: =CONCATENATE(" )", Source!DL34, Source!FT34, "=", Source!FX34) -> )*0,9=99 | H88: =SUM(R83:R90) -> 42.17 | J88: =Source!AT34 -> 99 | K88: =SUM(S83:S90) -> 1419.14
C89: СП от ФОТ | D89: % | E89: =Source!CA34 -> 70 | F89: =CONCATENATE(" )", Source!DM34, Source!FU34, "=", Source!FY34) -> )*0,85=59,5 | H89: =SUM(T83:T90) -> 25.35 | J89: =Source!AU34 -> 60 | K89: =SUM(U83:U90) -> 860.08
C90: Затраты труда | D90: чел-ч | E90: =Source!AQ34 -> 91.15 | G90: =Source!DI34 -> )*1,15
G91: =H85+H86+H88+H89 -> 117.07 | J91: =K85+K86+K88+K89 -> 3716.95 | N91: =G91 -> 117.07 | O91: =J91 -> 3716.95 | P91: =#REF! -> #REF! | V91: =IF(Source!BI34<=1,H85+H86+H88+H89, 0) -> 117.07 | W91: =IF(Source!BI34=2,H85+H86+H88+H89, 0) -> 0 | X91: =IF(Source!BI34=3,H85+H86+H88+H89, 0) -> 0 | Y91: =IF(Source!BI34=4,H85+H86+H88+H89, 0) -> 0
A92: =Source!E35 -> 7 | B92: 46-04-011-02 Поправка: Мет.421/пр 04.08.20 Пр.10 Т.3 п. 1.2 | C92: =Source!G35 -> Демонтаж плитки бетонной напольной (в тамбуре) | D92: =Source!H35 -> 100 м2 | E92: =Source!I35 -> 0.032 | F92: =Source!AL35+Source!AM35+Source!AO35 -> 308.21 | I92: =Source!BO35 -> 46-04-011-02 | R92: =ROUND((Source!FX35/100)*((ROUND(Source!AF35*Source!I35, 2)+ROUND(Source!AE35*Source!I35, 2))), 2) -> 10.36 | S92: =Source!X35 -> 348.59 | T92: =ROUND((Source!FY35/100)*((ROUND(Source!AF35*Source!I35, 2)+ROUND(Source!AE35*Source!I35, 2))), 2) -> 6.22 | U92: =Source!Y35 -> 211.27
C93: ="Объем: "&Source!I35&"=3,2/"&"100" -> Объем: 0,032=3,2/100
C94: Зарплата | F94: =Source!AO35 -> 284.35 | G94: =Source!DG35 -> )*1,15 | H94: =ROUND(Source!AF35*Source!I35, 2) -> 10.46 | J94: =IF(Source!BA35<> 0, Source!BA35, 1) -> 33.65 | K94: =Source!S35 -> 352.11 | Q94: =H94 -> 10.46
C95: Эксплуатация машин | F95: =Source!AM35 -> 23.86 | G95: =Source!DE35 -> )*1,15 | H95: =ROUND(Source!AD35*Source!I35, 2) -> 0.88 | J95: =IF(Source!BB35<> 0, Source!BB35, 1) -> 2.84 | K95: =Source!Q35 -> 2.49
C96: НР от ФОТ | D96: % | E96: =Source!BZ35 -> 110 | F96: =CONCATENATE(" )", Source!DL35, Source!FT35, "=", Source!FX35) -> )*0,9=99 | H96: =SUM(R92:R99) -> 10.36 | J96: =Source!AT35 -> 99 | K96: =SUM(S92:S99) -> 348.59
C97: СП от ФОТ | D97: % | E97: =Source!CA35 -> 70 | F97: =CONCATENATE(" )", Source!DM35, Source!FU35, "=", Source!FY35) -> )*0,85=59,5 | H97: =SUM(T92:T99) -> 6.22 | J97: =Source!AU35 -> 60 | K97: =SUM(U92:U99) -> 211.27
C98: Затраты труда | D98: чел-ч | E98: =Source!AQ35 -> 31.7 | G98: =Source!DI35 -> )*1,15
B99: =Source!F36 -> 999-9900 | C99: =Source!G36 -> Строительный мусор | D99: =Source!H36 -> т | E99: =Source!I36 -> 0.04544 | F99: =Source!AL36+Source!AM36+Source!AO36 -> 0 | G99: к нр | H99: =ROUND(Source!AC36*Source!I36, 2)+ROUND(Source!AD36*Source!I36, 2)+ROUND(Source!AF36*Source!I36, 2) -> 0 | J99: =IF(Source!BC36<> 0, Source!BC36, 1) -> 1 | K99: =Source!O36 -> 0 | R99: =ROUND((Source!FX36/100)*((ROUND(Source!AF36*Source!I36, 2)+ROUND(Source!AE36*Source!I36, 2))), 2) -> 0 | S99: =Source!X36 -> 0 | T99: =ROUND((Source!FY36/100)*((ROUND(Source!AF36*Source!I36, 2)+ROUND(Source!AE36*Source!I36, 2))), 2) -> 0 | U99: =Source!Y36 -> 0 | V99: =IF(Source!BI36<=1,H99, 0) -> 0 | W99: =IF(Source!BI36=2,H99, 0) -> 0 | X99: =IF(Source!BI36=3,H99, 0) -> 0 | Y99: =IF(Source!BI36=4,H99, 0) -> 0
G100: =H94+H95+H96+H97+SUM(H99:H99) -> 27.92 | J100: =K94+K95+K96+K97+SUM(K99:K99) -> 914.46 | N100: =G100 -> 27.92 | O100: =J100 -> 914.46 | P100: =#REF! -> #REF! | V100: =IF(Source!BI35<=1,H94+H95+H96+H97, 0) -> 27.92 | W100: =IF(Source!BI35=2,H94+H95+H96+H97, 0) -> 0 | X100: =IF(Source!BI35=3,H94+H95+H96+H97, 0) -> 0 | Y100: =IF(Source!BI35=4,H94+H95+H96+H97, 0) -> 0
A101: =Source!E37 -> 8 | B101: 54-3-2 Поправка: Мет.421/пр 04.08.20 Пр.10 Т.3 п. 1.2 | C101: =Source!G37 -> Демонтаж потолка из а/ц листов | D101: =Source!H37 -> 100 м2 | E101: =Source!I37 -> 0.032 | F101: =Source!AL37+Source!AM37+Source!AO37 -> 118.17 | I101: =Source!BO37 -> 54-3-2 | R101: =ROUND((Source!FX37/100)*((ROUND(Source!AF37*Source!I37, 2)+ROUND(Source!AE37*Source!I37, 2))), 2) -> 3.65 | S101: =Source!X37 -> 122.71 | T101: =ROUND((Source!FY37/100)*((ROUND(Source!AF37*Source!I37, 2)+ROUND(Source!AE37*Source!I37, 2))), 2) -> 3.43 | U101: =Source!Y37 -> 115.49
C102: ="Объем: "&Source!I37&"=3,2/"&"100" -> Объем: 0,032=3,2/100
C103: Зарплата | F103: =Source!AO37 -> 115.36 | G103: =Source!DG37 -> )*1,15 | H103: =ROUND(Source!AF37*Source!I37, 2) -> 4.25 | J103: =IF(Source!BA37<> 0, Source!BA37, 1) -> 33.65 | K103: =Source!S37 -> 142.85 | Q103: =H103 -> 4.25
C104: Эксплуатация машин | F104: =Source!AM37 -> 2.81 | G104: =Source!DE37 -> )*1,15 | H104: =ROUND(Source!AD37*Source!I37, 2) -> 0.1 | J104: =IF(Source!BB37<> 0, Source!BB37, 1) -> 14.88 | K104: =Source!Q37 -> 1.54
C105: в т.ч. зарплата машинистов | F105: =Source!AN37 -> 1.22 | G105: =Source!DF37 -> )*1,15 | H105: =ROUND(Source!AE37*Source!I37, 2) -> 0.04 | J105: =IF(Source!BS37<> 0, Source!BS37, 1) -> 33.65 | K105: =Source!R37 -> 1.51 | Q105: =H105 -> 0.04
C106: НР от ФОТ | D106: % | E106: =Source!BZ37 -> 85 | H106: =SUM(R101:R108) -> 3.65 | J106: =Source!AT37 -> 85 | K106: =SUM(S101:S108) -> 122.71
C107: СП от ФОТ | D107: % | E107: =Source!CA37 -> 80 | H107: =SUM(T101:T108) -> 3.43 | J107: =Source!AU37 -> 80 | K107: =SUM(U101:U108) -> 115.49
C108: Затраты труда | D108: чел-ч | E108: =Source!AQ37 -> 14.79 | G108: =Source!DI37 -> )*1,15
G109: =H103+H104+H106+H107 -> 11.43 | J109: =K103+K104+K106+K107 -> 382.59 | N109: =G109 -> 11.43 | O109: =J109 -> 382.59 | P109: =#REF! -> #REF! | V109: =IF(Source!BI37<=1,H103+H104+H106+H107, 0) -> 11.43 | W109: =IF(Source!BI37=2,H103+H104+H106+H107, 0) -> 0 | X109: =IF(Source!BI37=3,H103+H104+H106+H107, 0) -> 0 | Y109: =IF(Source!BI37=4,H103+H104+H106+H107, 0) -> 0
A110: =Source!E38 -> 9 | B110: 63-15-1 Поправка: Мет.421/пр 04.08.20 Пр.10 Т.3 п. 1.2 | C110: =Source!G38 -> Разборка элементов облицовки потолков с разборкой каркаса: Армстронг | D110: =Source!H38 -> 100 м2 | E110: =Source!I38 -> 0.042 | F110: =Source!AL38+Source!AM38+Source!AO38 -> 291.95 | I110: =Source!BO38 -> 63-15-1 | R110: =ROUND((Source!FX38/100)*((ROUND(Source!AF38*Source!I38, 2)+ROUND(Source!AE38*Source!I38, 2))), 2) -> 10.86 | S110: =Source!X38 -> 365.37 | T110: =ROUND((Source!FY38/100)*((ROUND(Source!AF38*Source!I38, 2)+ROUND(Source!AE38*Source!I38, 2))), 2) -> 7.05 | U110: =Source!Y38 -> 237.25
C111: ="Объем: "&Source!I38&"=4,2/"&"100" -> Объем: 0,042=4,2/100
C112: Зарплата | F112: =Source!AO38 -> 291.95 | G112: =Source!DG38 -> )*1,15 | H112: =ROUND(Source!AF38*Source!I38, 2) -> 14.1 | J112: =IF(Source!BA38<> 0, Source!BA38, 1) -> 33.65 | K112: =Source!S38 -> 474.5 | Q112: =H112 -> 14.1
C113: НР от ФОТ | D113: % | E113: =Source!BZ38 -> 77 | H113: =SUM(R110:R116) -> 10.86 | J113: =Source!AT38 -> 77 | K113: =SUM(S110:S116) -> 365.37
C114: СП от ФОТ | D114: % | E114: =Source!CA38 -> 50 | H114: =SUM(T110:T116) -> 7.05 | J114: =Source!AU38 -> 50 | K114: =SUM(U110:U116) -> 237.25
C115: Затраты труда | D115: чел-ч | E115: =Source!AQ38 -> 34.51 | G115: =Source!DI38 -> )*1,15
B116: =Source!F39 -> 999-9899 | C116: =Source!G39 -> Строительный мусор и масса возвратных материалов | D116: =Source!H39 -> т | E116: =Source!I39 -> 0.014952 | F116: =Source!AL39+Source!AM39+Source!AO39 -> 0 | G116: к нр | H116: =ROUND(Source!AC39*Source!I39, 2)+ROUND(Source!AD39*Source!I39, 2)+ROUND(Source!AF39*Source!I39, 2) -> 0 | J116: =IF(Source!BC39<> 0, Source!BC39, 1) -> 1 | K116: =Source!O39 -> 0 | R116: =ROUND((Source!FX39/100)*((ROUND(Source!AF39*Source!I39, 2)+ROUND(Source!AE39*Source!I39, 2))), 2) -> 0 | S116: =Source!X39 -> 0 | T116: =ROUND((Source!FY39/100)*((ROUND(Source!AF39*Source!I39, 2)+ROUND(Source!AE39*Source!I39, 2))), 2) -> 0 | U116: =Source!Y39 -> 0 | V116: =IF(Source!BI39<=1,H116, 0) -> 0 | W116: =IF(Source!BI39=2,H116, 0) -> 0 | X116: =IF(Source!BI39=3,H116, 0) -> 0 | Y116: =IF(Source!BI39=4,H116, 0) -> 0
G117: =H112+H113+H114+SUM(H116:H116) -> 32.01 | J117: =K112+K113+K114+SUM(K116:K116) -> 1077.12 | N117: =G117 -> 32.01 | O117: =J117 -> 1077.12 | P117: =#REF! -> #REF! | V117: =IF(Source!BI38<=1,H112+H113+H114, 0) -> 32.01 | W117: =IF(Source!BI38=2,H112+H113+H114, 0) -> 0 | X117: =IF(Source!BI38=3,H112+H113+H114, 0) -> 0 | Y117: =IF(Source!BI38=4,H112+H113+H114, 0) -> 0
A118: =Source!E40 -> 10 | B118: 57-3-1 Поправка: Мет.421/пр 04.08.20 Пр.10 Т.3 п. 1.2 | C118: =Source!G40 -> Разборка плинтусов: деревянных и из пластмассовых материалов | D118: =Source!H40 -> 100 м | E118: =Source!I40 -> 0.019 | F118: =Source!AL40+Source!AM40+Source!AO40 -> 29.41 | I118: =Source!BO40 -> 57-3-1 | R118: =ROUND((Source!FX40/100)*((ROUND(Source!AF40*Source!I40, 2)+ROUND(Source!AE40*Source!I40, 2))), 2) -> 0.51 | S118: =Source!X40 -> 17.3 | T118: =ROUND((Source!FY40/100)*((ROUND(Source!AF40*Source!I40, 2)+ROUND(Source!AE40*Source!I40, 2))), 2) -> 0.44 | U118: =Source!Y40 -> 14.7
C119: ="Объем: "&Source!I40&"=1,9/"&"100" -> Объем: 0,019=1,9/100
C120: Зарплата | F120: =Source!AO40 -> 29.41 | G120: =Source!DG40 -> )*1,15 | H120: =ROUND(Source!AF40*Source!I40, 2) -> 0.64 | J120: =IF(Source!BA40<> 0, Source!BA40, 1) -> 33.65 | K120: =Source!S40 -> 21.62 | Q120: =H120 -> 0.64
C121: НР от ФОТ | D121: % | E121: =Source!BZ40 -> 80 | H121: =SUM(R118:R124) -> 0.51 | J121: =Source!AT40 -> 80 | K121: =SUM(S118:S124) -> 17.3
C122: СП от ФОТ | D122: % | E122: =Source!CA40 -> 68 | H122: =SUM(T118:T124) -> 0.44 | J122: =Source!AU40 -> 68 | K122: =SUM(U118:U124) -> 14.7
...

Sheet Дефектная ведомость
A1: =Source!B1 -> Smeta.RU (495) 974-1589
B3: "СОГЛАСОВАНО" | D3: "УТВЕРЖДАЮ"
B5: ___________________________ | C5: ___________________________
B7: ___________________________ | C7: ___________________________
C9: " ___ " ___________ 20 ___ г.
A11: =CONCATENATE("Дефектный акт ", IF(Source!AN15<>"", Source!AN15," ")) -> Дефектный акт
A12: =CONCATENATE("На капитальный ремонт ", Source!F12, " ", Source!G12) -> На капитальный ремонт ДС, 115582, г. Москва, Шипиловский проезд, дом 59, к.2, стр.2 | AD12: =CONCATENATE("На капитальный ремонт ", Source!F12, " ", Source!G12) -> На капитальный ремонт ДС, 115582, г. Москва, Шипиловский проезд, дом 59, к.2, стр.2
B14: Мы, нижеподписавшиеся, произвели осмотр объекта
B15: и постановили произвести ремонт объекта в
B16: следующем объеме:
A17: № п/п | B17: Наименование работ и затрат | C17: Единица измерения | D17: Количество | E17: Примечание
A18: 1 | B18: 2 | C18: 3 | D18: 4 | E18: 5
A19: =CONCATENATE("Локальная смета: ", Source!G20) -> Локальная смета: Новая локальная смета
A20: =CONCATENATE("Раздел: ", Source!G24) -> Раздел: Общестроительные работы
A21: 1 | B21: =Source!G29 -> Демонтаж табличек "Выход" с сохранением | C21: =Source!H29 -> 100 ШТ | D21: =Source!I29 -> 0.01
A22: 2 | B22: =Source!G30 -> Демонтаж датчиков охранных с сохранением для последующего монтажа | C22: =Source!H30 -> ШТ | D22: =Source!I30 -> 3
A23: 3 | B23: =Source!G31 -> Разборка воздуховодов из листовой стали толщиной: до 0,9 мм диаметром/периметром до 495 мм /1550 мм | C23: =Source!H31 -> 100 м2 | D23: =Source!I31 -> 0.02
A24: 4 | B24: =Source!G32 -> Демонтаж входной группы металлической | C24: =Source!H32 -> м2 | D24: =Source!I32 -> 4.2
A25: 5 | B25: =Source!G33 -> Демонтаж металлического тамбура с остеклением | C25: =Source!H33 -> 100 м2 | D25: =Source!I33 -> 0.0844
A26: 6 | B26: =Source!G34 -> Разборка деревянных заполнений проемов: дверных и воротных | C26: =Source!H34 -> 100 м2 | D26: =Source!I34 -> 0.044
A27: 7 | B27: =Source!G35 -> Демонтаж плитки бетонной напольной (в тамбуре) | C27: =Source!H35 -> 100 м2 | D27: =Source!I35 -> 0.032
A28: 8 | B28: =Source!G37 -> Демонтаж потолка из а/ц листов | C28: =Source!H37 -> 100 м2 | D28: =Source!I37 -> 0.032
A29: 9 | B29: =Source!G38 -> Разборка элементов облицовки потолков с разборкой каркаса: Армстронг | C29: =Source!H38 -> 100 м2 | D29: =Source!I38 -> 0.042
A30: 10 | B30: =Source!G40 -> Разборка плинтусов: деревянных и из пластмассовых материалов | C30: =Source!H40 -> 100 м | D30: =Source!I40 -> 0.019
A31: 11 | B31: =Source!G42 -> Демонтаж кабельных каналов | C31: =Source!H42 -> 100 м труб | D31: =Source!I42 -> 0.043
A32: 12 | B32: =Source!G43 -> Демонтаж бетонной плитки (площадка и ступени у входа) | C32: =Source!H43 -> 100 м2 | D32: =Source!I43 -> 0.1275
A33: 13 | B33: =Source!G44 -> Демонтаж площадки, ступеней и пандуса из асфальтобетона | C33: =Source!H44 -> м3 | D33: =Source!I44 -> 3.23
A34: 14 | B34: =Source!G45 -> Демонтаж ограждения площадки из эл. сварн. трубы 20х20 мм | C34: =Source!H45 -> т | D34: =Source!I45 -> 0.01
A35: 15 | B35: =Source!G46 -> Демонтаж почтового ящика с сохранением | C35: =Source!H46 -> ШТ | D35: =Source!I46 -> 1
A36: 16 | B36: =Source!G47 -> Демонтаж вывески ПВХ (информационной) с сохранением | C36: =Source!H47 -> ШТ | D36: =Source!I47 -> 1
A37: 17 | B37: =Source!G48 -> Демонтаж урн с сохранением | C37: =Source!H48 -> т | D37: =Source!I48 -> 0.007
A38: 18 | B38: =Source!G49 -> Демонтаж доводчиков дверных | C38: =Source!H49 -> ШТ | D38: =Source!I49 -> 2
A39: 19 | B39: =Source!G50 -> Разборка асфальтового покрытия толщиной 50 мм с резкой - 9 м.п. (под площадку входа и тактильную плитку) | C39: =Source!H50 -> 100 м3 | D39: =Source!I50 -> 0.0021
A40: 20 | B40: =Source!G52 -> Разработка грунта вручную в траншеях глубиной до 2 м без креплений с откосами, группа грунтов: 2 | C40: =Source!H52 -> 100 м3 | D40: =Source!I52 -> 0.0042
A41: 21 | B41: =Source!G53 -> Устройство перегородок из гипсоволокнистых листов (ГВЛв) с одинарным металлическим каркасом и двухслойной обшивкой с обеих сторон | C41: =Source!H53 -> 100 м2 | D41: =Source!I53 -> 0.21
A42: 22 | B42: =Source!G55 -> Сплошное выравнивание внутренних поверхностей (однослойное оштукатуривание) из сухих растворных смесей толщиной до 10 мм: стен | C42: =Source!H55 -> 100 м2 | D42: =Source!I55 -> 0.42
A43: 23 | B43: =Source!G58 -> Окраска водно-дисперсионными акриловыми составами улучшенная: по сборным конструкциям стен, подготовленным под окраску | C43: =Source!H58 -> 100 м2 | D43: =Source!I58 -> 0.42
A44: 24 | B44: =Source!G61 -> Устройство потолка подвесного кассетного Армстронг алюминиевого с перфорацией, 600х600 мм, белый матовый | C44: =Source!H61 -> 100 м2 | D44: =Source!I61 -> 0.045
A45: 25 | B45: =Source!G64 -> Светильник в подвесных потолках/Монтаж | C45: =Source!H64 -> 100 ШТ | D45: =Source!I64 -> 0.02
A46: 26 | B46: =Source!G66 -> Устройство приямка в тамбуре для укладки ячеистого резинового ковра | C46: =Source!H66 -> 100 м2 | D46: =Source!I66 -> 0.0125
A47: 27 | B47: =Source!G68 -> Укладка ячеистого резинового ковра (толщина 16 мм) (приямок) | C47: =Source!H68 -> 100 м2 | D47: =Source!I68 -> 0.0108
A48: 28 | B48: =Source!G70 -> Устройство покрытий из плит керамогранитных размером 30х30 см | C48: =Source!H70 -> 100 м2 | D48: =Source!I70 -> 0.05
A49: 29 | B49: =Source!G76 -> Устройство бетонной входной площадки с армированием | C49: =Source!H76 -> м3 | D49: =Source!I76 -> 1.8
A50: 30 | B50: =Source!G80 -> Устройство бетонной подготовки 50 мм | C50: =Source!H80 -> 100 м3 | D50: =Source!I80 -> 0.00338
A51: 31 | B51: =Source!G82 -> Устройство асфальтобетонных покрытий дорожек и тротуаров однослойных из литой мелкозернистой асфальтобетонной смеси толщиной 3 см | C51: =Source!H82 -> 100 м2 | D51: =Source!I82 -> 0.0675
A52: 32 | B52: =Source!G84 -> На каждые 0,5 см изменения толщины покрытия добавлять к расценке 27-07-001-01 (до 5 см) | C52: =Source!H84 -> 100 м2 | D52: =Source!I84 -> 0.0675
A53: 33 | B53: =Source!G86 -> Укладка тактильной бетонной плитки 300х300х30 мм (желтая, конусообразный риф) | C53: =Source!H86 -> 100 м2 | D53: =Source!I86 -> 0.021
A54: 34 | B54: =Source!G88 -> Укладка тротуарной плитки 300х300х30мм | C54: =Source!H88 -> 100 м2 | D54: =Source!I88 -> 0.068
A55: 35 | B55: =Source!G90 -> Устройство покрытий из плиток тактильных (ПВХ) 300х300х7 на клее | C55: =Source!H90 -> 100 м2 | D55: =Source!I90 -> 0.0036
A56: 36 | B56: =Source!G92 -> Устройство подстилающих и выравнивающих слоев оснований из песка, 50 мм | C56: =Source!H92 -> 100 м3 | D56: =Source!I92 -> 0.00185
A57: 37 | B57: =Source!G94 -> Устройство стяжек цементных толщиной 20 мм | C57: =Source!H94 -> 100 м2 | D57: =Source!I94 -> 0.068
A58: 38 | B58: =Source!G96 -> Армирование подстилающих слоев и набетонок | C58: =Source!H96 -> т | D58: =Source!I96 -> 0.0136
A59: 39 | B59: =Source!G98 -> Устройство стяжек на каждые 5 мм изменения толщины стяжки добавлять или исключать к расценке 11- 01-011-01 (до 30мм) | C59: =Source!H98 -> 100 м2 | D59: =Source!I98 -> 0.068
A60: 40 | B60: =Source!G100 -> Нанесение контрастной полосы на площадку и пандус краской (ширина 50 мм) | C60: =Source!H100 -> 100 м2 | D60: =Source!I100 -> 0.0043
A61: 41 | B61: =Source!G101 -> Обрамление площадки металлическим уголком 50х50х3 | C61: =Source!H101 -> 100 м | D61: =Source!I101 -> 0.148
A62: 42 | B62: =Source!G103 -> Установка дверного доводчика к металлическим дверям | C62: =Source!H103 -> ШТ | D62: =Source!I103 -> 2
A63: 43 | B63: =Source!G105 -> Сверление вертикальных отверстий в бетонных конструкциях полов перфоратором глубиной 200 мм диаметром: до 20 мм | C63: =Source!H105 -> 100 отверстий | D63: =Source!I105 -> 0.02
A64: 44 | B64: =Source!G106 -> Установка ограничителя открывания двери | C64: =Source!H106 -> 100 ШТ | D64: =Source!I106 -> 0.02
A65: 45 | B65: =Source!G108 -> Изготовление и установка металлического пандуса: Трубы ст. прямоуг (ГОСТ 8645-86) 80х40х3 мм - 23 м.п.; Трубы ст. прямоуг (ГОСТ 8645-86) 40х20х3 мм -16 м.п..; настил прессованный решетчатый оцинкованный, ячейка 33х11 мм, толщина 30х2 мм -7,2 м2; стальная полоса 3х150мм - 3,5 м.п. | C65: =Source!H108 -> т | D65: =Source!I108 -> 0.3882
A66: 46 | B66: =Source!G113 -> Изготовление и монтаж поручней пандуса и площадки из нержавеющей стали: Трубы из коррозионностойкой стали электросварные, марки 08Х18Н10: 1) Труба наружным диаметром 50,8 мм, толщиной ст. 2 мм - 22,5 м.п. 2) Труба наружным диаметром 38 мм, толщиной ст. 2 мм - 25 м.п. 3) Труба наружным диаметром 16 мм, толщиной ст. 2 мм - 41,6 м.п. | C66: =Source!H113 -> т | D66: =Source!I113 -> 0.11
A67: 47 | B67: =Source!G124 -> Огрунтовка металлических поверхностей за один раз: грунтовкой ГФ-021 | C67: =Source!H124 -> 100 м2 | D67: =Source!I124 -> 0.065
A68: 48 | B68: =Source!G125 -> Масляная окраска металлических поверхностей: стальных балок, труб диаметром более 50 мм и т.п., количество окрасок 2 | C68: =Source!H125 -> 100 м2 | D68: =Source!I125 -> 0.065
A69: 49 | B69: =Source!G127 -> Наружная облицовка поверхности стен в горизонтальном исполнении по металлическому каркасу (с его устройством): металлосайдингом без пароизоляционного слоя | C69: =Source!H127 -> 100 м2 | D69: =Source!I127 -> 0.349
A70: 50 | B70: =Source!G130 -> Устройство плинтусов поливинилхлоридных: на винтах самонарезающих | C70: =Source!H130 -> 100 м | D70: =Source!I130 -> 0.136
A71: 51 | B71: =Source!G132 -> Установка входной группы алюминиевой остекленной в пол, двухстворчатой, утепленный профиль глубиной не менее 50мм (2 замка на двери главного входа, ручка-скоба, усиленная петля (3 шт.) с заполнением однокамерным стеклопакетом, RAL 9006) на 90° дверном полотне должна быть больше, либо фактическая ширина дверного проема при открытом равна 900мм (внутренняя) Стеклопакет класс защиты А2. | C71: =Source!H132 -> 100 м2 | D71: =Source!I132 -> 0.044
A72: 52 | B72: =Source!G137 -> Установка двери алюминиевой двухстворчатой остекленной в пол, холодный профиль (1 замок, ручка-скоба, усиленная петля (3 шт.) с заполнением однокамерным стеклопакетом, белый) фактическая ширина дверного проема при открытом на 90° дверном полотне должна быть больше, либо равна 900мм Стеклопакет класс защиты А2. | C72: =Source!H137 -> 100 м2 | D72: =Source!I137 -> 0.044
A73: 53 | B73: =Source!G142 -> Оклейка остекления дверей защитной пленкой класса защиты А2 | C73: =Source!H142 -> 100 м2 | D73: =Source!I142 -> 0.066
A74: 54 | B74: =Source!G144 -> Светильник: местного освещения/Монтаж | C74: =Source!H144 -> 100 ШТ | D74: =Source!I144 -> 0.02
A75: 55 | B75: =Source!G146 -> Монтаж табличек "Выход" ранее сохранённых | C75: =Source!H146 -> 100 ШТ | D75: =Source!I146 -> 0.01
A76: 56 | B76: =Source!G147 -> Монтаж датчиков охранных ранее сохранённых | C76: =Source!H147 -> ШТ | D76: =Source!I147 -> 3
A77: 57 | B77: =Source!G148 -> Монтаж урн ранее сохранённых | C77: =Source!H148 -> т | D77: =Source!I148 -> 0.007
A78: 58 | B78: =Source!G149 -> Светильник отдельно устанавливаемый: на подвесах (штангах) с количеством ламп в светильнике 2/Монтаж | C78: =Source!H149 -> 100 ШТ | D78: =Source!I149 -> 0.01
A79: 59 | B79: =Source!G151 -> Коробка ответвительная на стене/Монтаж | C79: =Source!H151 -> ШТ | D79: =Source!I151 -> 3
A80: 60 | B80: =Source!G153 -> Выключатель: одноклавишный неутопленного типа при открытой проводке/Монтаж | C80: =Source!H153 -> 100 ШТ | D80: =Source!I153 -> 0.03
A81: 61 | B81: =Source!G155 -> Монтаж тепловой завесы 3-х фазной 6 кВт с настенным пультом (в тамбуре) | C81: =Source!H155 -> ШТ | D81: =Source!I155 -> 1
A82: 62 | B82: =Source!G157 -> Труба гофрированная ПВХ для защиты проводов и кабелей по установленным конструкциям, по стенам, колоннам, потолкам, основанию пола/Монтаж | C82: =Source!H157 -> 100 м | D82: =Source!I157 -> 1.22
A83: 63 | B83: =Source!G160 -> Затягивание провода в проложенные трубы и металлические рукава первого одножильного или многожильного в общей оплетке, суммарное сечение: до 16 мм2 | C83: =Source!H160 -> 100 м | D83: =Source!I160 -> 1.22
A84: 64 | B84: =Source!G162 -> Установка АВДТ в щитовой на din-рейку | C84: =Source!H162 -> ШТ | D84: =Source!I162 -> 1
A85: 65 | B85: =Source!G164 -> Труба гофрированная ПВХ для защиты проводов и кабелей по установленным конструкциям, по стенам, колоннам, потолкам, основанию пола/Монтаж | C85: =Source!H164 -> 100 м | D85: =Source!I164 -> 0.1
A86: 66 | B86: =Source!G167 -> Затягивание провода в проложенные трубы и металлические рукава первого одножильного или многожильного в общей оплетке, суммарное сечение: до 6 мм2 | C86: =Source!H167 -> 100 м | D86: =Source!I167 -> 0.1
A87: 67 | B87: =Source!G169 -> Короба пластмассовые: шириной до 40 мм/Монтаж | C87: =Source!H169 -> 100 м | D87: =Source!I169 -> 0.72
A88: 68 | B88: =Source!G171 -> Провод в коробах, сечением: до 6 мм2/Монтаж | C88: =Source!H171 -> 100 м | D88: =Source!I171 -> 0.72
A89: 69 | B89: =Source!G174 -> Пробивка в кирпичных стенах отверстий круглых диаметром: до 25 мм при толщине стен до 51 см | C89: =Source!H174 -> 100 ШТ | D89: =Source!I174 -> 0.04
A90: 70 | B90: =Source!G175 -> Ремонт цоколя (ц/п смесь М300) | C90: =Source!H175 -> 100 м2 | D90: =Source!I175 -> 0.241
A91: 71 | B91: =Source!G177 -> Улучшенная штукатурка фасадов цементно-известковым раствором по камню: стен (цоколя) | C91: =Source!H177 -> 100 м2 | D91: =Source!I177 -> 0.241
A92: 72 | B92: =Source!G178 -> Окраска фасадов акриловыми составами: вручную с подготовкой поверхности (цоколя) | C92: =Source!H178 -> 100 м2 | D92: =Source!I178 -> 0.241
A93: 73 | B93: =Source!G181 -> Монтаж почтового ящика ранее демонтированного | C93: =Source!H181 -> ШТ | D93: =Source!I181 -> 1
A94: =CONCATENATE("Раздел: ", Source!G213) -> Раздел: Видеодомофон
A95: 74 | B95: =Source!G217 -> Монтаж видеодомофона | C95: =Source!H217 -> ШТ | D95: =Source!I217 -> 1
A96: 75 | B96: =Source!G219 -> Устройство второй вызывной панели | C96: =Source!H219 -> ШТ | D96: =Source!I219 -> 1
A97: 76 | B97: =Source!G221 -> Труба гофрированная ПВХ для защиты проводов и кабелей по установленным конструкциям, по стенам, колоннам, потолкам, основанию пола/Монтаж | C97: =Source!H221 -> 100 м | D97: =Source!I221 -> 0.5
A98: 77 | B98: =Source!G224 -> Затягивание провода в проложенные трубы и металлические рукава первого одножильного или многожильного в общей оплетке, суммарное сечение: до 6 мм2 | C98: =Source!H224 -> 100 м | D98: =Source!I224 -> 0.5
A99: 78 | B99: =Source!G226 -> Короба пластмассовые: шириной до 40 мм/Монтаж | C99: =Source!H226 -> 100 м | D99: =Source!I226 -> 0.105
A100: 79 | B100: =Source!G229 -> Провод в коробах, сечением: до 6 мм2/Монтаж | C100: =Source!H229 -> 100 м | D100: =Source!I229 -> 0.105
A101: 80 | B101: =Source!G231 -> Розетка штепсельная: неутопленного типа при открытой проводке/Монтаж | C101: =Source!H231 -> 100 ШТ | D101: =Source!I231 -> 0.01
A102: 81 | B102: =Source!G233 -> Пробивка в кирпичных стенах отверстий круглых диаметром: до 25 мм при толщине стен до 51 см | C102: =Source!H233 -> 100 ШТ | D102: =Source!I233 -> 0.02
A103: =CONCATENATE("Раздел: ", Source!G265) -> Раздел: Прочие работы
A104: 82 | B104: =Source!G269 -> Погрузочные работы при автомобильных перевозках мусора строительного с погрузкой вручную | C104: =Source!H269 -> 1 Т ГРУЗА | D104: =Source!I269 -> 3
A105: 83 | B105: =Source!G270 -> Перевозка грузов I класса автомобилями-самосвалами грузоподъемностью 10 т работающих вне карьера на расстояние: до 100 км | C105: =Source!H270 -> 1 Т ГРУЗА | D105: =Source!I270 -> 3
A108: Заказчик _________________ | C108: Подрядчик _________________

Sheet Source
A1: 0 | B1: Smeta.RU (495) 974-1589 | D1: _PS_ | F1: 0 | G1: 0 | H1: 0 | I1: Smeta.RU | K1: 1 | L1: 63834 | M1: 10 | N1: 11 | O1: 2 | P1: 0 | Q1: 3
A12: 1 | B12: 396 | C12: 0 | D12: =ROW(A332) -> 332 | E12: 0 | G12: ДС, 115582, г. Москва, Шипиловский проезд, дом 59, к.2, стр.2 | I12: 0 | K12: 0 | L12: 0 | M12: 2 | O12: 0 | P12: 0 | Q12: 0 | R12: 0 | T12: 1 | V12: 0 | BH12: Сметные нормы списания | BI12: Коды ценников | BJ12: 1 | BK12: 1 | BL12: 0 | BM12: 0 | BN12: 1 | BO12: 0 | BP12: 2 | BQ12: 2 | BR12: 1 | BS12: 1 | BT12: 0 | BU12: 0 | BV12: 0 | BW12: 0 | BX12: 0 | BY12: ФЕР-2020 И4 | BZ12: ТР для Версии 11: Центральные регионы (с уч. п-ма 2536-ИП/12/ГС от 27.11.12, 01/57049-ЮЛ от 27.04.2018) от 27.04.2020 г | CA12: ФЕР-2020 - изменения И4 | CB12: ФЕР-2020 - изменения И4 | CC12: ФЕР-2020 - изменения И4 | CD12: ФЕР-2020 - изменения И4 | CE12: Поправки для ГСН (ФЕР) 2020 от 20.10.2020 г И4 Капитальный ремонт | CF12: 0 | CG12: 0 | CH12: 917512 | CK12: 4 | EC12: 0
A15: 15 | B15: 1
A18: 52 | B18: =B332 -> 396 | C18: =C332 -> 1 | D18: =D332 -> 12 | E18: =E332 -> 0 | F18: =F332 | G18: =G332 -> ДС, 115582, г. Москва, Шипиловский проезд, дом 59, к.2, стр.2 | O18: =O332 -> 600427.43 | P18: =P332 -> 401321.06 | Q18: =Q332 -> 11489.84 | R18: =R332 -> 4308.3 | S18: =S332 -> 187616.53 | T18: =T332 -> 0 | U18: =U332 -> 609.03862 | V18: =V332 -> 10.676121 | ... GX18: =GX332 -> 0
A20: 3 | B20: 1 | D20: =ROW(A302) -> 302 | F20: Новая локальная смета | G20: Новая локальная смета | I20: 0 | K20: 0 | S20: 0 | V20: 0 | BX20: 0 | CF20: 0 | CG20: 0
A22: 52 | B22: =B302 -> 1 | C22: =C302 -> 3 | D22: =D302 -> 20 | E22: =E302 -> 0 | F22: =F302 -> Новая локальная смета | G22: =G302 -> Новая локальная смета | O22: =O302 -> 600427.43 | P22: =P302 -> 401321.06 | Q22: =Q302 -> 11489.84 | R22: =R302 -> 4308.3 | S22: =S302 -> 187616.53 | T22: =T302 -> 0 | U22: =U302 -> 609.03862 | V22: =V302 -> 10.676121 | ... GX22: =GX302 -> 0
A24: 4 | B24: 1 | D24: =ROW(A183) -> 183 | F24: Новый раздел | G24: Общестроительные работы | I24: 0 | K24: 0 | S24: 0 | V24: 0 | BX24: 0 | CJ24: 0
A26: 52 | B26: =B183 -> 1 | C26: =C183 -> 4 | D26: =D183 -> 24 | E26: =E183 -> 0 | F26: =F183 -> Новый раздел | G26: =G183 -> Общестроительные работы | O26: =O183 -> 577695.47 | P26: =P183 -> 387467.76 | Q26: =Q183 -> 11372.23 | R26: =R183 -> 4294.66 | S26: =S183 -> 178855.48 | T26: =T183 -> 0 | U26: =U183 -> 581.09348 | V26: =V183 -> 10.644193 | ... GX26: =GX183 -> 0
A28: 19 | B28: 1 | G28: Демонтажные работы | AA28: 1 | IK28: 0
A29: 17 | B29: 1 | C29: =ROW(SmtRes!A8) -> 8 | D29: =ROW(EtalonRes!A8) -> 8 | E29: 1 | F29: м08-03-593-10 | G29: Демонтаж табличек "Выход" с сохранением | H29: 100 ШТ | I29: =ROUND(1/100,5) -> 0.01 | J29: 0 | O29: =ROUND(CP29,2) -> 215.42 | P29: =ROUND(CQ29*I29,2) -> 0 | Q29: =ROUND(CR29*I29,2) -> 3 | R29: =ROUND(CS29*I29,2) -> 1.37 | S29: =ROUND(CT29*I29,2) -> 212.42 | T29: =ROUND(CU29*I29,2) -> 0 | U29: =CV29*I29 -> 0.636336 | V29: =CW29*I29 -> 0.00324 | W29: =ROUND(CX29*I29,2) -> 0 | X29: =ROUND(CY29,2) -> 203.1 | Y29: =ROUND(CZ29,2) -> 138.96 | AA29: 68990560 | AB29: =ROUND((AC29+AD29+AF29),2) -> 660.59 | AC29: =ROUND(((ES29*0)),2) -> 0 | AD29: =ROUND((((((ET29*1.35)*0.6))-(((EU29*1.35)*0.6)))+AE29),2) -> 29.34 | AE29: =ROUND((((EU29*1.35)*0.6)),2) -> 4.07 | AF29: =ROUND((((EV29*1.35)*0.6)),2) -> 631.25 | AG29: =ROUND((AP29),2) -> 0 | AH29: =(((EW29*1.35)*0.6)) -> 63.6336 | AI29: =(((EX29*1.35)*0.6)) -> 0.324 | AJ29: =(AS29) -> 0 | AK29: 1335.94 | AL29: 520.4 | AM29: 36.22 | AN29: 5.02 | AO29: 779.32 | AP29: 0 | AQ29: 78.56 | AR29: 0.4 | AS29: 0 | AT29: 95 | AU29: 65 | AV29: 1 | AW29: 1 | AZ29: 1 | BA29: 33.65 | BB29: 10.22 | BC29: 6.11 | BH29: 0 | BI29: 2 | BJ29: ФЕРм-2001, м08-03-593-10, приказ Минстроя России № 876/пр от 26.12.2019 | BM29: 108001 | BN29: 0 | BO29: м08-03-593-10 | BP29: 1 | BQ29: 3 | BR29: 0 | BS29: 33.65 | BT29: 1 | BU29: 1 | BV29: 1 | BW29: 1 | BX29: 1 | BZ29: 95 | CA29: 65 | CE29: 0 | CF29: 0 | CG29: 0 | CM29: 0 | CN29: Поправка: Мет.421/пр 04.08.20 Пр.10 Т.3 п. 1.2 Наименование: Производство ремонтно-строительных работ осуществляется в помещениях эксплуатируемого объекта капитального строительства без остановки рабочего процесса, при этом: в зоне производства ремонтно-строительных работ имеются действующее технологическое или лабораторное оборудование, мебель и иные загромождающие помещения предметы Поправка: МР 519/пр Табл.3, п.2 Наименование: Демонтаж: Оборудование, пригодное для дальнейшего использования, со снятием с места установки, необходимой (частичной) разборкой без надобности хранения (перемещается на другое место установки и т.п.) | CO29: 0 | CP29: =(P29+Q29+S29) -> 215.42 | CQ29: =AC29*BC29 -> 0 | CR29: =AD29*BB29 -> 299.8548 | CS29: =AE29*BS29 -> 136.9555 | CT29: =AF29*BA29 -> 21241.562 | CU29: =AG29 -> 0 | CV29: =AH29 -> 63.6336 | CW29: =AI29 -> 0.324 | CX29: =AJ29 -> 0 | CY29: =(((S29+R29)*AT29)/100) -> 203.1005 | CZ29: =(((S29+R29)*AU29)/100) -> 138.9635 | DD29: )*0 | DE29: )*1,35)*0,6 | DF29: )*1,35)*0,6 | DG29: )*1,35)*0,6 | DI29: )*1,35)*0,6 | DJ29: )*1,35)*0,6 | DN29: 0 | DO29: 0 | DP29: 1 | DQ29: 1 | DU29: 1013 | DV29: 100 ШТ | DW29: 100 ШТ | DX29: 1 | EE29: 64094909 | EF29: 3 | EG29: Монтажные работы | EH29: 0 | EJ29: 2 | EK29: 108001 | EL29: Электромонтажные работы , отдел 01-03 : ( на АЭС НР = 110% ) - (работы по упр. авиа.- движением: СП=55% ( {АВИА}=1; обычные работы : СП=65 - {AВИА}=0), при работе на АЭС СП= 68% ) | EM29: мФЕР-08 | EO29: Поправка: Мет.421/пр 04.08.20 Пр.10 Т.3 п. 1.2 Поправка: МР 519/пр Табл.3, п.2 | EQ29: 0 | ER29: 1335.94 | ES29: 520.4 | ET29: 36.22 | EU29: 5.02 | EV29: 779.32 | EW29: 78.56 | EX29: 0.4 | EY29: 0 | FQ29: 0 | FR29: =ROUND(IF(AND(BH29=3,BI29=3),P29,0),2) -> 0 | FS29: 0 | FX29: 95 | FY29: 65 | GD29: 1 | GF29: -531955822 | GG29: 2 | GH29: 1 | GI29: 2 | GJ29: 0 | GK29: 0 | GL29: =ROUND(IF(AND(BH29=3,BI29=3,FS29<>0),P29,0),2) -> 0 | GM29: =ROUND(O29+X29+Y29,2)+GX29 -> 557.48 | GN29: =IF(OR(BI29=0,BI29=1),ROUND(O29+X29+Y29,2),0) -> 0 | GO29: =IF(BI29=2,ROUND(O29+X29+Y29,2),0) -> 557.48 | GP29: =IF(BI29=4,ROUND(O29+X29+Y29,2)+GX29,0) -> 0 | GR29: 0 | GS29: 3 | GT29: 0 | GV29: =ROUND((GT29),2) -> 0 | GW29: 1 | GX29: =ROUND(HC29*I29,2) -> 0 | HA29: 0 | HB29: 0 | HC29: =GV29*GW29 -> 0 | IK29: 0
A30: 17 | B30: 1 | C30: =ROW(SmtRes!A15) -> 15 | D30: =ROW(EtalonRes!A15) -> 15 | E30: 2 | F30: м10-08-002-04 | G30: Демонтаж датчиков охранных с сохранением для последующего монтажа | H30: ШТ | I30: =ROUND(3,5) -> 3 | J30: 0 | O30: =ROUND(CP30,2) -> 660.21 | P30: =ROUND(CQ30*I30,2) -> 0 | Q30: =ROUND(CR30*I30,2) -> 0 | R30: =ROUND(CS30*I30,2) -> 0 | S30: =ROUND(CT30*I30,2) -> 660.21 | T30: =ROUND(CU30*I30,2) -> 0 | U30: =CV30*I30 -> 2.0412 | V30: =CW30*I30 -> 0 | W30: =ROUND(CX30*I30,2) -> 0 | X30: =ROUND(CY30,2) -> 528.17 | Y30: =ROUND(CZ30,2) -> 396.13 | AA30: 68990560 | AB30: =ROUND((AC30+AD30+AF30),2) -> 6.54 | AC30: =ROUND(((ES30*0)),2) -> 0 | AD30: =ROUND((((((ET30*1.35)*0.6))-(((EU30*1.35)*0.6)))+AE30),2) -> 0 | AE30: =ROUND((((EU30*1.35)*0.6)),2) -> 0 | AF30: =ROUND((((EV30*1.35)*0.6)),2) -> 6.54 | AG30: =ROUND((AP30),2) -> 0 | AH30: =(((EW30*1.35)*0.6)) -> 0.6804 | AI30: =(((EX30*1.35)*0.6)) -> 0 | AJ30: =(AS30) -> 0 | AK30: 9.96 | AL30: 1.88 | AM30: 0 | AN30: 0 | AO30: 8.08 | AP30: 0 | AQ30: 0.84 | AR30: 0 | AS30: 0 | AT30: 80 | AU30: 60 | AV30: 1 | AW30: 1 | AZ30: 1 | BA30: 33.65 | BB30: 1 | BC30: 8.51 | BH30: 0 | BI30: 2 | BJ30: ФЕРм-2001, м10-08-002-04, приказ Минстроя России № 876/пр от 26.12.2019 | BM30: 110011 | BN30: 0 | BO30: м10-08-002-04 | BP30: 1 | BQ30: 3 | BR30: 0 | BS30: 33.65 | BT30: 1 | BU30: 1 | BV30: 1 | BW30: 1 | BX30: 1 | BZ30: 80 | CA30: 60 | CE30: 0 | CF30: 0 | CG30: 0 | CM30: 0 | CN30: Поправка: Мет.421/пр 04.08.20 Пр.10 Т.3 п. 1.2 Наименование: Производство ремонтно-строительных работ осуществляется в помещениях эксплуатируемого объекта капитального строительства без остановки рабочего процесса, при этом: в зоне производства ремонтно-строительных работ имеются действующее технологическое или лабораторное оборудование, мебель и иные загромождающие помещения предметы Поправка: МР 519/пр Табл.3, п.2 Наименование: Демонтаж: Оборудование, пригодное для дальнейшего использования, со снятием с места установки, необходимой (частичной) разборкой без надобности хранения (перемещается на другое место установки и т.п.) | CO30: 0 | CP30: =(P30+Q30+S30) -> 660.21 | CQ30: =AC30*BC30 -> 0 | CR30: =AD30*BB30 -> 0 | CS30: =AE30*BS30 -> 0 | CT30: =AF30*BA30 -> 220.071 | CU30: =AG30 -> 0 | CV30: =AH30 -> 0.6804 | CW30: =AI30 -> 0 | CX30: =AJ30 -> 0 | CY30: =(((S30+R30)*AT30)/100) -> 528.168 | CZ30: =(((S30+R30)*AU30)/100) -> 396.126 | DD30: )*0 | DE30: )*1,35)*0,6 | DF30: )*1,35)*0,6 | DG30: )*1,35)*0,6 | DI30: )*1,35)*0,6 | DJ30: )*1,35)*0,6 | DN30: 0 | DO30: 0 | DP30: 1 | DQ30: 1 | DU30: 1013 | DV30: ШТ | DW30: ШТ | DX30: 1 | EE30: 64094956 | EF30: 3 | EG30: Монтажные работы | EH30: 0 | EJ30: 2 | EK30: 110011 | EL30: Связь: пожарно-охранная сигнализация и пром. телевиз. установки ( отделы 8 и 9 ) (при устройстве средств посадки самолетов : НР=95%, СП=55% - {АВИА}=1) | EM30: мФЕР-10 | EO30: Поправка: Мет.421/пр 04.08.20 Пр.10 Т.3 п. 1.2 Поправка: МР 519/пр Табл.3, п.2 | EQ30: 0 | ER30: 9.96 | ES30: 1.88 | ET30: 0 | EU30: 0 | EV30: 8.08 | EW30: 0.84 | EX30: 0 | EY30: 0 | FQ30: 0 | FR30: =ROUND(IF(AND(BH30=3,BI30=3),P30,0),2) -> 0 | FS30: 0 | FX30: 80 | FY30: 60 | GD30: 1 | GF30: 317115444 | GG30: 2 | GH30: 1 | GI30: 2 | GJ30: 0 | GK30: 0 | GL30: =ROUND(IF(AND(BH30=3,BI30=3,FS30<>0),P30,0),2) -> 0 | GM30: =ROUND(O30+X30+Y30,2)+GX30 -> 1584.51 | GN30: =IF(OR(BI30=0,BI30=1),ROUND(O30+X30+Y30,2),0) -> 0 | GO30: =IF(BI30=2,ROUND(O30+X30+Y30,2),0) -> 1584.51 | GP30: =IF(BI30=4,ROUND(O30+X30+Y30,2)+GX30,0) -> 0 | GR30: 0 | GS30: 3 | GT30: 0 | GV30: =ROUND((GT30),2) -> 0 | GW30: 1 | GX30: =ROUND(HC30*I30,2) -> 0 | HA30: 0 | HB30: 0 | HC30: =GV30*GW30 -> 0 | IK30: 0
A31: 17 | B31: 1 | C31: =ROW(SmtRes!A18) -> 18 | D31: =ROW(EtalonRes!A18) -> 18 | E31: 3 | F31: 65-30-3 | G31: Разборка воздуховодов из листовой стали толщиной: до 0,9 мм диаметром/периметром до 495 мм /1550 мм | H31: 100 м2 | I31: =ROUND(2/100,5) -> 0.02 | J31: 0 | O31: =ROUND(CP31,2) -> 159.87 | P31: =ROUND(CQ31*I31,2) -> 0 | Q31: =ROUND(CR31*I31,2) -> 8.03 | R31: =ROUND(CS31*I31,2) -> 7.84 | S31: =ROUND(CT31*I31,2) -> 151.84 | T31: =ROUND(CU31*I31,2) -> 0 | U31: =CV31*I31 -> 0.529 | V31: =CW31*I31 -> 0.01725 | W31: =ROUND(CX31*I31,2) -> 0 | X31: =ROUND(CY31,2) -> 118.16 | Y31: =ROUND(CZ31,2) -> 79.84 | AA31: 68990560 | AB31: =ROUND((AC31+AD31+AF31),2) -> 252.59 | AC31: =ROUND((ES31),2) -> 0 | AD31: =ROUND(((((ET31*1.15))-((EU31*1.15)))+AE31),2) -> 26.97 | AE31: =ROUND(((EU31*1.15)),2) -> 11.65 | AF31: =ROUND(((EV31*1.15)),2) -> 225.62 | AG31: =ROUND((AP31),2) -> 0 | AH31: =((EW31*1.15)) -> 26.45 | AI31: =((EX31*1.15)) -> 0.8625 | AJ31: =(AS31) -> 0 | AK31: 219.64 | AL31: 0 | AM31: 23.45 | AN31: 10.13 | AO31: 196.19 | AP31: 0 | AQ31: 23 | AR31: 0.75 | AS31: 0 | AT31: 74 | AU31: 50 | AV31: 1 | AW31: 1 | AZ31: 1 | BA31: 33.65 | BB31: 14.88 | BC31: 1 | BH31: 0 | BI31: 1 | BJ31: ФЕРр-2001, 65-30-3, приказ Минстроя России № 876/пр от 26.12.2019 | BM31: 65005 | BN31: 0 | BO31: 65-30-3 | BP31: 1 | BQ31: 6 | BR31: 0 | BS31: 33.65 | BT31: 1 | BU31: 1 | BV31: 1 | BW31: 1 | BX31: 1 | BZ31: 74 | CA31: 50 | CE31: 0 | CF31: 0 | CG31: 0 | CM31: 0 | CN31: Поправка: Мет.421/пр 04.08.20 Пр.10 Т.3 п. 1.2 Наименование: Производство ремонтно-строительных работ осуществляется в помещениях эксплуатируемого объекта капитального строительства без остановки рабочего процесса, при этом: в зоне производства ремонтно-строительных работ имеются действующее технологическое или лабораторное оборудование, мебель и иные загромождающие помещения предметы | CO31: 0 | CP31: =(P31+Q31+S31) -> 159.87 | CQ31: =AC31*BC31 -> 0 | CR31: =AD31*BB31 -> 401.3136 | CS31: =AE31*BS31 -> 392.0225 | CT31: =AF31*BA31 -> 7592.113 | CU31: =AG31 -> 0 | CV31: =AH31 -> 26.45 | CW31: =AI31 -> 0.8625 | CX31: =AJ31 -> 0 | CY31: =(((S31+R31)*AT31)/100) -> 118.1632 | CZ31: =(((S31+R31)*AU31)/100) -> 79.84 | DE31: )*1,15 | DF31: )*1,15 | DG31: )*1,15 | DI31: )*1,15 | DJ31: )*1,15 | DN31: 0 | DO31: 0 | DP31: 1 | DQ31: 1 | DU31: 1005 | DV31: 100 м2 | DW31: 100 м2 | DX31: 100 | EE31: 64095123 | EF31: 6 | EG31: Ремонтно-строительные работы | EH31: 0 | EJ31: 1 | EK31: 65005 | EL31: Внтуренниие с/техработы: демонтаж, разборка, промывка | EM31: рФЕР-65 | EO31: Поправка: Мет.421/пр 04.08.20 Пр.10 Т.3 п. 1.2 | EQ31: 0 | ER31: 219.64 | ES31: 0 | ET31: 23.45 | EU31: 10.13 | EV31: 196.19 | EW31: 23 | EX31: 0.75 | EY31: 0 | FQ31: 0 | FR31: =ROUND(IF(AND(BH31=3,BI31=3),P31,0),2) -> 0 | FS31: 0 | FX31: 74 | FY31: 50 | GD31: 1 | GF31: 1075230502 | GG31: 2 | GH31: 1 | GI31: 2 | GJ31: 0 | GK31: 0 | GL31: =ROUND(IF(AND(BH31=3,BI31=3,FS31<>0),P31,0),2) -> 0 | GM31: =ROUND(O31+X31+Y31,2)+GX31 -> 357.87 | GN31: =IF(OR(BI31=0,BI31=1),ROUND(O31+X31+Y31,2),0) -> 357.87 | GO31: =IF(BI31=2,ROUND(O31+X31+Y31,2),0) -> 0 | GP31: =IF(BI31=4,ROUND(O31+X31+Y31,2)+GX31,0) -> 0 | GR31: 0 | GS31: 3 | GT31: 0 | GV31: =ROUND((GT31),2) -> 0 | GW31: 1 | GX31: =ROUND(HC31*I31,2) -> 0 | HA31: 0 | HB31: 0 | HC31: =GV31*GW31 -> 0 | IK31: 0
A32: 17 | B32: 1 | C32: =ROW(SmtRes!A25) -> 25 | D32: =ROW(EtalonRes!A27) -> 27 | E32: 4 | F32: 09-04-012-01 | G32: Демонтаж входной группы металлической | H32: м2 | I32: =ROUND(4.2,5) -> 4.2 | J32: 0 | O32: =ROUND(CP32,2) -> 3767.42 | P32: =ROUND(CQ32*I32,2) -> 0 | Q32: =ROUND(CR32*I32,2) -> 587.49 | R32: =ROUND(CS32*I32,2) -> 262.87 | S32: =ROUND(CT32*I32,2) -> 3179.93 | T32: =ROUND(CU32*I32,2) -> 0 | U32: =CV32*I32 -> 9.5256 | V32: =CW32*I32 -> 0.67473 | W32: =ROUND(CX32*I32,2) -> 0 | X32: =ROUND(CY32,2) -> 2788.67 | Y32: =ROUND(CZ32,2) -> 2478.82 | AA32: 68990560 | AB32: =ROUND((AC32+AD32+AF32),2) -> 36.12 | AC32: =ROUND(((ES32*0)),2) -> 0 | AD32: =ROUND((((((ET32*1.35)*0.7))-(((EU32*1.35)*0.7)))+AE32),2) -> 13.62 | AE32: =ROUND((((EU32*1.35)*0.7)),2) -> 1.86 | AF32: =ROUND((((EV32*1.35)*0.7)),2) -> 22.5 | AG32: =ROUND((AP32),2) -> 0 | AH32: =(((EW32*1.35)*0.7)) -> 2.268 | AI32: =(((EX32*1.35)*0.7)) -> 0.16065 | AJ32: =(AS32) -> 0 | AK32: 63.94 | AL32: 25.72 | AM32: 14.41 | AN32: 1.97 | AO32: 23.81 | AP32: 0 | AQ32: 2.4 | AR32: 0.17 | AS32: 0 | AT32: 81 | AU32: 72 | AV32: 1 | AW32: 1 | AZ32: 1 | BA32: 33.65 | BB32: 10.27 | BC32: 6.78 | BH32: 0 | BI32: 1 | BJ32: ФЕР-2001, 09-04-012-01, приказ Минстроя России № 876/пр от 26.12.2019 | BM32: 9001 | BN32: 0 | BO32: 09-04-012-01 | BP32: 1 | BQ32: 2 | BR32: 0 | BS32: 33.65 | BT32: 1 | BU32: 1 | BV32: 1 | BW32: 1 | BX32: 1 | BZ32: 90 | CA32: 85 | CE32: 0 | CF32: 0 | CG32: 0 | CM32: 0 | CN32: Поправка: Мет.421/пр 04.08.20 Пр.10 Т.3 п. 1.2 Наименование: Производство ремонтно-строительных работ осуществляется в помещениях эксплуатируемого объекта капитального строительства без остановки рабочего процесса, при этом: в зоне производства ремонтно-строительных работ имеются действующее технологическое или лабораторное оборудование, мебель и иные загромождающие помещения предметы Поправка: Прил. 9.3, п.5 Наименование: Разборка (демонтаж) металлических конструкций | CO32: 0 | CP32: =(P32+Q32+S32) -> 3767.42 | CQ32: =AC32*BC32 -> 0 | CR32: =AD32*BB32 -> 139.8774 | CS32: =AE32*BS32 -> 62.589 | CT32: =AF32*BA32 -> 757.125 | CU32: =AG32 -> 0 | CV32: =AH32 -> 2.268 | CW32: =AI32 -> 0.16065 | CX32: =AJ32 -> 0 | CY32: =(((S32+R32)*AT32)/100) -> 2788.668 | CZ32: =(((S32+R32)*AU32)/100) -> 2478.816 | DD32: )*0 | DE32: )*1,35)*0,7 | DF32: )*1,35)*0,7 | DG32: )*1,35)*0,7 | DI32: )*1,35)*0,7 | DJ32: )*1,35)*0,7 | DN32: 0 | DO32: 0 | DP32: 1 | DQ32: 1 | DU32: 1005 | DV32: м2 | DW32: м2 | DX32: 1 | EE32: 64095025 | EF32: 2 | EG32: Общестроительные работы | EH32: 0 | EJ32: 1 | EK32: 9001 | EL32: Металлические конструкции | EM32: ФЕР-09 | EO32: Поправка: Мет.421/пр 04.08.20 Пр.10 Т.3 п. 1.2 Поправка: Прил. 9.3, п.5 | EQ32: 0 | ER32: 63.94 | ES32: 25.72 | ET32: 14.41 | EU32: 1.97 | EV32: 23.81 | EW32: 2.4 | EX32: 0.17 | EY32: 0 | FQ32: 0 | FR32: =ROUND(IF(AND(BH32=3,BI32=3),P32,0),2) -> 0 | FS32: 0 | FT32: *0,9 | FU32: *0,85 | FX32: 81 | FY32: 72.25 | GD32: 1 | GF32: 134378973 | GG32: 2 | GH32: 1 | GI32: 2 | GJ32: 0 | GK32: 0 | GL32: =ROUND(IF(AND(BH32=3,BI32=3,FS32<>0),P32,0),2) -> 0 | GM32: =ROUND(O32+X32+Y32,2)+GX32 -> 9034.91 | GN32: =IF(OR(BI32=0,BI32=1),ROUND(O32+X32+Y32,2),0) -> 9034.91 | GO32: =IF(BI32=2,ROUND(O32+X32+Y32,2),0) -> 0 | GP32: =IF(BI32=4,ROUND(O32+X32+Y32,2)+GX32,0) -> 0 | GR32: 0 | GS32: 3 | GT32: 0 | GV32: =ROUND((GT32),2) -> 0 | GW32: 1 | GX32: =ROUND(HC32*I32,2) -> 0 | HA32: 0 | HB32: 0 | HC32: =GV32*GW32 -> 0 | IK32: 0
A33: 17 | B33: 1 | C33: =ROW(SmtRes!A31) -> 31 | D33: =ROW(EtalonRes!A34) -> 34 | E33: 5 | F33: 09-03-046-03 | G33: Демонтаж металлического тамбура с остеклением | H33: 100 м2 | I33: =ROUND(8.44/100,5) -> 0.0844 | J33: 0 | O33: =ROUND(CP33,2) -> 1216.66 | P33: =ROUND(CQ33*I33,2) -> 0 | Q33: =ROUND(CR33*I33,2) -> 38.97 | R33: =ROUND(CS33*I33,2) -> 17.47 | S33: =ROUND(CT33*I33,2) -> 1177.69 | T33: =ROUND(CU33*I33,2) -> 0 | U33: =CV33*I33 -> 3.8124324 | V33: =CW33*I33 -> 0.04067658 | W33: =ROUND(CX33*I33,2) -> 0 | X33: =ROUND(CY33,2) -> 968.08 | Y33: =ROUND(CZ33,2) -> 860.52 | AA33: 68990560 | AB33: =ROUND((AC33+AD33+AF33),2) -> 460.89 | AC33: =ROUND(((ES33*0)),2) -> 0 | AD33: =ROUND((((((ET33*1.35)*0.7))-(((EU33*1.35)*0.7)))+AE33),2) -> 46.22 | AE33: =ROUND((((EU33*1.35)*0.7)),2) -> 6.15 | AF33: =ROUND((((EV33*1.35)*0.7)),2) -> 414.67 | AG33: =ROUND((AP33),2) -> 0 | AH33: =(((EW33*1.35)*0.7)) -> 45.171 | AI33: =(((EX33*1.35)*0.7)) -> 0.48195 | AJ33: =(AS33) -> 0 | AK33: 775.46 | AL33: 287.75 | AM33: 48.91 | AN33: 6.51 | AO33: 438.8 | AP33: 0 | AQ33: 47.8 | AR33: 0.51 | AS33: 0 | AT33: 81 | AU33: 72 | AV33: 1 | AW33: 1 | AZ33: 1 | BA33: 33.65 | BB33: 9.99 | BC33: 5.4 | BH33: 0 | BI33: 1 | BJ33: ФЕР-2001, 09-03-046-03, приказ Минстроя России № 876/пр от 26.12.2019 | BM33: 9001 | BN33: 0 | BO33: 09-03-046-03 | BP33: 1 | BQ33: 2 | BR33: 0 | BS33: 33.65 | BT33: 1 | BU33: 1 | BV33: 1 | BW33: 1 | BX33: 1 | BZ33: 90 | CA33: 85 | CE33: 0 | CF33: 0 | CG33: 0 | CM33: 0 | CN33: Поправка: Мет.421/пр 04.08.20 Пр.10 Т.3 п. 1.2 Наименование: Производство ремонтно-строительных работ осуществляется в помещениях эксплуатируемого объекта капитального строительства без остановки рабочего процесса, при этом: в зоне производства ремонтно-строительных работ имеются действующее технологическое или лабораторное оборудование, мебель и иные загромождающие помещения предметы Поправка: Прил. 9.3, п.5 Наименование: Разборка (демонтаж) металлических конструкций | CO33: 0 | CP33: =(P33+Q33+S33) -> 1216.66 | CQ33: =AC33*BC33 -> 0 | CR33: =AD33*BB33 -> 461.7378 | CS33: =AE33*BS33 -> 206.9475 | CT33: =AF33*BA33 -> 13953.646 | CU33: =AG33 -> 0 | CV33: =AH33 -> 45.171 | CW33: =AI33 -> 0.48195 | CX33: =AJ33 -> 0 | CY33: =(((S33+R33)*AT33)/100) -> 968.0796 | CZ33: =(((S33+R33)*AU33)/100) -> 860.5152 | DD33: )*0 | DE33: )*1,35)*0,7 | DF33: )*1,35)*0,7 | DG33: )*1,35)*0,7 | DI33: )*1,35)*0,7 | DJ33: )*1,35)*0,7 | DN33: 0 | DO33: 0 | DP33: 1 | DQ33: 1 | DU33: 1005 | DV33: 100 м2 | DW33: 100 м2 | DX33: 100 | EE33: 64095025 | EF33: 2 | EG33: Общестроительные работы | EH33: 0 | EJ33: 1 | EK33: 9001 | EL33: Металлические конструкции | EM33: ФЕР-09 | EO33: Поправка: Мет.421/пр 04.08.20 Пр.10 Т.3 п. 1.2 Поправка: Прил. 9.3, п.5 | EQ33: 0 | ER33: 775.46 | ES33: 287.75 | ET33: 48.91 | EU33: 6.51 | EV33: 438.8 | EW33: 47.8 | EX33: 0.51 | EY33: 0 | FQ33: 0 | FR33: =ROUND(IF(AND(BH33=3,BI33=3),P33,0),2) -> 0 | FS33: 0 | FT33: *0,9 | FU33: *0,85 | FX33: 81 | FY33: 72.25 | GD33: 1 | GF33: 582212966 | GG33: 2 | GH33: 1 | GI33: 2 | GJ33: 0 | GK33: 0 | GL33: =ROUND(IF(AND(BH33=3,BI33=3,FS33<>0),P33,0),2) -> 0 | GM33: =ROUND(O33+X33+Y33,2)+GX33 -> 3045.26 | GN33: =IF(OR(BI33=0,BI33=1),ROUND(O33+X33+Y33,2),0) -> 3045.26 | GO33: =IF(BI33=2,ROUND(O33+X33+Y33,2),0) -> 0 | GP33: =IF(BI33=4,ROUND(O33+X33+Y33,2)+GX33,0) -> 0 | GR33: 0 | GS33: 3 | GT33: 0 | GV33: =ROUND((GT33),2) -> 0 | GW33: 1 | GX33: =ROUND(HC33*I33,2) -> 0 | HA33: 0 | HB33: 0 | HC33: =GV33*GW33 -> 0 | IK33: 0
A34: 17 | B34: 1 | C34: =ROW(SmtRes!A34) -> 34 | D34: =ROW(EtalonRes!A37) -> 37 | E34: 6 | F34: 46-04-012-03 | G34: Разборка деревянных заполнений проемов: дверных и воротных | H34: 100 м2 | I34: =ROUND(4.4/100,5) -> 0.044 | J34: 0 | O34: =ROUND(CP34,2) -> 1437.73 | P34: =ROUND(CQ34*I34,2) -> 0 | Q34: =ROUND(CR34*I34,2) -> 182.17 | R34: =ROUND(CS34*I34,2) -> 177.91 | S34: =ROUND(CT34*I34,2) -> 1255.56 | T34: =ROUND(CU34*I34,2) -> 0 | U34: =CV34*I34 -> 4.61219 | V34: =CW34*I34 -> 0.391644 | W34: =ROUND(CX34*I34,2) -> 0 | X34: =ROUND(CY34,2) -> 1419.14 | Y34: =ROUND(CZ34,2) -> 860.08 | AA34: 68990560 | AB34: =ROUND((AC34+AD34+AF34),2) -> 1126.25 | AC34: =ROUND((ES34),2) -> 0 | AD34: =ROUND(((((ET34*1.15))-((EU34*1.15)))+AE34),2) -> 278.24 | AE34: =ROUND(((EU34*1.15)),2) -> 120.16 | AF34: =ROUND(((EV34*1.15)),2) -> 848.01 | AG34: =ROUND((AP34),2) -> 0 | AH34: =((EW34*1.15)) -> 104.8225 | AI34: =((EX34*1.15)) -> 8.901 | AJ34: =(AS34) -> 0 | AK34: 979.35 | AL34: 0 | AM34: 241.95 | AN34: 104.49 | AO34: 737.4 | AP34: 0 | AQ34: 91.15 | AR34: 7.74 | AS34: 0 | AT34: 99 | AU34: 60 | AV34: 1 | AW34: 1 | AZ34: 1 | BA34: 33.65 | BB34: 14.88 | BC34: 1 | BH34: 0 | BI34: 1 | BJ34: ФЕР-2001, 46-04-012-03, приказ Минстроя России № 876/пр от 26.12.2019 | BM34: 46001 | BN34: 0 | BO34: 46-04-012-03 | BP34: 1 | BQ34: 2 | BR34: 0 | BS34: 33.65 | BT34: 1 | BU34: 1 | BV34: 1 | BW34: 1 | BX34: 1 | BZ34: 110 | CA34: 70 | CE34: 0 | CF34: 0 | CG34: 0 | CM34: 0 | CN34: Поправка: Мет.421/пр 04.08.20 Пр.10 Т.3 п. 1.2 Наименование: Производство ремонтно-строительных работ осуществляется в помещениях эксплуатируемого объекта капитального строительства без остановки рабочего процесса, при этом: в зоне производства ремонтно-строительных работ имеются действующее технологическое или лабораторное оборудование, мебель и иные загромождающие помещения предметы | CO34: 0 | CP34: =(P34+Q34+S34) -> 1437.73 | CQ34: =AC34*BC34 -> 0 | CR34: =AD34*BB34 -> 4140.2112 | CS34: =AE34*BS34 -> 4043.384 | CT34: =AF34*BA34 -> 28535.536 | CU34: =AG34 -> 0 | CV34: =AH34 -> 104.8225 | CW34: =AI34 -> 8.901 | CX34: =AJ34 -> 0 | CY34: =(((S34+R34)*AT34)/100) -> 1419.1353 | CZ34: =(((S34+R34)*AU34)/100) -> 860.082 | DE34: )*1,15 | DF34: )*1,15 | DG34: )*1,15 | DI34: )*1,15 | DJ34: )*1,15 | DN34: 0 | DO34: 0 | DP34: 1 | DQ34: 1 | DU34: 1005 | DV34: 100 м2 | DW34: 100 м2 | DX34: 100 | EE34: 64095094 | EF34: 2 | EG34: Общестроительные работы | EH34: 0 | EJ34: 1 | EK34: 46001 | EL34: Реконструкция зданий и сооружений | EM34: ФЕР-46 | EO34: Поправка: Мет.421/пр 04.08.20 Пр.10 Т.3 п. 1.2 | EQ34: 0 | ER34: 979.35 | ES34: 0 | ET34: 241.95 | EU34: 104.49 | EV34: 737.4 | EW34: 91.15 | EX34: 7.74 | EY34: 0 | FQ34: 0 | FR34: =ROUND(IF(AND(BH34=3,BI34=3),P34,0),2) -> 0 | FS34: 0 | FT34: *0,9 | FU34: *0,85 | FX34: 99 | FY34: 59.5 | GD34: 1 | GF34: 299657773 | GG34: 2 | GH34: 1 | GI34: 2 | GJ34: 0 | GK34: 0 | GL34: =ROUND(IF(AND(BH34=3,BI34=3,FS34<>0),P34,0),2) -> 0 | GM34: =ROUND(O34+X34+Y34,2)+GX34 -> 3716.95 | GN34: =IF(OR(BI34=0,BI34=1),ROUND(O34+X34+Y34,2),0) -> 3716.95 | GO34: =IF(BI34=2,ROUND(O34+X34+Y34,2),0) -> 0 | GP34: =IF(BI34=4,ROUND(O34+X34+Y34,2)+GX34,0) -> 0 | GR34: 0 | GS34: 3 | GT34: 0 | GV34: =ROUND((GT34),2) -> 0 | GW34: 1 | GX34: =ROUND(HC34*I34,2) -> 0 | HA34: 0 | HB34: 0 | HC34: =GV34*GW34 -> 0 | IK34: 0
A35: 17 | B35: 1 | C35: =ROW(SmtRes!A38) -> 38 | D35: =ROW(EtalonRes!A41) -> 41 | E35: 7 | F35: 46-04-011-02 | G35: Демонтаж плитки бетонной напольной (в тамбуре) | H35: 100 м2 | I35: =ROUND(3.2/100,5) -> 0.032 | J35: 0 | O35: =ROUND(CP35,2) -> 354.6 | P35: =ROUND(CQ35*I35,2) -> 0 | Q35: =ROUND(CR35*I35,2) -> 2.49 | R35: =ROUND(CS35*I35,2) -> 0 | S35: =ROUND(CT35*I35,2) -> 352.11 | T35: =ROUND(CU35*I35,2) -> 0 | U35: =CV35*I35 -> 1.16656 | V35: =CW35*I35 -> 0 | W35: =ROUND(CX35*I35,2) -> 0 | X35: =ROUND(CY35,2) -> 348.59 | Y35: =ROUND(CZ35,2) -> 211.27 | AA35: 68990560 | AB35: =ROUND((AC35+AD35+AF35),2) -> 354.44 | AC35: =ROUND((ES35),2) -> 0 | AD35: =ROUND(((((ET35*1.15))-((EU35*1.15)))+AE35),2) -> 27.44 | AE35: =ROUND(((EU35*1.15)),2) -> 0 | AF35: =ROUND(((EV35*1.15)),2) -> 327 | AG35: =ROUND((AP35),2) -> 0 | AH35: =((EW35*1.15)) -> 36.455 | AI35: =((EX35*1.15)) -> 0 | AJ35: =(AS35) -> 0 | AK35: 308.21 | AL35: 0 | AM35: 23.86 | AN35: 0 | AO35: 284.35 | AP35: 0 | AQ35: 31.7 | AR35: 0 | AS35: 0 | AT35: 99 | AU35: 60 | AV35: 1 | AW35: 1 | AZ35: 1 | BA35: 33.65 | BB35: 2.84 | BC35: 1 | BH35: 0 | BI35: 1 | BJ35: ФЕР-2001, 46-04-011-02, приказ Минстроя России № 876/пр от 26.12.2019 | BM35: 46001 | BN35: 0 | BO35: 46-04-011-02 | BP35: 1 | BQ35: 2 | BR35: 0 | BS35: 33.65 | BT35: 1 | BU35: 1 | BV35: 1 | BW35: 1 | BX35: 1 | BZ35: 110 | CA35: 70 | CE35: 0 | CF35: 0 | CG35: 0 | CM35: 0 | CN35: Поправка: Мет.421/пр 04.08.20 Пр.10 Т.3 п. 1.2 Наименование: Производство ремонтно-строительных работ осуществляется в помещениях эксплуатируемого объекта капитального строительства без остановки рабочего процесса, при этом: в зоне производства ремонтно-строительных работ имеются действующее технологическое или лабораторное оборудование, мебель и иные загромождающие помещения предметы | CO35: 0 | CP35: =(P35+Q35+S35) -> 354.6 | CQ35: =AC35*BC35 -> 0 | CR35: =AD35*BB35 -> 77.9296 | CS35: =AE35*BS35 -> 0 | CT35: =AF35*BA35 -> 11003.55 | CU35: =AG35 -> 0 | CV35: =AH35 -> 36.455 | CW35: =AI35 -> 0 | CX35: =AJ35 -> 0 | CY35: =(((S35+R35)*AT35)/100) -> 348.5889 | CZ35: =(((S35+R35)*AU35)/100) -> 211.266 | DE35: )*1,15 | DF35: )*1,15 | DG35: )*1,15 | DI35: )*1,15 | DJ35: )*1,15 | DN35: 0 | DO35: 0 | DP35: 1 | DQ35: 1 | DU35: 1005 | DV35: 100 м2 | DW35: 100 м2 | DX35: 100 | EE35: 64095094 | EF35: 2 | EG35: Общестроительные работы | EH35: 0 | EJ35: 1 | EK35: 46001 | EL35: Реконструкция зданий и сооружений | EM35: ФЕР-46 | EO35: Поправка: Мет.421/пр 04.08.20 Пр.10 Т.3 п. 1.2 | EQ35: 0 | ER35: 308.21 | ES35: 0 | ET35: 23.86 | EU35: 0 | EV35: 284.35 | EW35: 31.7 | EX35: 0 | EY35: 0 | FQ35: 0 | FR35: =ROUND(IF(AND(BH35=3,BI35=3),P35,0),2) -> 0 | FS35: 0 | FT35: *0,9 | FU35: *0,85 | FX35: 99 | FY35: 59.5 | GD35: 1 | GF35: 248325997 | GG35: 2 | GH35: 1 | GI35: 2 | GJ35: 0 | GK35: 0 | GL35: =ROUND(IF(AND(BH35=3,BI35=3,FS35<>0),P35,0),2) -> 0 | GM35: =ROUND(O35+X35+Y35,2)+GX35 -> 914.46 | GN35: =IF(OR(BI35=0,BI35=1),ROUND(O35+X35+Y35,2),0) -> 914.46 | GO35: =IF(BI35=2,ROUND(O35+X35+Y35,2),0) -> 0 | GP35: =IF(BI35=4,ROUND(O35+X35+Y35,2)+GX35,0) -> 0 | GR35: 0 | GS35: 3 | GT35: 0 | GV35: =ROUND((GT35),2) -> 0 | GW35: 1 | GX35: =ROUND(HC35*I35,2) -> 0 | HA35: 0 | HB35: 0 | HC35: =GV35*GW35 -> 0 | IK35: 0
A36: 18 | B36: 1 | C36: 38 | E36: 7,1 | F36: 999-9900 | G36: Строительный мусор | H36: т | I36: =I35*J36 -> 0.04544 | J36: 1.42 | O36: =ROUND(CP36,2) -> 0 | P36: =ROUND(CQ36*I36,2) -> 0 | Q36: =ROUND(CR36*I36,2) -> 0 | R36: =ROUND(CS36*I36,2) -> 0 | S36: =ROUND(CT36*I36,2) -> 0 | T36: =ROUND(CU36*I36,2) -> 0 | U36: =CV36*I36 -> 0 | V36: =CW36*I36 -> 0 | W36: =ROUND(CX36*I36,2) -> 0 | X36: =ROUND(CY36,2) -> 0 | Y36: =ROUND(CZ36,2) -> 0 | AA36: 68990560 | AB36: =ROUND((AC36+AD36+AF36),2) -> 0 | AC36: =ROUND((ES36),2) -> 0 | AD36: =ROUND((((ET36)-(EU36))+AE36),2) -> 0 | AE36: =ROUND((EU36),2) -> 0 | AF36: =ROUND((EV36),2) -> 0 | AG36: =ROUND((AP36),2) -> 0 | AH36: =(EW36) -> 0 | AI36: =(EX36) -> 0 | AJ36: =(AS36) -> 0 | AK36: 0 | AL36: 0 | AM36: 0 | AN36: 0 | AO36: 0 | AP36: 0 | AQ36: 0 | AR36: 0 | AS36: 0 | AT36: 99 | AU36: 60 | AV36: 1 | AW36: 1 | AZ36: 1 | BA36: 1 | BB36: 1 | BC36: 1 | BH36: 3 | BI36: 1 | BM36: 46001 | BN36: 0 | BP36: 0 | BQ36: 2 | BR36: 0 | BS36: 1 | BT36: 1 | BU36: 1 | BV36: 1 | BW36: 1 | BX36: 1 | BZ36: 110 | CA36: 70 | CE36: 0 | CF36: 0 | CG36: 0 | CM36: 0 | CO36: 0 | CP36: =(P36+Q36+S36) -> 0 | CQ36: =AC36*BC36 -> 0 | CR36: =AD36*BB36 -> 0 | CS36: =AE36*BS36 -> 0 | CT36: =AF36*BA36 -> 0 | CU36: =AG36 -> 0 | CV36: =AH36 -> 0 | CW36: =AI36 -> 0 | CX36: =AJ36 -> 0 | CY36: =(((S36+R36)*AT36)/100) -> 0 | CZ36: =(((S36+R36)*AU36)/100) -> 0 | DN36: 0 | DO36: 0 | DP36: 1 | DQ36: 1 | DU36: 1009 | DV36: т | DW36: т | DX36: 1000 | EE36: 64095094 | EF36: 2 | EG36: Общестроительные работы | EH36: 0 | EJ36: 1 | EK36: 46001 | EL36: Реконструкция зданий и сооружений | EM36: ФЕР-46 | EQ36: 0 | ER36: 0 | ES36: 0 | ET36: 0 | EU36: 0 | EV36: 0 | EW36: 0 | EX36: 0 | FQ36: 0 | FR36: =ROUND(IF(AND(BH36=3,BI36=3),P36,0),2) -> 0 | FS36: 0 | FT36: *0,9 | FU36: *0,85 | FX36: 99 | FY36: 59.5 | GD36: 1 | GF36: 2102561428 | GG36: 2 | GH36: 1 | GI36: -2 | GJ36: 0 | GK36: 0 | GL36: =ROUND(IF(AND(BH36=3,BI36=3,FS36<>0),P36,0),2) -> 0 | GM36: =ROUND(O36+X36+Y36,2)+GX36 -> 0 | GN36: =IF(OR(BI36=0,BI36=1),ROUND(O36+X36+Y36,2),0) -> 0 | GO36: =IF(BI36=2,ROUND(O36+X36+Y36,2),0) -> 0 | GP36: =IF(BI36=4,ROUND(O36+X36+Y36,2)+GX36,0) -> 0 | GR36: 0 | GS36: 3 | GT36: 0 | GV36: =ROUND((GT36),2) -> 0 | GW36: 1 | GX36: =ROUND(HC36*I36,2) -> 0 | HA36: 0 | HB36: 0 | HC36: =GV36*GW36 -> 0 | IK36: 0
A37: 17 | B37: 1 | C37: =ROW(SmtRes!A41) -> 41 | D37: =ROW(EtalonRes!A45) -> 45 | E37: 8 | F37: 54-3-2 | G37: Демонтаж потолка из а/ц листов | H37: 100 м2 | I37: =ROUND(3.2/100,5) -> 0.032 | J37: 0 | O37: =ROUND(CP37,2) -> 144.39 | P37: =ROUND(CQ37*I37,2) -> 0 | Q37: =ROUND(CR37*I37,2) -> 1.54 | R37: =ROUND(CS37*I37,2) -> 1.51 | S37: =ROUND(CT37*I37,2) -> 142.85 | T37: =ROUND(CU37*I37,2) -> 0 | U37: =CV37*I37 -> 0.544272 | V37: =CW37*I37 -> 0.003312 | W37: =ROUND(CX37*I37,2) -> 0 | X37: =ROUND(CY37,2) -> 122.71 | Y37: =ROUND(CZ37,2) -> 115.49 | AA37: 68990560 | AB37: =ROUND((AC37+AD37+AF37),2) -> 135.89 | AC37: =ROUND((ES37),2) -> 0 | AD37: =ROUND(((((ET37*1.15))-((EU37*1.15)))+AE37),2) -> 3.23 | AE37: =ROUND(((EU37*1.15)),2) -> 1.4 | AF37: =ROUND(((EV37*1.15)),2) -> 132.66 | AG37: =ROUND((AP37),2) -> 0 | AH37: =((EW37*1.15)) -> 17.0085 | AI37: =((EX37*1.15)) -> 0.1035 | AJ37: =(AS37) -> 0 | AK37: 118.17 | AL37: 0 | AM37: 2.81 | AN37: 1.22 | AO37: 115.36 | AP37: 0 | AQ37: 14.79 | AR37: 0.09 | AS37: 0 | AT37: 85 | AU37: 80 | AV37: 1 | AW37: 1 | AZ37: 1 | BA37: 33.65 | BB37: 14.88 | BC37: 1 | BH37: 0 | BI37: 1 | BJ37: ФЕРр-2001, 54-3-2, приказ Минстроя России № 876/пр от 26.12.2019 | BM37: 54001 | BN37: 0 | BO37: 54-3-2 | BP37: 1 | BQ37: 6 | BR37: 0 | BS37: 33.65 | BT37: 1 | BU37: 1 | BV37: 1 | BW37: 1 | BX37: 1 | BZ37: 85 | CA37: 80 | CE37: 0 | CF37: 0 | CG37: 0 | CM37: 0 | CN37: Поправка: Мет.421/пр 04.08.20 Пр.10 Т.3 п. 1.2 Наименование: Производство ремонтно-строительных работ осуществляется в помещениях эксплуатируемого объекта капитального строительства без остановки рабочего процесса, при этом: в зоне производства ремонтно-строительных работ имеются действующее технологическое или лабораторное оборудование, мебель и иные загромождающие помещения предметы | CO37: 0 | CP37: =(P37+Q37+S37) -> 144.39 | CQ37: =AC37*BC37 -> 0 | CR37: =AD37*BB37 -> 48.0624 | CS37: =AE37*BS37 -> 47.11 | CT37: =AF37*BA37 -> 4464.009 | CU37: =AG37 -> 0 | CV37: =AH37 -> 17.0085 | CW37: =AI37 -> 0.1035 | CX37: =AJ37 -> 0 | CY37: =(((S37+R37)*AT37)/100) -> 122.706 | CZ37: =(((S37+R37)*AU37)/100) -> 115.488 | DE37: )*1,15 | DF37: )*1,15 | DG37: )*1,15 | DI37: )*1,15 | DJ37: )*1,15 | DN37: 0 | DO37: 0 | DP37: 1 | DQ37: 1 | DU37: 1005 | DV37: 100 м2 | DW37: 100 м2 | DX37: 100 | EE37: 64095102 | EF37: 6 | EG37: Ремонтно-строительные работы | EH37: 0 | EJ37: 1 | EK37: 54001 | EL37: Перекрытия | EM37: рФЕР-54 | EO37: Поправка: Мет.421/пр 04.08.20 Пр.10 Т.3 п. 1.2 | EQ37: 0 | ER37: 118.17 | ES37: 0 | ET37: 2.81 | EU37: 1.22 | EV37: 115.36 | EW37: 14.79 | EX37: 0.09 | EY37: 0 | FQ37: 0 | FR37: =ROUND(IF(AND(BH37=3,BI37=3),P37,0),2) -> 0 | FS37: 0 | FX37: 85 | FY37: 80 | GD37: 1 | GF37: -1595506723 | GG37: 2 | GH37: 1 | GI37: 2 | GJ37: 0 | GK37: 0 | GL37: =ROUND(IF(AND(BH37=3,BI37=3,FS37<>0),P37,0),2) -> 0 | GM37: =ROUND(O37+X37+Y37,2)+GX37 -> 382.59 | GN37: =IF(OR(BI37=0,BI37=1),ROUND(O37+X37+Y37,2),0) -> 382.59 | GO37: =IF(BI37=2,ROUND(O37+X37+Y37,2),0) -> 0 | GP37: =IF(BI37=4,ROUND(O37+X37+Y37,2)+GX37,0) -> 0 | GR37: 0 | GS37: 3 | GT37: 0 | GV37: =ROUND((GT37),2) -> 0 | GW37: 1 | GX37: =ROUND(HC37*I37,2) -> 0 | HA37: 0 | HB37: 0 | HC37: =GV37*GW37 -> 0 | IK37: 0
A38: 17 | B38: 1 | C38: =ROW(SmtRes!A43) -> 43 | D38: =ROW(EtalonRes!A47) -> 47 | E38: 9 | F38: 63-15-1 | G38: Разборка элементов облицовки потолков с разборкой каркаса: Армстронг | H38: 100 м2 | I38: =ROUND(4.2/100,5) -> 0.042 | J38: 0 | O38: =ROUND(CP38,2) -> 474.5 | P38: =ROUND(CQ38*I38,2) -> 0 | Q38: =ROUND(CR38*I38,2) -> 0 | R38: =ROUND(CS38*I38,2) -> 0 | S38: =ROUND(CT38*I38,2) -> 474.5 | T38: =ROUND(CU38*I38,2) -> 0 | U38: =CV38*I38 -> 1.666833 | V38: =CW38*I38 -> 0 | W38: =ROUND(CX38*I38,2) -> 0 | X38: =ROUND(CY38,2) -> 365.37 | Y38: =ROUND(CZ38,2) -> 237.25 | AA38: 68990560 | AB38: =ROUND((AC38+AD38+AF38),2) -> 335.74 | AC38: =ROUND((ES38),2) -> 0 | AD38: =ROUND(((((ET38*1.15))-((EU38*1.15)))+AE38),2) -> 0 | AE38: =ROUND(((EU38*1.15)),2) -> 0 | AF38: =ROUND(((EV38*1.15)),2) -> 335.74 | AG38: =ROUND((AP38),2) -> 0 | AH38: =((EW38*1.15)) -> 39.6865 | AI38: =((EX38*1.15)) -> 0 | AJ38: =(AS38) -> 0 | AK38: 291.95 | AL38: 0 | AM38: 0 | AN38: 0 | AO38: 291.95 | AP38: 0 | AQ38: 34.51 | AR38: 0 | AS38: 0 | AT38: 77 | AU38: 50 | AV38: 1 | AW38: 1 | AZ38: 1 | BA38: 33.65 | BB38: 1 | BC38: 1 | BH38: 0 | BI38: 1 | BJ38: ФЕРр-2001, 63-15-1, приказ Минстроя России № 876/пр от 26.12.2019 | BM38: 63001 | BN38: 0 | BO38: 63-15-1 | BP38: 1 | BQ38: 6 | BR38: 0 | BS38: 33.65 | BT38: 1 | BU38: 1 | BV38: 1 | BW38: 1 | BX38: 1 | BZ38: 77 | CA38: 50 | CE38: 0 | CF38: 0 | CG38: 0 | CM38: 0 | CN38: Поправка: Мет.421/пр 04.08.20 Пр.10 Т.3 п. 1.2 Наименование: Производство ремонтно-строительных работ осуществляется в помещениях эксплуатируемого объекта капитального строительства без остановки рабочего процесса, при этом: в зоне производства ремонтно-строительных работ имеются действующее технологическое или лабораторное оборудование, мебель и иные загромождающие помещения предметы | CO38: 0 | CP38: =(P38+Q38+S38) -> 474.5 | CQ38: =AC38*BC38 -> 0 | CR38: =AD38*BB38 -> 0 | CS38: =AE38*BS38 -> 0 | CT38: =AF38*BA38 -> 11297.651 | CU38: =AG38 -> 0 | CV38: =AH38 -> 39.6865 | CW38: =AI38 -> 0 | CX38: =AJ38 -> 0 | CY38: =(((S38+R38)*AT38)/100) -> 365.365 | CZ38: =(((S38+R38)*AU38)/100) -> 237.25 | DE38: )*1,15 | DF38: )*1,15 | DG38: )*1,15 | DI38: )*1,15 | DJ38: )*1,15 | DN38: 0 | DO38: 0 | DP38: 1 | DQ38: 1 | DU38: 1005 | DV38: 100 м2 | DW38: 100 м2 | DX38: 100 | EE38: 64095111 | EF38: 6 | EG38: Ремонтно-строительные работы | EH38: 0 | EJ38: 1 | EK38: 63001 | EL38: Стекольные, обойные, облицовочные работы | EM38: рФЕР-63 | EO38: Поправка: Мет.421/пр 04.08.20 Пр.10 Т.3 п. 1.2 | EQ38: 0 | ER38: 291.95 | ES38: 0 | ET38: 0 | EU38: 0 | EV38: 291.95 | EW38: 34.51 | EX38: 0 | EY38: 0 | FQ38: 0 | FR38: =ROUND(IF(AND(BH38=3,BI38=3),P38,0),2) -> 0 | FS38: 0 | FX38: 77 | FY38: 50 | GD38: 1 | GF38: 466343886 | GG38: 2 | GH38: 1 | GI38: 2 | GJ38: 0 | GK38: 0 | GL38: =ROUND(IF(AND(BH38=3,BI38=3,FS38<>0),P38,0),2) -> 0 | GM38: =ROUND(O38+X38+Y38,2)+GX38 -> 1077.12 | GN38: =IF(OR(BI38=0,BI38=1),ROUND(O38+X38+Y38,2),0) -> 1077.12 | GO38: =IF(BI38=2,ROUND(O38+X38+Y38,2),0) -> 0 | GP38: =IF(BI38=4,ROUND(O38+X38+Y38,2)+GX38,0) -> 0 | GR38: 0 | GS38: 3 | GT38: 0 | GV38: =ROUND((GT38),2) -> 0 | GW38: 1 | GX38: =ROUND(HC38*I38,2) -> 0 | HA38: 0 | HB38: 0 | HC38: =GV38*GW38 -> 0 | IK38: 0
A39: 18 | B39: 1 | C39: 43 | E39: 9,1 | F39: 999-9899 | G39: Строительный мусор и масса возвратных материалов | H39: т | I39: =I38*J39 -> 0.014952 | J39: 0.356 | O39: =ROUND(CP39,2) -> 0 | P39: =ROUND(CQ39*I39,2) -> 0 | Q39: =ROUND(CR39*I39,2) -> 0 | R39: =ROUND(CS39*I39,2) -> 0 | S39: =ROUND(CT39*I39,2) -> 0 | T39: =ROUND(CU39*I39,2) -> 0 | U39: =CV39*I39 -> 0 | V39: =CW39*I39 -> 0 | W39: =ROUND(CX39*I39,2) -> 0 | X39: =ROUND(CY39,2) -> 0 | Y39: =ROUND(CZ39,2) -> 0 | AA39: 68990560 | AB39: =ROUND((AC39+AD39+AF39),2) -> 0 | AC39: =ROUND((ES39),2) -> 0 | AD39: =ROUND((((ET39)-(EU39))+AE39),2) -> 0 | AE39: =ROUND((EU39),2) -> 0 | AF39: =ROUND((EV39),2) -> 0 | AG39: =ROUND((AP39),2) -> 0 | AH39: =(EW39) -> 0 | AI39: =(EX39) -> 0 | AJ39: =(AS39) -> 0 | AK39: 0 | AL39: 0 | AM39: 0 | AN39: 0 | AO39: 0 | AP39: 0 | AQ39: 0 | AR39: 0 | AS39: 0 | AT39: 77 | AU39: 50 | AV39: 1 | AW39: 1 | AZ39: 1 | BA39: 1 | BB39: 1 | BC39: 1 | BH39: 3 | BI39: 1 | BM39: 63001 | BN39: 0 | BP39: 0 | BQ39: 6 | BR39: 0 | BS39: 1 | BT39: 1 | BU39: 1 | BV39: 1 | BW39: 1 | BX39: 1 | BZ39: 77 | CA39: 50 | CE39: 0 | CF39: 0 | CG39: 0 | CM39: 0 | CO39: 0 | CP39: =(P39+Q39+S39) -> 0 | CQ39: =AC39*BC39 -> 0 | CR39: =AD39*BB39 -> 0 | CS39: =AE39*BS39 -> 0 | CT39: =AF39*BA39 -> 0 | CU39: =AG39 -> 0 | CV39: =AH39 -> 0 | CW39: =AI39 -> 0 | CX39: =AJ39 -> 0 | CY39: =(((S39+R39)*AT39)/100) -> 0 | CZ39: =(((S39+R39)*AU39)/100) -> 0 | DN39: 0 | DO39: 0 | DP39: 1 | DQ39: 1 | DU39: 1009 | DV39: т | DW39: т | DX39: 1000 | EE39: 64095111 | EF39: 6 | EG39: Ремонтно-строительные работы | EH39: 0 | EJ39: 1 | EK39: 63001 | EL39: Стекольные, обойные, облицовочные работы | EM39: рФЕР-63 | EQ39: 0 | ER39: 0 | ES39: 0 | ET39: 0 | EU39: 0 | EV39: 0 | EW39: 0 | EX39: 0 | FQ39: 0 | FR39: =ROUND(IF(AND(BH39=3,BI39=3),P39,0),2) -> 0 | FS39: 0 | FX39: 77 | FY39: 50 | GD39: 1 | GF39: -1296435862 | GG39: 2 | GH39: 1 | GI39: -2 | GJ39: 0 | GK39: 0 | GL39: =ROUND(IF(AND(BH39=3,BI39=3,FS39<>0),P39,0),2) -> 0 | GM39: =ROUND(O39+X39+Y39,2)+GX39 -> 0 | GN39: =IF(OR(BI39=0,BI39=1),ROUND(O39+X39+Y39,2),0) -> 0 | GO39: =IF(BI39=2,ROUND(O39+X39+Y39,2),0) -> 0 | GP39: =IF(BI39=4,ROUND(O39+X39+Y39,2)+GX39,0) -> 0 | GR39: 0 | GS39: 3 | GT39: 0 | GV39: =ROUND((GT39),2) -> 0 | GW39: 1 | GX39: =ROUND(HC39*I39,2) -> 0 | HA39: 0 | HB39: 0 | HC39: =GV39*GW39 -> 0 | IK39: 0
A40: 17 | B40: 1 | C40: =ROW(SmtRes!A45) -> 45 | D40: =ROW(EtalonRes!A49) -> 49 | E40: 10 | F40: 57-3-1 | G40: Разборка плинтусов: деревянных и из пластмассовых материалов | H40: 100 м | I40: =ROUND(1.9/100,5) -> 0.019 | J40: 0 | O40: =ROUND(CP40,2) -> 21.62 | P40: =ROUND(CQ40*I40,2) -> 0 | Q40: =ROUND(CR40*I40,2) -> 0 | R40: =ROUND(CS40*I40,2) -> 0 | S40: =ROUND(CT40*I40,2) -> 21.62 | T40: =ROUND(CU40*I40,2) -> 0 | U40: =CV40*I40 -> 0.0823745 | V40: =CW40*I40 -> 0 | W40: =ROUND(CX40*I40,2) -> 0 | X40: =ROUND(CY40,2) -> 17.3 | Y40: =ROUND(CZ40,2) -> 14.7 | AA40: 68990560 | AB40: =ROUND((AC40+AD40+AF40),2) -> 33.82 | AC40: =ROUND((ES40),2) -> 0 | AD40: =ROUND(((((ET40*1.15))-((EU40*1.15)))+AE40),2) -> 0 | AE40: =ROUND(((EU40*1.15)),2) -> 0 | AF40: =ROUND(((EV40*1.15)),2) -> 33.82 | AG40: =ROUND((AP40),2) -> 0 | AH40: =((EW40*1.15)) -> 4.3355 | AI40: =((EX40*1.15)) -> 0 | AJ40: =(AS40) -> 0 | AK40: 29.41 | AL40: 0 | AM40: 0 | AN40: 0 | AO40: 29.41 | AP40: 0 | AQ40: 3.77 | AR40: 0 | AS40: 0 | AT40: 80 | AU40: 68 | AV40: 1 | AW40: 1 | AZ40: 1 | BA40: 33.65 | BB40: 1 | BC40: 1 | BH40: 0 | BI40: 1 | BJ40: ФЕРр-2001, 57-3-1 приказ Минстроя России № 876/пр от 26.12.2019 | BM40: 57001 | BN40: 0 | BO40: 57-3-1 | BP40: 1 | BQ40: 6 | BR40: 0 | BS40: 33.65 | BT40: 1 | BU40: 1 | BV40: 1 | BW40: 1 | BX40: 1 | BZ40: 80 | CA40: 68 | CE40: 0 | CF40: 0 | CG40: 0 | CM40: 0 | CN40: Поправка: Мет.421/пр 04.08.20 Пр.10 Т.3 п. 1.2 Наименование: Производство ремонтно-строительных работ осуществляется в помещениях эксплуатируемого объекта капитального строительства без остановки рабочего процесса, при этом: в зоне производства ремонтно-строительных работ имеются действующее технологическое или лабораторное оборудование, мебель и иные загромождающие помещения предметы | CO40: 0 | CP40: =(P40+Q40+S40) -> 21.62 | CQ40: =AC40*BC40 -> 0 | CR40: =AD40*BB40 -> 0 | CS40: =AE40*BS40 -> 0 | CT40: =AF40*BA40 -> 1138.043 | CU40: =AG40 -> 0 | CV40: =AH40 -> 4.3355 | CW40: =AI40 -> 0 | CX40: =AJ40 -> 0 | CY40: =(((S40+R40)*AT40)/100) -> 17.296 | CZ40: =(((S40+R40)*AU40)/100) -> 14.7016 | DE40: )*1,15 | DF40: )*1,15 | DG40: )*1,15 | DI40: )*1,15 | DJ40: )*1,15 | DN40: 0 | DO40: 0 | DP40: 1 | DQ40: 1 | DU40: 1003 | DV40: 100 м | DW40: 100 м | DX40: 100 | EE40: 64095105 | EF40: 6 | EG40: Ремонтно-строительные работы | EH40: 0 | EJ40: 1 | EK40: 57001 | EL40: Полы | EM40: рФЕР-57 | EO40: Поправка: Мет.421/пр 04.08.20 Пр.10 Т.3 п. 1.2 | EQ40: 0 | ER40: 29.41 | ES40: 0 | ET40: 0 | EU40: 0 | EV40: 29.41 | EW40: 3.77 | EX40: 0 | EY40: 0 | FQ40: 0 | FR40: =ROUND(IF(AND(BH40=3,BI40=3),P40,0),2) -> 0 | FS40: 0 | FX40: 80 | FY40: 68 | GD40: 1 | GF40: 56778636 | GG40: 2 | GH40: 1 | GI40: 2 | GJ40: 0 | GK40: 0 | GL40: =ROUND(IF(AND(BH40=3,BI40=3,FS40<>0),P40,0),2) -> 0 | GM40: =ROUND(O40+X40+Y40,2)+GX40 -> 53.62 | GN40: =IF(OR(BI40=0,BI40=1),ROUND(O40+X40+Y40,2),0) -> 53.62 | GO40: =IF(BI40=2,ROUND(O40+X40+Y40,2),0) -> 0 | GP40: =IF(BI40=4,ROUND(O40+X40+Y40,2)+GX40,0) -> 0 | GR40: 0 | GS40: 3 | GT40: 0 | GV40: =ROUND((GT40),2) -> 0 | GW40: 1 | GX40: =ROUND(HC40*I40,2) -> 0 | HA40: 0 | HB40: 0 | HC40: =GV40*GW40 -> 0 | IK40: 0
A41: 18 | B41: 1 | C41: 45 | E41: 10,1 | F41: 999-9900 | G41: Строительный мусор | H41: т | I41: =I40*J41 -> 0.00209 | J41: 0.11 | O41: =ROUND(CP41,2) -> 0 | P41: =ROUND(CQ41*I41,2) -> 0 | Q41: =ROUND(CR41*I41,2) -> 0 | R41: =ROUND(CS41*I41,2) -> 0 | S41: =ROUND(CT41*I41,2) -> 0 | T41: =ROUND(CU41*I41,2) -> 0 | U41: =CV41*I41 -> 0 | V41: =CW41*I41 -> 0 | W41: =ROUND(CX41*I41,2) -> 0 | X41: =ROUND(CY41,2) -> 0 | Y41: =ROUND(CZ41,2) -> 0 | AA41: 68990560 | AB41: =ROUND((AC41+AD41+AF41),2) -> 0 | AC41: =ROUND((ES41),2) -> 0 | AD41: =ROUND((((ET41)-(EU41))+AE41),2) -> 0 | AE41: =ROUND((EU41),2) -> 0 | AF41: =ROUND((EV41),2) -> 0 | AG41: =ROUND((AP41),2) -> 0 | AH41: =(EW41) -> 0 | AI41: =(EX41) -> 0 | AJ41: =(AS41) -> 0 | AK41: 0 | AL41: 0 | AM41: 0 | AN41: 0 | AO41: 0 | AP41: 0 | AQ41: 0 | AR41: 0 | AS41: 0 | AT41: 80 | AU41: 68 | AV41: 1 | AW41: 1 | AZ41: 1 | BA41: 1 | BB41: 1 | BC41: 1 | BH41: 3 | BI41: 1 | BM41: 57001 | BN41: 0 | BP41: 0 | BQ41: 6 | BR41: 0 | BS41: 1 | BT41: 1 | BU41: 1 | BV41: 1 | BW41: 1 | BX41: 1 | BZ41: 80 | CA41: 68 | CE41: 0 | CF41: 0 | CG41: 0 | CM41: 0 | CO41: 0 | CP41: =(P41+Q41+S41) -> 0 | CQ41: =AC41*BC41 -> 0 | CR41: =AD41*BB41 -> 0 | CS41: =AE41*BS41 -> 0 | CT41: =AF41*BA41 -> 0 | CU41: =AG41 -> 0 | CV41: =AH41 -> 0 | CW41: =AI41 -> 0 | CX41: =AJ41 -> 0 | CY41: =(((S41+R41)*AT41)/100) -> 0 | CZ41: =(((S41+R41)*AU41)/100) -> 0 | DN41: 0 | DO41: 0 | DP41: 1 | DQ41: 1 | DU41: 1009 | DV41: т | DW41: т | DX41: 1000 | EE41: 64095105 | EF41: 6 | EG41: Ремонтно-строительные работы | EH41: 0 | EJ41: 1 | EK41: 57001 | EL41: Полы | EM41: рФЕР-57 | EQ41: 0 | ER41: 0 | ES41: 0 | ET41: 0 | EU41: 0 | EV41: 0 | EW41: 0 | EX41: 0 | FQ41: 0 | FR41: =ROUND(IF(AND(BH41=3,BI41=3),P41,0),2) -> 0 | FS41: 0 | FX41: 80 | FY41: 68 | GD41: 1 | GF41: 2102561428 | GG41: 2 | GH41: 1 | GI41: -2 | GJ41: 0 | GK41: 0 | GL41: =ROUND(IF(AND(BH41=3,BI41=3,FS41<>0),P41,0),2) -> 0 | GM41: =ROUND(O41+X41+Y41,2)+GX41 -> 0 | GN41: =IF(OR(BI41=0,BI41=1),ROUND(O41+X41+Y41,2),0) -> 0 | GO41: =IF(BI41=2,ROUND(O41+X41+Y41,2),0) -> 0 | GP41: =IF(BI41=4,ROUND(O41+X41+Y41,2)+GX41,0) -> 0 | GR41: 0 | GS41: 3 | GT41: 0 | GV41: =ROUND((GT41),2) -> 0 | GW41: 1 | GX41: =ROUND(HC41*I41,2) -> 0 | HA41: 0 | HB41: 0 | HC41: =GV41*GW41 -> 0 | IK41: 0
A42: 17 | B42: 1 | C42: =ROW(SmtRes!A46) -> 46 | D42: =ROW(EtalonRes!A50) -> 50 | E42: 11 | F42: 67-2-11 | G42: Демонтаж кабельных каналов | H42: 100 м труб | I42: =ROUND(4.3/100,5) -> 0.043 | J42: 0 | O42: =ROUND(CP42,2) -> 54.12 | P42: =ROUND(CQ42*I42,2) -> 0 | Q42: =ROUND(CR42*I42,2) -> 0 | R42: =ROUND(CS42*I42,2) -> 0 | S42: =ROUND(CT42*I42,2) -> 54.12 | T42: =ROUND(CU42*I42,2) -> 0 | U42: =CV42*I42 -> 0.196811 | V42: =CW42*I42 -> 0 | W42: =ROUND(CX42*I42,2) -> 0 | X42: =ROUND(CY42,2) -> 46 | Y42: =ROUND(CZ42,2) -> 35.18 | AA42: 68990560 | AB42: =ROUND((AC42+AD42+AF42),2) -> 37.4 | AC42: =ROUND((ES42),2) -> 0 | AD42: =ROUND(((((ET42*1.15))-((EU42*1.15)))+AE42),2) -> 0 | AE42: =ROUND(((EU42*1.15)),2) -> 0 | AF42: =ROUND(((EV42*1.15)),2) -> 37.4 | AG42: =ROUND((AP42),2) -> 0 | AH42: =((EW42*1.15)) -> 4.577 | AI42: =((EX42*1.15)) -> 0 | AJ42: =(AS42) -> 0 | AK42: 32.52 | AL42: 0 | AM42: 0 | AN42: 0 | AO42: 32.52 | AP42: 0 | AQ42: 3.98 | AR42: 0 | AS42: 0 | AT42: 85 | AU42: 65 | AV42: 1 | AW42: 1 | AZ42: 1 | BA42: 33.65 | BB42: 1 | BC42: 1 | BH42: 0 | BI42: 1 | BJ42: ФЕРр-2001, 67-2-11, приказ Минстроя России № 876/пр от 26.12.2019 | BM42: 67001 | BN42: 0 | BO42: 67-2-11 | BP42: 1 | BQ42: 6 | BR42: 0 | BS42: 33.65 | BT42: 1 | BU42: 1 | BV42: 1 | BW42: 1 | BX42: 1 | BZ42: 85 | CA42: 65 | CE42: 0 | CF42: 0 | CG42: 0 | CM42: 0 | CN42: Поправка: Мет.421/пр 04.08.20 Пр.10 Т.3 п. 1.2 Наименование: Производство ремонтно-строительных работ осуществляется в помещениях эксплуатируемого объекта капитального строительства без остановки рабочего процесса, при этом: в зоне производства ремонтно-строительных работ имеются действующее технологическое или лабораторное оборудование, мебель и иные загромождающие помещения предметы | CO42: 0 | CP42: =(P42+Q42+S42) -> 54.12 | CQ42: =AC42*BC42 -> 0 | CR42: =AD42*BB42 -> 0 | CS42: =AE42*BS42 -> 0 | CT42: =AF42*BA42 -> 1258.51 | CU42: =AG42 -> 0 | CV42: =AH42 -> 4.577 | CW42: =AI42 -> 0 | CX42: =AJ42 -> 0 | CY42: =(((S42+R42)*AT42)/100) -> 46.002 | CZ42: =(((S42+R42)*AU42)/100) -> 35.178 | DE42: )*1,15 | DF42: )*1,15 | DG42: )*1,15 | DI42: )*1,15 | DJ42: )*1,15 | DN42: 0 | DO42: 0 | DP42: 1 | DQ42: 1 | DU42: 1013 | DV42: 100 м труб | DW42: 100 м труб | DX42: 1 | EE42: 64095151 | EF42: 6 | EG42: Ремонтно-строительные работы | EH42: 0 | EJ42: 1 | EK42: 67001 | EL42: Электромонтажные работы | EM42: рФЕР-67 | EO42: Поправка: Мет.421/пр 04.08.20 Пр.10 Т.3 п. 1.2 | EQ42: 0 | ER42: 32.52 | ES42: 0 | ET42: 0 | EU42: 0 | EV42: 32.52 | EW42: 3.98 | EX42: 0 | EY42: 0 | FQ42: 0 | FR42: =ROUND(IF(AND(BH42=3,BI42=3),P42,0),2) -> 0 | FS42: 0 | FX42: 85 | FY42: 65 | GD42: 1 | GF42: -1089465404 | GG42: 2 | GH42: 1 | GI42: 2 | GJ42: 0 | GK42: 0 | GL42: =ROUND(IF(AND(BH42=3,BI42=3,FS42<>0),P42,0),2) -> 0 | GM42: =ROUND(O42+X42+Y42,2)+GX42 -> 135.3 | GN42: =IF(OR(BI42=0,BI42=1),ROUND(O42+X42+Y42,2),0) -> 135.3 | GO42: =IF(BI42=2,ROUND(O42+X42+Y42,2),0) -> 0 | GP42: =IF(BI42=4,ROUND(O42+X42+Y42,2)+GX42,0) -> 0 | GR42: 0 | GS42: 3 | GT42: 0 | GV42: =ROUND((GT42),2) -> 0 | GW42: 1 | GX42: =ROUND(HC42*I42,2) -> 0 | HA42: 0 | HB42: 0 | HC42: =GV42*GW42 -> 0 | IK42: 0
A43: 17 | B43: 1 | C43: =ROW(SmtRes!A52) -> 52 | D43: =ROW(EtalonRes!A57) -> 57 | E43: 12 | F43: 27-07-003-01 | G43: Демонтаж бетонной плитки (площадка и ступени у входа) | H43: 100 м2 | I43: =ROUND(12.75/100,5) -> 0.1275 | J43: 0 | O43: =ROUND(CP43,2) -> 2090.08 | P43: =ROUND(CQ43*I43,2) -> 0 | Q43: =ROUND(CR43*I43,2) -> 356.21 | R43: =ROUND(CS43*I43,2) -> 51.18 | S43: =ROUND(CT43*I43,2) -> 1733.87 | T43: =ROUND(CU43*I43,2) -> 0 | U43: =CV43*I43 -> 6.30666 | V43: =CW43*I43 -> 0.122553 | W43: =ROUND(CX43*I43,2) -> 0 | X43: =ROUND(CY43,2) -> 2284.86 | Y43: =ROUND(CZ43,2) -> 1445.89 | AA43: 68990560 | AB43: =ROUND((AC43+AD43+AF43),2) -> 851.85 | AC43: =ROUND(((ES43*0)),2) -> 0 | AD43: =ROUND((((((ET43*1.35)*0.8))-(((EU43*1.35)*0.8)))+AE43),2) -> 447.72 | AE43: =ROUND((((EU43*1.35)*0.8)),2) -> 11.93 | AF43: =ROUND((((EV43*1.35)*0.8)),2) -> 404.13 | AG43: =ROUND((AP43),2) -> 0 | AH43: =(((EW43*1.35)*0.8)) -> 49.464 | AI43: =(((EX43*1.35)*0.8)) -> 0.9612 | AJ43: =(AS43) -> 0 | AK43: 813.05 | AL43: 24.3 | AM43: 414.56 | AN43: 11.05 | AO43: 374.19 | AP43: 0 | AQ43: 45.8 | AR43: 0.89 | AS43: 0 | AT43: 128 | AU43: 81 | AV43: 1 | AW43: 1 | AZ43: 1 | BA43: 33.65 | BB43: 6.24 | BC43: 5.83 | BH43: 0 | BI43: 1 | BJ43: ФЕР-2001, 27-07-003-01, приказ Минстроя России № 876/пр от 26.12.2019 | BM43: 27001 | BN43: 0 | BO43: 27-07-003-01 | BP43: 1 | BQ43: 2 | BR43: 0 | BS43: 33.65 | BT43: 1 | BU43: 1 | BV43: 1 | BW43: 1 | BX43: 1 | BZ43: 142 | CA43: 95 | CE43: 0 | CF43: 0 | CG43: 0 | CM43: 0 | CN43: Поправка: Мет.421/пр 04.08.20 Пр.10 Т.3 п. 1.2 Наименование: Производство ремонтно-строительных работ осуществляется в помещениях эксплуатируемого объекта капитального строительства без остановки рабочего процесса, при этом: в зоне производства ремонтно-строительных работ имеются действующее технологическое или лабораторное оборудование, мебель и иные загромождающие помещения предметы Поправка: МР 519/пр Табл.2, п.1 Наименование: При демонтаже (разборке) сборных бетонных и железобетонных конструкций | CO43: 0 | CP43: =(P43+Q43+S43) -> 2090.08 | CQ43: =AC43*BC43 -> 0 | CR43: =AD43*BB43 -> 2793.7728 | CS43: =AE43*BS43 -> 401.4445 | CT43: =AF43*BA43 -> 13598.974 | CU43: =AG43 -> 0 | CV43: =AH43 -> 49.464 | CW43: =AI43 -> 0.9612 | CX43: =AJ43 -> 0 | CY43: =(((S43+R43)*AT43)/100) -> 2284.864 | CZ43: =(((S43+R43)*AU43)/100) -> 1445.8905 | DD43: )*0 | DE43: )*1,35)*0,8 | DF43: )*1,35)*0,8 | DG43: )*1,35)*0,8 | DI43: )*1,35)*0,8 | DJ43: )*1,35)*0,8 | DN43: 0 | DO43: 0 | DP43: 1 | DQ43: 1 | DU43: 1005 | DV43: 100 м2 | DW43: 100 м2 | DX43: 100 | EE43: 64095067 | EF43: 2 | EG43: Общестроительные работы | EH43: 0 | EJ43: 1 | EK43: 27001 | EL43: Автомобильные дороги | EM43: ФЕР-27 | EO43: Поправка: Мет.421/пр 04.08.20 Пр.10 Т.3 п. 1.2 Поправка: МР 519/пр Табл.2, п.1 | EQ43: 0 | ER43: 813.05 | ES43: 24.3 | ET43: 414.56 | EU43: 11.05 | EV43: 374.19 | EW43: 45.8 | EX43: 0.89 | EY43: 0 | FQ43: 0 | FR43: =ROUND(IF(AND(BH43=3,BI43=3),P43,0),2) -> 0 | FS43: 0 | FT43: *0,9 | FU43: *0,85 | FX43: 127.8 | FY43: 80.75 | GD43: 1 | GF43: -1678500223 | GG43: 2 | GH43: 1 | GI43: 2 | GJ43: 0 | GK43: 0 | GL43: =ROUND(IF(AND(BH43=3,BI43=3,FS43<>0),P43,0),2) -> 0 | GM43: =ROUND(O43+X43+Y43,2)+GX43 -> 5820.83 | GN43: =IF(OR(BI43=0,BI43=1),ROUND(O43+X43+Y43,2),0) -> 5820.83 | GO43: =IF(BI43=2,ROUND(O43+X43+Y43,2),0) -> 0 | GP43: =IF(BI43=4,ROUND(O43+X43+Y43,2)+GX43,0) -> 0 | GR43: 0 | GS43: 3 | GT43: 0 | GV43: =ROUND((GT43),2) -> 0 | GW43: 1 | GX43: =ROUND(HC43*I43,2) -> 0 | HA43: 0 | HB43: 0 | HC43: =GV43*GW43 -> 0 | IK43: 0
A44: 17 | B44: 1 | C44: =ROW(SmtRes!A55) -> 55 | D44: =ROW(EtalonRes!A60) -> 60 | E44: 13 | F44: 46-04-003-01 | G44: Демонтаж площадки, ступеней и пандуса из асфальтобетона | H44: м3 | I44: =ROUND(3.23,5) -> 3.23 | J44: 0 | O44: =ROUND(CP44,2) -> 12778.06 | P44: =ROUND(CQ44*I44,2) -> 0 | Q44: =ROUND(CR44*I44,2) -> 2467.77 | R44: =ROUND(CS44*I44,2) -> 0 | S44: =ROUND(CT44*I44,2) -> 10310.29 | T44: =ROUND(CU44*I44,2) -> 0 | U44: =CV44*I44 -> 35.919215 | V44: =CW44*I44 -> 0 | W44: =ROUND(CX44*I44,2) -> 0 | X44: =ROUND(CY44,2) -> 10207.19 | Y44: =ROUND(CZ44,2) -> 6186.17 | AA44: 68990560 | AB44: =ROUND((AC44+AD44+AF44),2) -> 363.88 | AC44: =ROUND((ES44),2) -> 0 | AD44: =ROUND(((((ET44*1.15))-((EU44*1.15)))+AE44),2) -> 269.02 | AE44: =ROUND(((EU44*1.15)),2) -> 0 | AF44: =ROUND(((EV44*1.15)),2) -> 94.86 | AG44: =ROUND((AP44),2) -> 0 | AH44: =((EW44*1.15)) -> 11.1205 | AI44: =((EX44*1.15)) -> 0 | AJ44: =(AS44) -> 0 | AK44: 316.42 | AL44: 0 | AM44: 233.93 | AN44: 0 | AO44: 82.49 | AP44: 0 | AQ44: 9.67 | AR44: 0 | AS44: 0 | AT44: 99 | AU44: 60 | AV44: 1 | AW44: 1 | AZ44: 1 | BA44: 33.65 | BB44: 2.84 | BC44: 1 | BH44: 0 | BI44: 1 | BJ44: ФЕР-2001, 46-04-003-01, приказ Минстроя России № 876/пр от 26.12.2019 | BM44: 46001 | BN44: 0 | BO44: 46-04-003-01 | BP44: 1 | BQ44: 2 | BR44: 0 | BS44: 33.65 | BT44: 1 | BU44: 1 | BV44: 1 | BW44: 1 | BX44: 1 | BZ44: 110 | CA44: 70 | CE44: 0 | CF44: 0 | CG44: 0 | CM44: 0 | CN44: Поправка: Мет.421/пр 04.08.20 Пр.10 Т.3 п. 1.2 Наименование: Производство ремонтно-строительных работ осуществляется в помещениях эксплуатируемого объекта капитального строительства без остановки рабочего процесса, при этом: в зоне производства ремонтно-строительных работ имеются действующее технологическое или лабораторное оборудование, мебель и иные загромождающие помещения предметы | CO44: 0 | CP44: =(P44+Q44+S44) -> 12778.06 | CQ44: =AC44*BC44 -> 0 | CR44: =AD44*BB44 -> 764.0168 | CS44: =AE44*BS44 -> 0 | CT44: =AF44*BA44 -> 3192.039 | CU44: =AG44 -> 0 | CV44: =AH44 -> 11.1205 | CW44: =AI44 -> 0 | CX44: =AJ44 -> 0 | CY44: =(((S44+R44)*AT44)/100) -> 10207.187 | CZ44: =(((S44+R44)*AU44)/100) -> 6186.174 | DE44: )*1,15 | DF44: )*1,15 | DG44: )*1,15 | DI44: )*1,15 | DJ44: )*1,15 | DN44: 0 | DO44: 0 | DP44: 1 | DQ44: 1 | DU44: 1007 | DV44: м3 | DW44: м3 | DX44: 1 | EE44: 64095094 | EF44: 2 | EG44: Общестроительные работы | EH44: 0 | EJ44: 1 | EK44: 46001 | EL44: Реконструкция зданий и сооружений | EM44: ФЕР-46 | EO44: Поправка: Мет.421/пр 04.08.20 Пр.10 Т.3 п. 1.2 | EQ44: 0 | ER44: 316.42 | ES44: 0 | ET44: 233.93 | EU44: 0 | EV44: 82.49 | EW44: 9.67 | EX44: 0 | EY44: 0 | FQ44: 0 | FR44: =ROUND(IF(AND(BH44=3,BI44=3),P44,0),2) -> 0 | FS44: 0 | FT44: *0,9 | FU44: *0,85 | FX44: 99 | FY44: 59.5 | GD44: 1 | GF44: 143255172 | GG44: 2 | GH44: 1 | GI44: 2 | GJ44: 0 | GK44: 0 | GL44: =ROUND(IF(AND(BH44=3,BI44=3,FS44<>0),P44,0),2) -> 0 | GM44: =ROUND(O44+X44+Y44,2)+GX44 -> 29171.42 | GN44: =IF(OR(BI44=0,BI44=1),ROUND(O44+X44+Y44,2),0) -> 29171.42 | GO44: =IF(BI44=2,ROUND(O44+X44+Y44,2),0) -> 0 | GP44: =IF(BI44=4,ROUND(O44+X44+Y44,2)+GX44,0) -> 0 | GR44: 0 | GS44: 3 | GT44: 0 | GV44: =ROUND((GT44),2) -> 0 | GW44: 1 | GX44: =ROUND(HC44*I44,2) -> 0 | HA44: 0 | HB44: 0 | HC44: =GV44*GW44 -> 0 | IK44: 0
A45: 17 | B45: 1 | C45: =ROW(SmtRes!A75) -> 75 | D45: =ROW(EtalonRes!A82) -> 82 | E45: 14 | F45: 09-03-030-01 | G45: Демонтаж ограждения площадки из эл. сварн. трубы 20х20 мм | H45: т | I45: =ROUND(0.01,5) -> 0.01 | J45: 0 | O45: =ROUND(CP45,2) -> 155.05 | P45: =ROUND(CQ45*I45,2) -> 0 | Q45: =ROUND(CR45*I45,2) -> 50.25 | R45: =ROUND(CS45*I45,2) -> 18.92 | S45: =ROUND(CT45*I45,2) -> 104.8 | T45: =ROUND(CU45*I45,2) -> 0 | U45: =CV45*I45 -> 0.339255 | V45: =CW45*I45 -> 0.041769 | W45: =ROUND(CX45*I45,2) -> 0 | X45: =ROUND(CY45,2) -> 100.21 | Y45: =ROUND(CZ45,2) -> 89.08 | AA45: 68990560 | AB45: =ROUND((AC45+AD45+AF45),2) -> 861.18 | AC45: =ROUND(((ES45*0)),2) -> 0 | AD45: =ROUND((((((ET45*1.35)*0.7))-(((EU45*1.35)*0.7)))+AE45),2) -> 549.75 | AE45: =ROUND((((EU45*1.35)*0.7)),2) -> 56.23 | AF45: =ROUND((((EV45*1.35)*0.7)),2) -> 311.43 | AG45: =ROUND((AP45),2) -> 0 | AH45: =(((EW45*1.35)*0.7)) -> 33.9255 | AI45: =(((EX45*1.35)*0.7)) -> 4.1769 | AJ45: =(AS45) -> 0 | AK45: 999.79 | AL45: 88.49 | AM45: 581.74 | AN45: 59.5 | AO45: 329.56 | AP45: 0 | AQ45: 35.9 | AR45: 4.42 | AS45: 0 | AT45: 81 | AU45: 72 | AV45: 1 | AW45: 1 | AZ45: 1 | BA45: 33.65 | BB45: 9.14 | BC45: 9.51 | BH45: 0 | BI45: 1 | BJ45: ФЕР-2001, 09-03-030-01, приказ Минстроя России № 876/пр от 26.12.2019 | BM45: 9001 | BN45: 0 | BO45: 09-03-030-01 | BP45: 1 | BQ45: 2 | BR45: 0 | BS45: 33.65 | BT45: 1 | BU45: 1 | BV45: 1 | BW45: 1 | BX45: 1 | BZ45: 90 | CA45: 85 | CE45: 0 | CF45: 0 | CG45: 0 | CM45: 0 | CN45: Поправка: Мет.421/пр 04.08.20 Пр.10 Т.3 п. 1.2 Наименование: Производство ремонтно-строительных работ осуществляется в помещениях эксплуатируемого объекта капитального строительства без остановки рабочего процесса, при этом: в зоне производства ремонтно-строительных работ имеются действующее технологическое или лабораторное оборудование, мебель и иные загромождающие помещения предметы Поправка: Прил. 9.3, п.5 Наименование: Разборка (демонтаж) металлических конструкций | CO45: 0 | CP45: =(P45+Q45+S45) -> 155.05 | CQ45: =AC45*BC45 -> 0 | CR45: =AD45*BB45 -> 5024.715 | CS45: =AE45*BS45 -> 1892.1395 | CT45: =AF45*BA45 -> 10479.619 | CU45: =AG45 -> 0 | CV45: =AH45 -> 33.9255 | CW45: =AI45 -> 4.1769 | CX45: =AJ45 -> 0 | CY45: =(((S45+R45)*AT45)/100) -> 100.2132 | CZ45: =(((S45+R45)*AU45)/100) -> 89.0784 | DD45: )*0 | DE45: )*1,35)*0,7 | DF45: )*1,35)*0,7 | DG45: )*1,35)*0,7 | DI45: )*1,35)*0,7 | DJ45: )*1,35)*0,7 | DN45: 0 | DO45: 0 | DP45: 1 | DQ45: 1 | DU45: 1009 | DV45: т | DW45: т | DX45: 1000 | EE45: 64095025 | EF45: 2 | EG45: Общестроительные работы | EH45: 0 | EJ45: 1 | EK45: 9001 | EL45: Металлические конструкции | EM45: ФЕР-09 | EO45: Поправка: Мет.421/пр 04.08.20 Пр.10 Т.3 п. 1.2 Поправка: Прил. 9.3, п.5 | EQ45: 0 | ER45: 999.79 | ES45: 88.49 | ET45: 581.74 | EU45: 59.5 | EV45: 329.56 | EW45: 35.9 | EX45: 4.42 | EY45: 0 | FQ45: 0 | FR45: =ROUND(IF(AND(BH45=3,BI45=3),P45,0),2) -> 0 | FS45: 0 | FT45: *0,9 | FU45: *0,85 | FX45: 81 | FY45: 72.25 | GD45: 1 | GF45: 225404889 | GG45: 2 | GH45: 1 | GI45: 2 | GJ45: 0 | GK45: 0 | GL45: =ROUND(IF(AND(BH45=3,BI45=3,FS45<>0),P45,0),2) -> 0 | GM45: =ROUND(O45+X45+Y45,2)+GX45 -> 344.34 | GN45: =IF(OR(BI45=0,BI45=1),ROUND(O45+X45+Y45,2),0) -> 344.34 | GO45: =IF(BI45=2,ROUND(O45+X45+Y45,2),0) -> 0 | GP45: =IF(BI45=4,ROUND(O45+X45+Y45,2)+GX45,0) -> 0 | GR45: 0 | GS45: 3 | GT45: 0 | GV45: =ROUND((GT45),2) -> 0 | GW45: 1 | GX45: =ROUND(HC45*I45,2) -> 0 | HA45: 0 | HB45: 0 | HC45: =GV45*GW45 -> 0 | IK45: 0
A46: 17 | B46: 1 | C46: =ROW(SmtRes!A76) -> 76 | D46: =ROW(EtalonRes!A84) -> 84 | E46: 15 | F46: 09-05-016-01 | G46: Демонтаж почтового ящика с сохранением | H46: ШТ | I46: =ROUND(1,5) -> 1 | J46: 0 | O46: =ROUND(CP46,2) -> 510.13 | P46: =ROUND(CQ46*I46,2) -> 0 | Q46: =ROUND(CR46*I46,2) -> 0 | R46: =ROUND(CS46*I46,2) -> 0 | S46: =ROUND(CT46*I46,2) -> 510.13 | T46: =ROUND(CU46*I46,2) -> 0 | U46: =CV46*I46 -> 1.7766 | V46: =CW46*I46 -> 0 | W46: =ROUND(CX46*I46,2) -> 0 | X46: =ROUND(CY46,2) -> 413.21 | Y46: =ROUND(CZ46,2) -> 367.29 | AA46: 68990560 | AB46: =ROUND((AC46+AD46+AF46),2) -> 15.16 | AC46: =ROUND(((ES46*0)),2) -> 0 | AD46: =ROUND((((((ET46*1.35)*0.7))-(((EU46*1.35)*0.7)))+AE46),2) -> 0 | AE46: =ROUND((((EU46*1.35)*0.7)),2) -> 0 | AF46: =ROUND((((EV46*1.35)*0.7)),2) -> 15.16 | AG46: =ROUND((AP46),2) -> 0 | AH46: =(((EW46*1.35)*0.7)) -> 1.7766 | AI46: =(((EX46*1.35)*0.7)) -> 0 | AJ46: =(AS46) -> 0 | AK46: 16.04 | AL46: 0 | AM46: 0 | AN46: 0 | AO46: 16.04 | AP46: 0 | AQ46: 1.88 | AR46: 0 | AS46: 0 | AT46: 81 | AU46: 72 | AV46: 1 | AW46: 1 | AZ46: 1 | BA46: 33.65 | BB46: 1 | BC46: 1 | BH46: 0 | BI46: 1 | BJ46: ФЕР-2001 доп. 2, 09-05-016-01, приказ Минстроя России № 294/пр от 01.06.2020 | BM46: 9001 | BN46: 0 | BO46: 09-05-016-01 | BP46: 1 | BQ46: 2 | BR46: 0 | BS46: 33.65 | BT46: 1 | BU46: 1 | BV46: 1 | BW46: 1 | BX46: 1 | BZ46: 90 | CA46: 85 | CE46: 0 | CF46: 0 | CG46: 0 | CM46: 0 | CN46: Поправка: Мет.421/пр 04.08.20 Пр.10 Т.3 п. 1.2 Наименование: Производство ремонтно-строительных работ осуществляется в помещениях эксплуатируемого объекта капитального строительства без остановки рабочего процесса, при этом: в зоне производства ремонтно-строительных работ имеются действующее технологическое или лабораторное оборудование, мебель и иные загромождающие помещения предметы Поправка: Прил. 9.3, п.5 Наименование: Разборка (демонтаж) металлических конструкций | CO46: 0 | CP46: =(P46+Q46+S46) -> 510.13 | CQ46: =AC46*BC46 -> 0 | CR46: =AD46*BB46 -> 0 | CS46: =AE46*BS46 -> 0 | CT46: =AF46*BA46 -> 510.134 | CU46: =AG46 -> 0 | CV46: =AH46 -> 1.7766 | CW46: =AI46 -> 0 | CX46: =AJ46 -> 0 | CY46: =(((S46+R46)*AT46)/100) -> 413.2053 | CZ46: =(((S46+R46)*AU46)/100) -> 367.2936 | DD46: )*0 | DE46: )*1,35)*0,7 | DF46: )*1,35)*0,7 | DG46: )*1,35)*0,7 | DI46: )*1,35)*0,7 | DJ46: )*1,35)*0,7 | DN46: 0 | DO46: 0 | DP46: 1 | DQ46: 1 | DU46: 1013 | DV46: ШТ | DW46: ШТ | DX46: 1 | EE46: 64095025 | EF46: 2 | EG46: Общестроительные работы | EH46: 0 | EJ46: 1 | EK46: 9001 | EL46: Металлические конструкции | EM46: ФЕР-09 | EO46: Поправка: Мет.421/пр 04.08.20 Пр.10 Т.3 п. 1.2 Поправка: Прил. 9.3, п.5 | EQ46: 0 | ER46: 16.04 | ES46: 0 | ET46: 0 | EU46: 0 | EV46: 16.04 | EW46: 1.88 | EX46: 0 | EY46: 0 | FQ46: 0 | FR46: =ROUND(IF(AND(BH46=3,BI46=3),P46,0),2) -> 0 | FS46: 0 | FT46: *0,9 | FU46: *0,85 | FX46: 81 | FY46: 72.25 | GD46: 1 | GF46: -2147393965 | GG46: 2 | GH46: 1 | GI46: 2 | GJ46: 0 | GK46: 0 | GL46: =ROUND(IF(AND(BH46=3,BI46=3,FS46<>0),P46,0),2) -> 0 | GM46: =ROUND(O46+X46+Y46,2)+GX46 -> 1290.63 | GN46: =IF(OR(BI46=0,BI46=1),ROUND(O46+X46+Y46,2),0) -> 1290.63 | GO46: =IF(BI46=2,ROUND(O46+X46+Y46,2),0) -> 0 | GP46: =IF(BI46=4,ROUND(O46+X46+Y46,2)+GX46,0) -> 0 | GR46: 0 | GS46: 3 | GT46: 0 | GV46: =ROUND((GT46),2) -> 0 | GW46: 1 | GX46: =ROUND(HC46*I46,2) -> 0 | HA46: 0 | HB46: 0 | HC46: =GV46*GW46 -> 0 | IK46: 0
A47: 17 | B47: 1 | C47: =ROW(SmtRes!A78) -> 78 | D47: =ROW(EtalonRes!A87) -> 87 | E47: 16 | F47: 09-05-014-01 | G47: Демонтаж вывески ПВХ (информационной) с сохранением | H47: ШТ | I47: =ROUND(1,5) -> 1 | J47: 0 | O47: =ROUND(CP47,2) -> 24.56 | P47: =ROUND(CQ47*I47,2) -> 0 | Q47: =ROUND(CR47*I47,2) -> 0 | R47: =ROUND(CS47*I47,2) -> 0 | S47: =ROUND(CT47*I47,2) -> 24.56 | T47: =ROUND(CU47*I47,2) -> 0 | U47: =CV47*I47 -> 0.08505 | V47: =CW47*I47 -> 0 | W47: =ROUND(CX47*I47,2) -> 0 | X47: =ROUND(CY47,2) -> 19.89 | Y47: =ROUND(CZ47,2) -> 17.68 | AA47: 68990560 | AB47: =ROUND((AC47+AD47+AF47),2) -> 0.73 | AC47: =ROUND(((ES47*0)),2) -> 0 | AD47: =ROUND((((((ET47*1.35)*0.7))-(((EU47*1.35)*0.7)))+AE47),2) -> 0 | AE47: =ROUND((((EU47*1.35)*0.7)),2) -> 0 | AF47: =ROUND((((EV47*1.35)*0.7)),2) -> 0.73 | AG47: =ROUND((AP47),2) -> 0 | AH47: =(((EW47*1.35)*0.7)) -> 0.08505 | AI47: =(((EX47*1.35)*0.7)) -> 0 | AJ47: =(AS47) -> 0 | AK47: 0.98 | AL47: 0.21 | AM47: 0 | AN47: 0 | AO47: 0.77 | AP47: 0 | AQ47: 0.09 | AR47: 0 | AS47: 0 | AT47: 81 | AU47: 72 | AV47: 1 | AW47: 1 | AZ47: 1 | BA47: 33.65 | BB47: 1 | BC47: 5.56 | BH47: 0 | BI47: 1 | BJ47: ФЕР-2001 доп. 1, 09-05-014-01, приказ Минстроя России № 172/пр от 30.03.2020 | BM47: 9001 | BN47: 0 | BO47: 09-05-014-01 | BP47: 1 | BQ47: 2 | BR47: 0 | BS47: 33.65 | BT47: 1 | BU47: 1 | BV47: 1 | BW47: 1 | BX47: 1 | BZ47: 90 | CA47: 85 | CE47: 0 | CF47: 0 | CG47: 0 | CM47: 0 | CN47: Поправка: Мет.421/пр 04.08.20 Пр.10 Т.3 п. 1.2 Наименование: Производство ремонтно-строительных работ осуществляется в помещениях эксплуатируемого объекта капитального строительства без остановки рабочего процесса, при этом: в зоне производства ремонтно-строительных работ имеются действующее технологическое или лабораторное оборудование, мебель и иные загромождающие помещения предметы Поправка: Прил. 9.3, п.5 Наименование: Разборка (демонтаж) металлических конструкций | CO47: 0 | CP47: =(P47+Q47+S47) -> 24.56 | CQ47: =AC47*BC47 -> 0 | CR47: =AD47*BB47 -> 0 | CS47: =AE47*BS47 -> 0 | CT47: =AF47*BA47 -> 24.5645 | CU47: =AG47 -> 0 | CV47: =AH47 -> 0.08505 | CW47: =AI47 -> 0 | CX47: =AJ47 -> 0 | CY47: =(((S47+R47)*AT47)/100) -> 19.8936 | CZ47: =(((S47+R47)*AU47)/100) -> 17.6832 | DD47: )*0 | DE47: )*1,35)*0,7 | DF47: )*1,35)*0,7 | DG47: )*1,35)*0,7 | DI47: )*1,35)*0,7 | DJ47: )*1,35)*0,7 | DN47: 0 | DO47: 0 | DP47: 1 | DQ47: 1 | DU47: 1013 | DV47: ШТ | DW47: ШТ | DX47: 1 | EE47: 64095025 | EF47: 2 | EG47: Общестроительные работы | EH47: 0 | EJ47: 1 | EK47: 9001 | EL47: Металлические конструкции | EM47: ФЕР-09 | EO47: Поправка: Мет.421/пр 04.08.20 Пр.10 Т.3 п. 1.2 Поправка: Прил. 9.3, п.5 | EQ47: 0 | ER47: 0.98 | ES47: 0.21 | ET47: 0 | EU47: 0 | EV47: 0.77 | EW47: 0.09 | EX47: 0 | EY47: 0 | FQ47: 0 | FR47: =ROUND(IF(AND(BH47=3,BI47=3),P47,0),2) -> 0 | FS47: 0 | FT47: *0,9 | FU47: *0,85 | FX47: 81 | FY47: 72.25 | GD47: 1 | GF47: -1036280430 | GG47: 2 | GH47: 1 | GI47: 2 | GJ47: 0 | GK47: 0 | GL47: =ROUND(IF(AND(BH47=3,BI47=3,FS47<>0),P47,0),2) -> 0 | GM47: =ROUND(O47+X47+Y47,2)+GX47 -> 62.13 | GN47: =IF(OR(BI47=0,BI47=1),ROUND(O47+X47+Y47,2),0) -> 62.13 | GO47: =IF(BI47=2,ROUND(O47+X47+Y47,2),0) -> 0 | GP47: =IF(BI47=4,ROUND(O47+X47+Y47,2)+GX47,0) -> 0 | GR47: 0 | GS47: 3 | GT47: 0 | GV47: =ROUND((GT47),2) -> 0 | GW47: 1 | GX47: =ROUND(HC47*I47,2) -> 0 | HA47: 0 | HB47: 0 | HC47: =GV47*GW47 -> 0 | IK47: 0
A48: 17 | B48: 1 | C48: =ROW(SmtRes!A100) -> 100 | D48: =ROW(EtalonRes!A110) -> 110 | E48: 17 | F48: 09-03-039-05 | G48: Демонтаж урн с сохранением | H48: т | I48: =ROUND(0.007,5) -> 0.007 | J48: 0 | O48: =ROUND(CP48,2) -> 50.01 | P48: =ROUND(CQ48*I48,2) -> 0 | Q48: =ROUND(CR48*I48,2) -> 13.81 | R48: =ROUND(CS48*I48,2) -> 4.38 | S48: =ROUND(CT48*I48,2) -> 36.2 | T48: =ROUND(CU48*I48,2) -> 0 | U48: =CV48*I48 -> 0.1144395 | V48: =CW48*I48 -> 0.00972405 | W48: =ROUND(CX48*I48,2) -> 0 | X48: =ROUND(CY48,2) -> 32.87 | Y48: =ROUND(CZ48,2) -> 29.22 | AA48: 68990560 | AB48: =ROUND((AC48+AD48+AF48),2) -> 370.08 | AC48: =ROUND(((ES48*0)),2) -> 0 | AD48: =ROUND((((((ET48*1.35)*0.7))-(((EU48*1.35)*0.7)))+AE48),2) -> 216.4 | AE48: =ROUND((((EU48*1.35)*0.7)),2) -> 18.59 | AF48: =ROUND((((EV48*1.35)*0.7)),2) -> 153.68 | AG48: =ROUND((AP48),2) -> 0 | AH48: =(((EW48*1.35)*0.7)) -> 16.3485 | AI48: =(((EX48*1.35)*0.7)) -> 1.38915 | AJ48: =(AS48) -> 0 | AK48: 842.06 | AL48: 450.45 | AM48: 228.99 | AN48: 19.67 | AO48: 162.62 | AP48: 0 | AQ48: 17.3 | AR48: 1.47 | AS48: 0 | AT48: 81 | AU48: 72 | AV48: 1 | AW48: 1 | AZ48: 1 | BA48: 33.65 | BB48: 9.12 | BC48: 10.1 | BH48: 0 | BI48: 1 | BJ48: ФЕР-2001, 09-03-039-05, приказ Минстроя России № 876/пр от 26.12.2019 | BM48: 9001 | BN48: 0 | BO48: 09-03-039-05 | BP48: 1 | BQ48: 2 | BR48: 0 | BS48: 33.65 | BT48: 1 | BU48: 1 | BV48: 1 | BW48: 1 | BX48: 1 | BZ48: 90 | CA48: 85 | CE48: 0 | CF48: 0 | CG48: 0 | CM48: 0 | CN48: Поправка: Мет.421/пр 04.08.20 Пр.10 Т.3 п. 1.2 Наименование: Производство ремонтно-строительных работ осуществляется в помещениях эксплуатируемого объекта капитального строительства без остановки рабочего процесса, при этом: в зоне производства ремонтно-строительных работ имеются действующее технологическое или лабораторное оборудование, мебель и иные загромождающие помещения предметы Поправка: Прил. 9.3, п.5 Наименование: Разборка (демонтаж) металлических конструкций | CO48: 0 | CP48: =(P48+Q48+S48) -> 50.01 | CQ48: =AC48*BC48 -> 0 | CR48: =AD48*BB48 -> 1973.568 | CS48: =AE48*BS48 -> 625.5535 | CT48: =AF48*BA48 -> 5171.332 | CU48: =AG48 -> 0 | CV48: =AH48 -> 16.3485 | CW48: =AI48 -> 1.38915 | CX48: =AJ48 -> 0 | CY48: =(((S48+R48)*AT48)/100) -> 32.8698 | CZ48: =(((S48+R48)*AU48)/100) -> 29.2176 | DD48: )*0 | DE48: )*1,35)*0,7 | DF48: )*1,35)*0,7 | DG48: )*1,35)*0,7 | DI48: )*1,35)*0,7 | DJ48: )*1,35)*0,7 | DN48: 0 | DO48: 0 | DP48: 1 | DQ48: 1 | DU48: 1009 | DV48: т | DW48: т | DX48: 1000 | EE48: 64095025 | EF48: 2 | EG48: Общестроительные работы | EH48: 0 | EJ48: 1 | EK48: 9001 | EL48: Металлические конструкции | EM48: ФЕР-09 | EO48: Поправка: Мет.421/пр 04.08.20 Пр.10 Т.3 п. 1.2 Поправка: Прил. 9.3, п.5 | EQ48: 0 | ER48: 842.06 | ES48: 450.45 | ET48: 228.99 | EU48: 19.67 | EV48: 162.62 | EW48: 17.3 | EX48: 1.47 | EY48: 0 | FQ48: 0 | FR48: =ROUND(IF(AND(BH48=3,BI48=3),P48,0),2) -> 0 | FS48: 0 | FT48: *0,9 | FU48: *0,85 | FX48: 81 | FY48: 72.25 | GD48: 1 | GF48: 1610540365 | GG48: 2 | GH48: 1 | GI48: 2 | GJ48: 0 | GK48: 0 | GL48: =ROUND(IF(AND(BH48=3,BI48=3,FS48<>0),P48,0),2) -> 0 | GM48: =ROUND(O48+X48+Y48,2)+GX48 -> 112.1 | GN48: =IF(OR(BI48=0,BI48=1),ROUND(O48+X48+Y48,2),0) -> 112.1 | GO48: =IF(BI48=2,ROUND(O48+X48+Y48,2),0) -> 0 | GP48: =IF(BI48=4,ROUND(O48+X48+Y48,2)+GX48,0) -> 0 | GR48: 0 | GS48: 3 | GT48: 0 | GV48: =ROUND((GT48),2) -> 0 | GW48: 1 | GX48: =ROUND(HC48*I48,2) -> 0 | HA48: 0 | HB48: 0 | HC48: =GV48*GW48 -> 0 | IK48: 0
A49: 17 | B49: 1 | C49: =ROW(SmtRes!A104) -> 104 | D49: =ROW(EtalonRes!A115) -> 115 | E49: 18 | F49: 09-04-012-02 | G49: Демонтаж доводчиков дверных | H49: ШТ | I49: =ROUND(2,5) -> 2 | J49: 0 | O49: =ROUND(CP49,2) -> 719.66 | P49: =ROUND(CQ49*I49,2) -> 0 | Q49: =ROUND(CR49*I49,2) -> 19.74 | R49: =ROUND(CS49*I49,2) -> 0 | S49: =ROUND(CT49*I49,2) -> 699.92 | T49: =ROUND(CU49*I49,2) -> 0 | U49: =CV49*I49 -> 2.0979 | V49: =CW49*I49 -> 0 | W49: =ROUND(CX49*I49,2) -> 0 | X49: =ROUND(CY49,2) -> 566.94 | Y49: =ROUND(CZ49,2) -> 503.94 | AA49: 68990560 | AB49: =ROUND((AC49+AD49+AF49),2) -> 12.39 | AC49: =ROUND(((ES49*0)),2) -> 0 | AD49: =ROUND((((((ET49*1.35)*0.7))-(((EU49*1.35)*0.7)))+AE49),2) -> 1.99 | AE49: =ROUND((((EU49*1.35)*0.7)),2) -> 0 | AF49: =ROUND((((EV49*1.35)*0.7)),2) -> 10.4 | AG49: =ROUND((AP49),2) -> 0 | AH49: =(((EW49*1.35)*0.7)) -> 1.04895 | AI49: =(((EX49*1.35)*0.7)) -> 0 | AJ49: =(AS49) -> 0 | AK49: 15.44 | AL49: 2.32 | AM49: 2.11 | AN49: 0 | AO49: 11.01 | AP49: 0 | AQ49: 1.11 | AR49: 0 | AS49: 0 | AT49: 81 | AU49: 72 | AV49: 1 | AW49: 1 | AZ49: 1 | BA49: 33.65 | BB49: 4.96 | BC49: 5.59 | BH49: 0 | BI49: 1 | BJ49: ФЕР-2001, 09-04-012-02, приказ Минстроя России № 876/пр от 26.12.2019 | BM49: 9001 | BN49: 0 | BO49: 09-04-012-02 | BP49: 1 | BQ49: 2 | BR49: 0 | BS49: 33.65 | BT49: 1 | BU49: 1 | BV49: 1 | BW49: 1 | BX49: 1 | BZ49: 90 | CA49: 85 | CE49: 0 | CF49: 0 | CG49: 0 | CM49: 0 | CN49: Поправка: Мет.421/пр 04.08.20 Пр.10 Т.3 п. 1.2 Наименование: Производство ремонтно-строительных работ осуществляется в помещениях эксплуатируемого объекта капитального строительства без остановки рабочего процесса, при этом: в зоне производства ремонтно-строительных работ имеются действующее технологическое или лабораторное оборудование, мебель и иные загромождающие помещения предметы Поправка: Прил. 9.3, п.5 Наименование: Разборка (демонтаж) металлических конструкций | CO49: 0 | CP49: =(P49+Q49+S49) -> 719.66 | CQ49: =AC49*BC49 -> 0 | CR49: =AD49*BB49 -> 9.8704 | CS49: =AE49*BS49 -> 0 | CT49: =AF49*BA49 -> 349.96 | CU49: =AG49 -> 0 | CV49: =AH49 -> 1.04895 | CW49: =AI49 -> 0 | CX49: =AJ49 -> 0 | CY49: =(((S49+R49)*AT49)/100) -> 566.9352 | CZ49: =(((S49+R49)*AU49)/100) -> 503.9424 | DD49: )*0 | DE49: )*1,35)*0,7 | DF49: )*1,35)*0,7 | DG49: )*1,35)*0,7 | DI49: )*1,35)*0,7 | DJ49: )*1,35)*0,7 | DN49: 0 | DO49: 0 | DP49: 1 | DQ49: 1 | DU49: 1013 | DV49: ШТ | DW49: ШТ | DX49: 1 | EE49: 64095025 | EF49: 2 | EG49: Общестроительные работы | EH49: 0 | EJ49: 1 | EK49: 9001 | EL49: Металлические конструкции | EM49: ФЕР-09 | EO49: Поправка: Мет.421/пр 04.08.20 Пр.10 Т.3 п. 1.2 Поправка: Прил. 9.3, п.5 | EQ49: 0 | ER49: 15.44 | ES49: 2.32 | ET49: 2.11 | EU49: 0 | EV49: 11.01 | EW49: 1.11 | EX49: 0 | EY49: 0 | FQ49: 0 | FR49: =ROUND(IF(AND(BH49=3,BI49=3),P49,0),2) -> 0 | FS49: 0 | FT49: *0,9 | FU49: *0,85 | FX49: 81 | FY49: 72.25 | GD49: 1 | GF49: -1183198104 | GG49: 2 | GH49: 1 | GI49: 2 | GJ49: 0 | GK49: 0 | GL49: =ROUND(IF(AND(BH49=3,BI49=3,FS49<>0),P49,0),2) -> 0 | GM49: =ROUND(O49+X49+Y49,2)+GX49 -> 1790.54 | GN49: =IF(OR(BI49=0,BI49=1),ROUND(O49+X49+Y49,2),0) -> 1790.54 | GO49: =IF(BI49=2,ROUND(O49+X49+Y49,2),0) -> 0 | GP49: =IF(BI49=4,ROUND(O49+X49+Y49,2)+GX49,0) -> 0 | GR49: 0 | GS49: 3 | GT49: 0 | GV49: =ROUND((GT49),2) -> 0 | GW49: 1 | GX49: =ROUND(HC49*I49,2) -> 0 | HA49: 0 | HB49: 0 | HC49: =GV49*GW49 -> 0 | IK49: 0
A50: 17 | B50: 1 | C50: =ROW(SmtRes!A110) -> 110 | D50: =ROW(EtalonRes!A121) -> 121 | E50: 19 | F50: 68-12-4 | G50: Разборка асфальтового покрытия толщиной 50 мм с резкой - 9 м.п. (под площадку входа и тактильную плитку) | H50: 100 м3 | I50: =ROUND(0.21/100,5) -> 0.0021 | J50: 0 | O50: =ROUND(CP50,2) -> 177.49 | P50: =ROUND(CQ50*I50,2) -> 0 | Q50: =ROUND(CR50*I50,2) -> 72.82 | R50: =ROUND(CS50*I50,2) -> 32.36 | S50: =ROUND(CT50*I50,2) -> 104.67 | T50: =ROUND(CU50*I50,2) -> 0 | U50: =CV50*I50 -> 0.374325 | V50: =CW50*I50 -> 0.09430575 | W50: =ROUND(CX50*I50,2) -> 0 | X50: =ROUND(CY50,2) -> 142.51 | Y50: =ROUND(CZ50,2) -> 82.22 | AA50: 68990560 | AB50: =ROUND((AC50+AD50+AF50),2) -> 5725.59 | AC50: =ROUND((ES50),2) -> 0 | AD50: =ROUND(((((ET50*1.15))-((EU50*1.15)))+AE50),2) -> 4244.33 | AE50: =ROUND(((EU50*1.15)),2) -> 457.91 | AF50: =ROUND(((EV50*1.15)),2) -> 1481.26 | AG50: =ROUND((AP50),2) -> 0 | AH50: =((EW50*1.15)) -> 178.25 | AI50: =((EX50*1.15)) -> 44.9075 | AJ50: =(AS50) -> 0 | AK50: 4978.77 | AL50: 0 | AM50: 3690.72 | AN50: 398.18 | AO50: 1288.05 | AP50: 0 | AQ50: 155 | AR50: 39.05 | AS50: 0 | AT50: 104 | AU50: 60 | AV50: 1 | AW50: 1 | AZ50: 1 | BA50: 33.65 | BB50: 8.17 | BC50: 1 | BH50: 0 | BI50: 1 | BJ50: ФЕРр-2001, 68-12-4, приказ Минстроя России № 876/пр от 26.12.2019 | BM50: 68001 | BN50: 0 | BO50: 68-12-4 | BP50: 1 | BQ50: 6 | BR50: 0 | BS50: 33.65 | BT50: 1 | BU50: 1 | BV50: 1 | BW50: 1 | BX50: 1 | BZ50: 104 | CA50: 60 | CE50: 0 | CF50: 0 | CG50: 0 | CM50: 0 | CN50: Поправка: Мет.421/пр 04.08.20 Пр.10 Т.3 п. 1.2 Наименование: Производство ремонтно-строительных работ осуществляется в помещениях эксплуатируемого объекта капитального строительства без остановки рабочего процесса, при этом: в зоне производства ремонтно-строительных работ имеются действующее технологическое или лабораторное оборудование, мебель и иные загромождающие помещения предметы | CO50: 0 | CP50: =(P50+Q50+S50) -> 177.49 | CQ50: =AC50*BC50 -> 0 | CR50: =AD50*BB50 -> 34676.176 | CS50: =AE50*BS50 -> 15408.672 | CT50: =AF50*BA50 -> 49844.399 | CU50: =AG50 -> 0 | CV50: =AH50 -> 178.25 | CW50: =AI50 -> 44.9075 | CX50: =AJ50 -> 0 | CY50: =(((S50+R50)*AT50)/100) -> 142.5112 | CZ50: =(((S50+R50)*AU50)/100) -> 82.218 | DE50: )*1,15 | DF50: )*1,15 | DG50: )*1,15 | DI50: )*1,15 | DJ50: )*1,15 | DN50: 0 | DO50: 0 | DP50: 1 | DQ50: 1 | DU50: 1007 | DV50: 100 м3 | DW50: 100 м3 | DX50: 100 | EE50: 64095152 | EF50: 6 | EG50: Ремонтно-строительные работы | EH50: 0 | EJ50: 1 | EK50: 68001 | EL50: Благоустройство | EM50: рФЕР-68 | EO50: Поправка: Мет.421/пр 04.08.20 Пр.10 Т.3 п. 1.2 | EQ50: 0 | ER50: 4978.77 | ES50: 0 | ET50: 3690.72 | EU50: 398.18 | EV50: 1288.05 | EW50: 155 | EX50: 39.05 | EY50: 0 | FQ50: 0 | FR50: =ROUND(IF(AND(BH50=3,BI50=3),P50,0),2) -> 0 | FS50: 0 | FX50: 104 | FY50: 60 | GD50: 1 | GF50: 1363290292 | GG50: 2 | GH50: 1 | GI50: 2 | GJ50: 0 | GK50: 0 | GL50: =ROUND(IF(AND(BH50=3,BI50=3,FS50<>0),P50,0),2) -> 0 | GM50: =ROUND(O50+X50+Y50,2)+GX50 -> 402.22 | GN50: =IF(OR(BI50=0,BI50=1),ROUND(O50+X50+Y50,2),0) -> 402.22 | GO50: =IF(BI50=2,ROUND(O50+X50+Y50,2),0) -> 0 | GP50: =IF(BI50=4,ROUND(O50+X50+Y50,2)+GX50,0) -> 0 | GR50: 0 | GS50: 3 | GT50: 0 | GV50: =ROUND((GT50),2) -> 0 | GW50: 1 | GX50: =ROUND(HC50*I50,2) -> 0 | HA50: 0 | HB50: 0 | HC50: =GV50*GW50 -> 0 | IK50: 0
A51: 19 | B51: 1 | G51: Общестроительные работы | AA51: 1 | IK51: 0
A52: 17 | B52: 1 | C52: =ROW(SmtRes!A111) -> 111 | D52: =ROW(EtalonRes!A122) -> 122 | E52: 20 | F52: 01-02-057-02 | G52: Разработка грунта вручную в траншеях глубиной до 2 м без креплений с откосами, группа грунтов: 2 | H52: 100 м3 | I52: =ROUND(0.42/100,5) -> 0.0042 | J52: 0 | O52: =ROUND(CP52,2) -> 263.56 | P52: =ROUND(CQ52*I52,2) -> 0 | Q52: =ROUND(CR52*I52,2) -> 0 | R52: =ROUND(CS52*I52,2) -> 0 | S52: =ROUND(CT52*I52,2) -> 263.56 | T52: =ROUND(CU52*I52,2) -> 0 | U52: =CV52*I52 -> 1.004157 | V52: =CW52*I52 -> 0 | W52: =ROUND(CX52*I52,2) -> 0 | X52: =ROUND(CY52,2) -> 189.76 | Y52: =ROUND(CZ52,2) -> 100.15 | AA52: 68990560 | AB52: =ROUND((AC52+AD52+AF52),2) -> 1864.86 | AC52: =ROUND((ES52),2) -> 0 | AD52: =ROUND((((((ET52*1.25)*1.35))-(((EU52*1.25)*1.35)))+AE52),2) -> 0 | AE52: =ROUND((((EU52*1.25)*1.35)),2) -> 0 | AF52: =ROUND((((EV52*1.15)*1.35)),2) -> 1864.86 | AG52: =ROUND((AP52),2) -> 0 | AH52: =(((EW52*1.15)*1.35)) -> 239.085 | AI52: =(((EX52*1.25)*1.35)) -> 0 | AJ52: =(AS52) -> 0 | AK52: 1201.2 | AL52: 0 | AM52: 0 | AN52: 0 | AO52: 1201.2 | AP52: 0 | AQ52: 154 | AR52: 0 | AS52: 0 | AT52: 72 | AU52: 38 | AV52: 1 | AW52: 1 | AZ52: 1 | BA52: 33.65 | BB52: 1 | BC52: 1 | BH52: 0 | BI52: 1 | BJ52: ФЕР-2001, 01-02-057-02, приказ Минстроя России № 876/пр от 26.12.2019 | BM52: 1003 | BN52: 0 | BO52: 01-02-057-02 | BP52: 1 | BQ52: 2 | BR52: 0 | BS52: 33.65 | BT52: 1 | BU52: 1 | BV52: 1 | BW52: 1 | BX52: 1 | BZ52: 80 | CA52: 45 | CE52: 0 | CF52: 0 | CG52: 0 | CM52: 0 | CN52: Поправка: М-ка 421/пр 04.08.20 п.58 п.п. б) Наименование: При отсутствии необходимых норм (единичных расценок), включенных в сборники ГЭСНр (ФЕРр, ТЕРр), сметные затраты на работы по капитальному ремонту и реконструкции объектов капитального строительства могут быть определены по сметным нормам, включенным в ГЭСН (ФЕР, ТЕР), аналогичным технологическим процессам в новом строительстве, в том числе по возведению новых конструктивных элементов Поправка: Мет.421/пр 04.08.20 Пр.10 Т.3 п. 1.2 Наименование: Производство ремонтно-строительных работ осуществляется в помещениях эксплуатируемого объекта капитального строительства без остановки рабочего процесса, при этом: в зоне производства ремонтно-строительных работ имеются действующее технологическое или лабораторное оборудование, мебель и иные загромождающие помещения предметы | CO52: 0 | CP52: =(P52+Q52+S52) -> 263.56 | CQ52: =AC52*BC52 -> 0 | CR52: =AD52*BB52 -> 0 | CS52: =AE52*BS52 -> 0 | CT52: =AF52*BA52 -> 62752.539 | CU52: =AG52 -> 0 | CV52: =AH52 -> 239.085 | CW52: =AI52 -> 0 | CX52: =AJ52 -> 0 | CY52: =(((S52+R52)*AT52)/100) -> 189.7632 | CZ52: =(((S52+R52)*AU52)/100) -> 100.1528 | DE52: )*1,25)*1,35 | DF52: )*1,25)*1,35 | DG52: )*1,15)*1,35 | DI52: )*1,15)*1,35 | DJ52: )*1,25)*1,35 | DN52: 0 | DO52: 0 | DP52: 1 | DQ52: 1 | DU52: 1007 | DV52: 100 м3 | DW52: 100 м3 | DX52: 100 | EE52: 64095002 | EF52: 2 | EG52: Общестроительные работы | EH52: 0 | EJ52: 1 | EK52: 1003 | EL52: Земляные работы, выполняемые ручным способом | EM52: ФЕР-01 | EO52: Поправка: М-ка 421/пр 04.08.20 п.58 п.п. б) Поправка: Мет.421/пр 04.08.20 Пр.10 Т.3 п. 1.2 | EQ52: 0 | ER52: 1201.2 | ES52: 0 | ET52: 0 | EU52: 0 | EV52: 1201.2 | EW52: 154 | EX52: 0 | EY52: 0 | FQ52: 0 | FR52: =ROUND(IF(AND(BH52=3,BI52=3),P52,0),2) -> 0 | FS52: 0 | FT52: *0,9 | FU52: *0,85 | FX52: 72 | FY52: 38.25 | GD52: 1 | GF52: 2082858189 | GG52: 2 | GH52: 1 | GI52: 2 | GJ52: 0 | GK52: 0 | GL52: =ROUND(IF(AND(BH52=3,BI52=3,FS52<>0),P52,0),2) -> 0 | GM52: =ROUND(O52+X52+Y52,2)+GX52 -> 553.47 | GN52: =IF(OR(BI52=0,BI52=1),ROUND(O52+X52+Y52,2),0) -> 553.47 | GO52: =IF(BI52=2,ROUND(O52+X52+Y52,2),0) -> 0 | GP52: =IF(BI52=4,ROUND(O52+X52+Y52,2)+GX52,0) -> 0 | GR52: 0 | GS52: 3 | GT52: 0 | GV52: =ROUND((GT52),2) -> 0 | GW52: 1 | GX52: =ROUND(HC52*I52,2) -> 0 | HA52: 0 | HB52: 0 | HC52: =GV52*GW52 -> 0 | IK52: 0
A53: 17 | B53: 1 | C53: =ROW(SmtRes!A129) -> 129 | D53: =ROW(EtalonRes!A140) -> 140 | E53: 21 | F53: 10-06-032-01 | G53: Устройство перегородок из гипсоволокнистых листов (ГВЛв) с одинарным металлическим каркасом и двухслойной обшивкой с обеих сторон | H53: 100 м2 | I53: =ROUND(21/100,5) -> 0.21 | J53: 0 | O53: =ROUND(CP53,2) -> 34973.19 | P53: =ROUND(CQ53*I53,2) -> 20174.9 | Q53: =ROUND(CR53*I53,2) -> 469.62 | R53: =ROUND(CS53*I53,2) -> 206.91 | S53: =ROUND(CT53*I53,2) -> 14328.67 | T53: =ROUND(CU53*I53,2) -> 0 | U53: =CV53*I53 -> 46.9476 | V53: =CW53*I53 -> 0.4748625 | W53: =ROUND(CX53*I53,2) -> 0 | X53: =ROUND(CY53,2) -> 15407.71 | Y53: =ROUND(CZ53,2) -> 7849.21 | AA53: 68990560 | AB53: =ROUND((AC53+AD53+AF53),2) -> 15549.43 | AC53: =ROUND((ES53),2) -> 13287.82 | AD53: =ROUND((((((ET53*1.25)*1.35))-(((EU53*1.25)*1.35)))+AE53),2) -> 233.92 | AE53: =ROUND((((EU53*1.25)*1.35)),2) -> 29.28 | AF53: =ROUND((((EV53*1.15)*1.35)),2) -> 2027.69 | AG53: =ROUND((AP53),2) -> 0 | AH53: =(((EW53*1.15)*1.35)) -> 223.56 | AI53: =(((EX53*1.25)*1.35)) -> 2.26125 | AJ53: =(AS53) -> 0 | AK53: 14732.52 | AL53: 13287.82 | AM53: 138.62 | AN53: 17.35 | AO53: 1306.08 | AP53: 0 | AQ53: 144 | AR53: 1.34 | AS53: 0 | AT53: 106 | AU53: 54 | AV53: 1 | AW53: 1 | AZ53: 1 | BA53: 33.65 | BB53: 9.56 | BC53: 7.23 | BH53: 0 | BI53: 1 | BJ53: ФЕР-2001, 10-06-032-01, приказ Минстроя России № 876/пр от 26.12.2019 | BM53: 10001 | BN53: 0 | BO53: 10-06-032-01 | BP53: 1 | BQ53: 2 | BR53: 0 | BS53: 33.65 | BT53: 1 | BU53: 1 | BV53: 1 | BW53: 1 | BX53: 1 | BZ53: 118 | CA53: 63 | CE53: 0 | CF53: 0 | CG53: 0 | CM53: 0 | CN53: Поправка: М-ка 421/пр 04.08.20 п.58 п.п. б) Наименование: При отсутствии необходимых норм (единичных расценок), включенных в сборники ГЭСНр (ФЕРр, ТЕРр), сметные затраты на работы по капитальному ремонту и реконструкции объектов капитального строительства могут быть определены по сметным нормам, включенным в ГЭСН (ФЕР, ТЕР), аналогичным технологическим процессам в новом строительстве, в том числе по возведению новых конструктивных элементов Поправка: Мет.421/пр 04.08.20 Пр.10 Т.3 п. 1.2 Наименование: Производство ремонтно-строительных работ осуществляется в помещениях эксплуатируемого объекта капитального строительства без остановки рабочего процесса, при этом: в зоне производства ремонтно-строительных работ имеются действующее технологическое или лабораторное оборудование, мебель и иные загромождающие помещения предметы | CO53: 0 | CP53: =(P53+Q53+S53) -> 34973.19 | CQ53: =AC53*BC53 -> 96070.939 | CR53: =AD53*BB53 -> 2236.2752 | CS53: =AE53*BS53 -> 985.272 | CT53: =AF53*BA53 -> 68231.769 | CU53: =AG53 -> 0 | CV53: =AH53 -> 223.56 | CW53: =AI53 -> 2.26125 | CX53: =AJ53 -> 0 | CY53: =(((S53+R53)*AT53)/100) -> 15407.715 | CZ53: =(((S53+R53)*AU53)/100) -> 7849.2132 | DE53: )*1,25)*1,35 | DF53: )*1,25)*1,35 | DG53: )*1,15)*1,35 | DI53: )*1,15)*1,35 | DJ53: )*1,25)*1,35 | DN53: 0 | DO53: 0 | DP53: 1 | DQ53: 1 | DU53: 1005 | DV53: 100 м2 | DW53: 100 м2 | DX53: 100 | EE53: 64095026 | EF53: 2 | EG53: Общестроительные работы | EH53: 0 | EJ53: 1 | EK53: 10001 | EL53: Деревянные конструкции | EM53: ФЕР-10 | EO53: Поправка: М-ка 421/пр 04.08.20 п.58 п.п. б) Поправка: Мет.421/пр 04.08.20 Пр.10 Т.3 п. 1.2 | EQ53: 0 | ER53: 14732.52 | ES53: 13287.82 | ET53: 138.62 | EU53: 17.35 | EV53: 1306.08 | EW53: 144 | EX53: 1.34 | EY53: 0 | FQ53: 0 | FR53: =ROUND(IF(AND(BH53=3,BI53=3),P53,0),2) -> 0 | FS53: 0 | FT53: *0,9 | FU53: *0,85 | FX53: 106.2 | FY53: 53.55 | GD53: 1 | GF53: -1538440594 | GG53: 2 | GH53: 1 | GI53: 2 | GJ53: 0 | GK53: 0 | GL53: =ROUND(IF(AND(BH53=3,BI53=3,FS53<>0),P53,0),2) -> 0 | GM53: =ROUND(O53+X53+Y53,2)+GX53 -> 58230.11 | GN53: =IF(OR(BI53=0,BI53=1),ROUND(O53+X53+Y53,2),0) -> 58230.11 | GO53: =IF(BI53=2,ROUND(O53+X53+Y53,2),0) -> 0 | GP53: =IF(BI53=4,ROUND(O53+X53+Y53,2)+GX53,0) -> 0 | GR53: 0 | GS53: 3 | GT53: 0 | GV53: =ROUND((GT53),2) -> 0 | GW53: 1 | GX53: =ROUND(HC53*I53,2) -> 0 | HA53: 0 | HB53: 0 | HC53: =GV53*GW53 -> 0 | IK53: 0
A54: 18 | B54: 1 | C54: 127 | E54: 21,1 | F54: 12.2.05.05-0009 | G54: Плиты теплоизоляционные минераловатные на синтетическом связующем, толщиной 60 мм | H54: м3 | I54: =I53*J54 -> 1.26 | J54: 6 | O54: =ROUND(CP54,2) -> 3616.11 | P54: =ROUND(CQ54*I54,2) -> 3616.11 | Q54: =ROUND(CR54*I54,2) -> 0 | R54: =ROUND(CS54*I54,2) -> 0 | S54: =ROUND(CT54*I54,2) -> 0 | T54: =ROUND(CU54*I54,2) -> 0 | U54: =CV54*I54 -> 0 | V54: =CW54*I54 -> 0 | W54: =ROUND(CX54*I54,2) -> 0 | X54: =ROUND(CY54,2) -> 0 | Y54: =ROUND(CZ54,2) -> 0 | AA54: 68990560 | AB54: =ROUND((AC54+AD54+AF54),2) -> 359.64 | AC54: =ROUND((ES54),2) -> 359.64 | AD54: =ROUND((((ET54)-(EU54))+AE54),2) -> 0 | AE54: =ROUND((EU54),2) -> 0 | AF54: =ROUND((EV54),2) -> 0 | AG54: =ROUND((AP54),2) -> 0 | AH54: =(EW54) -> 0 | AI54: =(EX54) -> 0 | AJ54: =(AS54) -> 0 | AK54: 359.64 | AL54: 359.64 | AM54: 0 | AN54: 0 | AO54: 0 | AP54: 0 | AQ54: 0 | AR54: 0 | AS54: 0 | AT54: 106 | AU54: 54 | AV54: 1 | AW54: 1 | AZ54: 1 | BA54: 1 | BB54: 1 | BC54: 7.98 | BH54: 3 | BI54: 1 | BJ54: КТЦ (Стройинформресурс) к ФЕР-2020, 12.2.05.05-0009 | BM54: 10001 | BN54: 0 | BO54: 12.2.05.05-0009 | BP54: 1 | BQ54: 2 | BR54: 0 | BS54: 1 | BT54: 1 | BU54: 1 | BV54: 1 | BW54: 1 | BX54: 1 | BZ54: 118 | CA54: 63 | CE54: 0 | CF54: 0 | CG54: 0 | CM54: 0 | CO54: 0 | CP54: =(P54+Q54+S54) -> 3616.11 | CQ54: =AC54*BC54 -> 2869.9272 | CR54: =AD54*BB54 -> 0 | CS54: =AE54*BS54 -> 0 | CT54: =AF54*BA54 -> 0 | CU54: =AG54 -> 0 | CV54: =AH54 -> 0 | CW54: =AI54 -> 0 | CX54: =AJ54 -> 0 | CY54: =(((S54+R54)*AT54)/100) -> 0 | CZ54: =(((S54+R54)*AU54)/100) -> 0 | DN54: 0 | DO54: 0 | DP54: 1 | DQ54: 1 | DU54: 1007 | DV54: м3 | DW54: м3 | DX54: 1 | EE54: 64095026 | EF54: 2 | EG54: Общестроительные работы | EH54: 0 | EJ54: 1 | EK54: 10001 | EL54: Деревянные конструкции | EM54: ФЕР-10 | EQ54: 0 | ER54: 359.64 | ES54: 359.64 | ET54: 0 | EU54: 0 | EV54: 0 | EW54: 0 | EX54: 0 | FQ54: 0 | FR54: =ROUND(IF(AND(BH54=3,BI54=3),P54,0),2) -> 0 | FS54: 0 | FT54: *0,9 | FU54: *0,85 | FX54: 106.2 | FY54: 53.55 | GD54: 1 | GF54: -1061747194 | GG54: 2 | GH54: 1 | GI54: 2 | GJ54: 0 | GK54: 0 | GL54: =ROUND(IF(AND(BH54=3,BI54=3,FS54<>0),P54,0),2) -> 0 | GM54: =ROUND(O54+X54+Y54,2)+GX54 -> 3616.11 | GN54: =IF(OR(BI54=0,BI54=1),ROUND(O54+X54+Y54,2),0) -> 3616.11 | GO54: =IF(BI54=2,ROUND(O54+X54+Y54,2),0) -> 0 | GP54: =IF(BI54=4,ROUND(O54+X54+Y54,2)+GX54,0) -> 0 | GR54: 0 | GS54: 3 | GT54: 0 | GV54: =ROUND((GT54),2) -> 0 | GW54: 1 | GX54: =ROUND(HC54*I54,2) -> 0 | HA54: 0 | HB54: 0 | HC54: =GV54*GW54 -> 0 | IK54: 0
A55: 17 | B55: 1 | C55: =ROW(SmtRes!A137) -> 137 | D55: =ROW(EtalonRes!A148) -> 148 | E55: 22 | F55: 15-02-019-03 | G55: Сплошное выравнивание внутренних поверхностей (однослойное оштукатуривание) из сухих растворных смесей толщиной до 10 мм: стен | H55: 100 м2 | I55: =ROUND(42/100,5) -> 0.42 | J55: 0 | O55: =ROUND(CP55,2) -> 6345.47 | P55: =ROUND(CQ55*I55,2) -> 6.66 | Q55: =ROUND(CR55*I55,2) -> 257.95 | R55: =ROUND(CS55*I55,2) -> 240.4 | S55: =ROUND(CT55*I55,2) -> 6080.86 | T55: =ROUND(CU55*I55,2) -> 0 | U55: =CV55*I55 -> 21.185105 | V55: =CW55*I55 -> 0.6591375 | W55: =ROUND(CX55*I55,2) -> 0 | X55: =ROUND(CY55,2) -> 6005.2 | Y55: =ROUND(CZ55,2) -> 2970.99 | AA55: 68990560 | AB55: =ROUND((AC55+AD55+AF55),2) -> 460.24 | AC55: =ROUND((ES55),2) -> 1.24 | AD55: =ROUND((((((ET55*1.25)*1.35))-(((EU55*1.25)*1.35)))+AE55),2) -> 28.74 | AE55: =ROUND((((EU55*1.25)*1.35)),2) -> 17.01 | AF55: =ROUND((((EV55*1.15)*1.35)),2) -> 430.26 | AG55: =ROUND((AP55),2) -> 0 | AH55: =(((EW55*1.15)*1.35)) -> 50.440725 | AI55: =(((EX55*1.25)*1.35)) -> 1.569375 | AJ55: =(AS55) -> 0 | AK55: 295.41 | AL55: 1.24 | AM55: 17.03 | AN55: 10.08 | AO55: 277.14 | AP55: 0 | AQ55: 32.49 | AR55: 0.93 | AS55: 0 | AT55: 95 | AU55: 47 | AV55: 1 | AW55: 1 | AZ55: 1 | BA55: 33.65 | BB55: 21.37 | BC55: 12.78 | BH55: 0 | BI55: 1 | BJ55: ФЕР-2001, 15-02-019-03, приказ Минстроя России № 876/пр от 26.12.2019 | BM55: 15001 | BN55: 0 | BO55: 15-02-019-03 | BP55: 1 | BQ55: 2 | BR55: 0 | BS55: 33.65 | BT55: 1 | BU55: 1 | BV55: 1 | BW55: 1 | BX55: 1 | BZ55: 105 | CA55: 55 | CE55: 0 | CF55: 0 | CG55: 0 | CM55: 0 | CN55: Поправка: М-ка 421/пр 04.08.20 п.58 п.п. б) Наименование: При отсутствии необходимых норм (единичных расценок), включенных в сборники ГЭСНр (ФЕРр, ТЕРр), сметные затраты на работы по капитальному ремонту и реконструкции объектов капитального строительства могут быть определены по сметным нормам, включенным в ГЭСН (ФЕР, ТЕР), аналогичным технологическим процессам в новом строительстве, в том числе по возведению новых конструктивных элементов Поправка: Мет.421/пр 04.08.20 Пр.10 Т.3 п. 1.2 Наименование: Производство ремонтно-строительных работ осуществляется в помещениях эксплуатируемого объекта капитального строительства без остановки рабочего процесса, при этом: в зоне производства ремонтно-строительных работ имеются действующее технологическое или лабораторное оборудование, мебель и иные загромождающие помещения предметы | CO55: 0 | CP55: =(P55+Q55+S55) -> 6345.47 | CQ55: =AC55*BC55 -> 15.8472 | CR55: =AD55*BB55 -> 614.1738 | CS55: =AE55*BS55 -> 572.3865 | CT55: =AF55*BA55 -> 14478.249 | CU55: =AG55 -> 0 | CV55: =AH55 -> 50.440725 | CW55: =AI55 -> 1.569375 | CX55: =AJ55 -> 0 | CY55: =(((S55+R55)*AT55)/100) -> 6005.197 | CZ55: =(((S55+R55)*AU55)/100) -> 2970.9922 | DE55: )*1,25)*1,35 | DF55: )*1,25)*1,35 | DG55: )*1,15)*1,35 | DI55: )*1,15)*1,35 | DJ55: )*1,25)*1,35 | DN55: 0 | DO55: 0 | DP55: 1 | DQ55: 1 | DU55: 1005 | DV55: 100 м2 | DW55: 100 м2 | DX55: 100 | EE55: 64095052 | EF55: 2 | EG55: Общестроительные работы | EH55: 0 | EJ55: 1 | EK55: 15001 | EL55: Отделочные работы | EM55: ФЕР-15 | EO55: Поправка: М-ка 421/пр 04.08.20 п.58 п.п. б) Поправка: Мет.421/пр 04.08.20 Пр.10 Т.3 п. 1.2 | EQ55: 0 | ER55: 295.41 | ES55: 1.24 | ET55: 17.03 | EU55: 10.08 | EV55: 277.14 | EW55: 32.49 | EX55: 0.93 | EY55: 0 | FQ55: 0 | FR55: =ROUND(IF(AND(BH55=3,BI55=3),P55,0),2) -> 0 | FS55: 0 | FT55: *0,9 | FU55: *0,85 | FX55: 94.5 | FY55: 46.75 | GD55: 1 | GF55: 1702297309 | GG55: 2 | GH55: 1 | GI55: 2 | GJ55: 0 | GK55: 0 | GL55: =ROUND(IF(AND(BH55=3,BI55=3,FS55<>0),P55,0),2) -> 0 | GM55: =ROUND(O55+X55+Y55,2)+GX55 -> 15321.66 | GN55: =IF(OR(BI55=0,BI55=1),ROUND(O55+X55+Y55,2),0) -> 15321.66 | GO55: =IF(BI55=2,ROUND(O55+X55+Y55,2),0) -> 0 | GP55: =IF(BI55=4,ROUND(O55+X55+Y55,2)+GX55,0) -> 0 | GR55: 0 | GS55: 3 | GT55: 0 | GV55: =ROUND((GT55),2) -> 0 | GW55: 1 | GX55: =ROUND(HC55*I55,2) -> 0 | HA55: 0 | HB55: 0 | HC55: =GV55*GW55 -> 0 | IK55: 0
A56: 18 | B56: 1 | C56: 136 | E56: 22,1 | F56: 04.3.02.09-1015 | G56: Смеси сухие штукатурно-клеевые на цементной основе для наружных и внутренних работ, фракции 1,5 м | H56: кг | I56: =I55*J56 -> 357 | J56: 850 | O56: =ROUND(CP56,2) -> 6898.95 | P56: =ROUND(CQ56*I56,2) -> 6898.95 | Q56: =ROUND(CR56*I56,2) -> 0 | R56: =ROUND(CS56*I56,2) -> 0 | S56: =ROUND(CT56*I56,2) -> 0 | T56: =ROUND(CU56*I56,2) -> 0 | U56: =CV56*I56 -> 0 | V56: =CW56*I56 -> 0 | W56: =ROUND(CX56*I56,2) -> 0 | X56: =ROUND(CY56,2) -> 0 | Y56: =ROUND(CZ56,2) -> 0 | AA56: 68990560 | AB56: =ROUND((AC56+AD56+AF56),2) -> 2.64 | AC56: =ROUND((ES56),2) -> 2.64 | AD56: =ROUND((((ET56)-(EU56))+AE56),2) -> 0 | AE56: =ROUND((EU56),2) -> 0 | AF56: =ROUND((EV56),2) -> 0 | AG56: =ROUND((AP56),2) -> 0 | AH56: =(EW56) -> 0 | AI56: =(EX56) -> 0 | AJ56: =(AS56) -> 0 | AK56: 2.64 | AL56: 2.64 | AM56: 0 | AN56: 0 | AO56: 0 | AP56: 0 | AQ56: 0 | AR56: 0 | AS56: 0 | AT56: 95 | AU56: 47 | AV56: 1 | AW56: 1 | AZ56: 1 | BA56: 1 | BB56: 1 | BC56: 7.32 | BH56: 3 | BI56: 1 | BJ56: КТЦ (Стройинформресурс) к ФЕР-2020, 04.3.02.09-1015 | BM56: 15001 | BN56: 0 | BO56: 04.3.02.09-1015 | BP56: 1 | BQ56: 2 | BR56: 0 | BS56: 1 | BT56: 1 | BU56: 1 | BV56: 1 | BW56: 1 | BX56: 1 | BZ56: 105 | CA56: 55 | CE56: 0 | CF56: 0 | CG56: 0 | CM56: 0 | CO56: 0 | CP56: =(P56+Q56+S56) -> 6898.95 | CQ56: =AC56*BC56 -> 19.3248 | CR56: =AD56*BB56 -> 0 | CS56: =AE56*BS56 -> 0 | CT56: =AF56*BA56 -> 0 | CU56: =AG56 -> 0 | CV56: =AH56 -> 0 | CW56: =AI56 -> 0 | CX56: =AJ56 -> 0 | CY56: =(((S56+R56)*AT56)/100) -> 0 | CZ56: =(((S56+R56)*AU56)/100) -> 0 | DN56: 0 | DO56: 0 | DP56: 1 | DQ56: 1 | DU56: 1009 | DV56: кг | DW56: кг | DX56: 1 | EE56: 64095052 | EF56: 2 | EG56: Общестроительные работы | EH56: 0 | EJ56: 1 | EK56: 15001 | EL56: Отделочные работы | EM56: ФЕР-15 | EQ56: 0 | ER56: 2.64 | ES56: 2.64 | ET56: 0 | EU56: 0 | EV56: 0 | EW56: 0 | EX56: 0 | FQ56: 0 | FR56: =ROUND(IF(AND(BH56=3,BI56=3),P56,0),2) -> 0 | FS56: 0 | FT56: *0,9 | FU56: *0,85 | FX56: 94.5 | FY56: 46.75 | GD56: 1 | GF56: 375865034 | GG56: 2 | GH56: 1 | GI56: 2 | GJ56: 0 | GK56: 0 | GL56: =ROUND(IF(AND(BH56=3,BI56=3,FS56<>0),P56,0),2) -> 0 | GM56: =ROUND(O56+X56+Y56,2)+GX56 -> 6898.95 | GN56: =IF(OR(BI56=0,BI56=1),ROUND(O56+X56+Y56,2),0) -> 6898.95 | GO56: =IF(BI56=2,ROUND(O56+X56+Y56,2),0) -> 0 | GP56: =IF(BI56=4,ROUND(O56+X56+Y56,2)+GX56,0) -> 0 | GR56: 0 | GS56: 3 | GT56: 0 | GV56: =ROUND((GT56),2) -> 0 | GW56: 1 | GX56: =ROUND(HC56*I56,2) -> 0 | HA56: 0 | HB56: 0 | HC56: =GV56*GW56 -> 0 | IK56: 0
A57: 18 | B57: 1 | C57: 137 | E57: 22,2 | F57: 14.4.01.02-0011 | G57: Грунтовка укрепляющая, глубокого проникновения для внутренних и наружних работ. Время высыхания при t 20 влажности 65% (ч) : 3-5; Плотность:1300-1450; Температура применения:+5°С +30°С; Норма расхода (мл/м2):100-150; Тип грунтовки: дисперсия акриловых сополимеров; Серия: Грунт укрепляющий; Морозостойкость (циклов): не менее 5; Связующее вещество: Акриловый сополимер | H57: л | I57: =I55*J57 -> 8.4 | J57: 20 | O57: =ROUND(CP57,2) -> 1369.11 | P57: =ROUND(CQ57*I57,2) -> 1369.11 | Q57: =ROUND(CR57*I57,2) -> 0 | R57: =ROUND(CS57*I57,2) -> 0 | S57: =ROUND(CT57*I57,2) -> 0 | T57: =ROUND(CU57*I57,2) -> 0 | U57: =CV57*I57 -> 0 | V57: =CW57*I57 -> 0 | W57: =ROUND(CX57*I57,2) -> 0 | X57: =ROUND(CY57,2) -> 0 | Y57: =ROUND(CZ57,2) -> 0 | AA57: 68990560 | AB57: =ROUND((AC57+AD57+AF57),2) -> 43.58 | AC57: =ROUND((ES57),2) -> 43.58 | AD57: =ROUND((((ET57)-(EU57))+AE57),2) -> 0 | AE57: =ROUND((EU57),2) -> 0 | AF57: =ROUND((EV57),2) -> 0 | AG57: =ROUND((AP57),2) -> 0 | AH57: =(EW57) -> 0 | AI57: =(EX57) -> 0 | AJ57: =(AS57) -> 0 | AK57: 43.58 | AL57: 43.58 | AM57: 0 | AN57: 0 | AO57: 0 | AP57: 0 | AQ57: 0 | AR57: 0 | AS57: 0 | AT57: 95 | AU57: 47 | AV57: 1 | AW57: 1 | AZ57: 1 | BA57: 1 | BB57: 1 | BC57: 3.74 | BH57: 3 | BI57: 1 | BJ57: ФССЦ-2001, 14.4.01.02-0011, приказ Минстроя России № 876/пр от 26.12.2019 | BM57: 15001 | BN57: 0 | BO57: 14.4.01.02-0011 | BP57: 1 | BQ57: 2 | BR57: 0 | BS57: 1 | BT57: 1 | BU57: 1 | BV57: 1 | BW57: 1 | BX57: 1 | BZ57: 105 | CA57: 55 | CE57: 0 | CF57: 0 | CG57: 0 | CM57: 0 | CO57: 0 | CP57: =(P57+Q57+S57) -> 1369.11 | CQ57: =AC57*BC57 -> 162.9892 | CR57: =AD57*BB57 -> 0 | CS57: =AE57*BS57 -> 0 | CT57: =AF57*BA57 -> 0 | CU57: =AG57 -> 0 | CV57: =AH57 -> 0 | CW57: =AI57 -> 0 | CX57: =AJ57 -> 0 | CY57: =(((S57+R57)*AT57)/100) -> 0 | CZ57: =(((S57+R57)*AU57)/100) -> 0 | DN57: 0 | DO57: 0 | DP57: 1 | DQ57: 1 | DU57: 1002 | DV57: л | DW57: л | DX57: 1 | EE57: 64095052 | EF57: 2 | EG57: Общестроительные работы | EH57: 0 | EJ57: 1 | EK57: 15001 | EL57: Отделочные работы | EM57: ФЕР-15 | EQ57: 0 | ER57: 43.58 | ES57: 43.58 | ET57: 0 | EU57: 0 | EV57: 0 | EW57: 0 | EX57: 0 | FQ57: 0 | FR57: =ROUND(IF(AND(BH57=3,BI57=3),P57,0),2) -> 0 | FS57: 0 | FT57: *0,9 | FU57: *0,85 | FX57: 94.5 | FY57: 46.75 | GD57: 1 | GF57: 1151322612 | GG57: 2 | GH57: 1 | GI57: 2 | GJ57: 0 | GK57: 0 | GL57: =ROUND(IF(AND(BH57=3,BI57=3,FS57<>0),P57,0),2) -> 0 | GM57: =ROUND(O57+X57+Y57,2)+GX57 -> 1369.11 | GN57: =IF(OR(BI57=0,BI57=1),ROUND(O57+X57+Y57,2),0) -> 1369.11 | GO57: =IF(BI57=2,ROUND(O57+X57+Y57,2),0) -> 0 | GP57: =IF(BI57=4,ROUND(O57+X57+Y57,2)+GX57,0) -> 0 | GR57: 0 | GS57: 0 | GT57: 0 | GV57: =ROUND((GT57),2) -> 0 | GW57: 1 | GX57: =ROUND(HC57*I57,2) -> 0 | HA57: 0 | HB57: 0 | HC57: =GV57*GW57 -> 0 | IK57: 0
A58: 17 | B58: 1 | C58: =ROW(SmtRes!A146) -> 146 | D58: =ROW(EtalonRes!A157) -> 157 | E58: 23 | F58: 15-04-007-03 | G58: Окраска водно-дисперсионными акриловыми составами улучшенная: по сборным конструкциям стен, подготовленным под окраску | H58: 100 м2 | I58: =ROUND(42/100,5) -> 0.42 | J58: 0 | O58: =ROUND(CP58,2) -> 6633.31 | P58: =ROUND(CQ58*I58,2) -> 212.66 | Q58: =ROUND(CR58*I58,2) -> 57.83 | R58: =ROUND(CS58*I58,2) -> 30.53 | S58: =ROUND(CT58*I58,2) -> 6362.82 | T58: =ROUND(CU58*I58,2) -> 0 | U58: =CV58*I58 -> 21.341596 | V58: =CW58*I58 -> 0.0779625 | W58: =ROUND(CX58*I58,2) -> 0 | X58: =ROUND(CY58,2) -> 6073.68 | Y58: =ROUND(CZ58,2) -> 3004.87 | AA58: 68990560 | AB58: =ROUND((AC58+AD58+AF58),2) -> 580.07 | AC58: =ROUND((ES58),2) -> 118.3 | AD58: =ROUND((((((ET58*1.25)*1.35))-(((EU58*1.25)*1.35)))+AE58),2) -> 11.56 | AE58: =ROUND((((EU58*1.25)*1.35)),2) -> 2.16 | AF58: =ROUND((((EV58*1.15)*1.35)),2) -> 450.21 | AG58: =ROUND((AP58),2) -> 0 | AH58: =(((EW58*1.15)*1.35)) -> 50.813325 | AI58: =(((EX58*1.25)*1.35)) -> 0.185625 | AJ58: =(AS58) -> 0 | AK58: 415.14 | AL58: 118.3 | AM58: 6.85 | AN58: 1.28 | AO58: 289.99 | AP58: 0 | AQ58: 32.73 | AR58: 0.11 | AS58: 0 | AT58: 95 | AU58: 47 | AV58: 1 | AW58: 1 | AZ58: 1 | BA58: 33.65 | BB58: 11.91 | BC58: 4.28 | BH58: 0 | BI58: 1 | BJ58: ФЕР-2001, 15-04-007-03, приказ Минстроя России № 876/пр от 26.12.2019 | BM58: 15001 | BN58: 0 | BO58: 15-04-007-03 | BP58: 1 | BQ58: 2 | BR58: 0 | BS58: 33.65 | BT58: 1 | BU58: 1 | BV58: 1 | BW58: 1 | BX58: 1 | BZ58: 105 | CA58: 55 | CE58: 0 | CF58: 0 | CG58: 0 | CM58: 0 | CN58: Поправка: М-ка 421/пр 04.08.20 п.58 п.п. б) Наименование: При отсутствии необходимых норм (единичных расценок), включенных в сборники ГЭСНр (ФЕРр, ТЕРр), сметные затраты на работы по капитальному ремонту и реконструкции объектов капитального строительства могут быть определены по сметным нормам, включенным в ГЭСН (ФЕР, ТЕР), аналогичным технологическим процессам в новом строительстве, в том числе по возведению новых конструктивных элементов Поправка: Мет.421/пр 04.08.20 Пр.10 Т.3 п. 1.2 Наименование: Производство ремонтно-строительных работ осуществляется в помещениях эксплуатируемого объекта капитального строительства без остановки рабочего процесса, при этом: в зоне производства ремонтно-строительных работ имеются действующее технологическое или лабораторное оборудование, мебель и иные загромождающие помещения предметы | CO58: 0 | CP58: =(P58+Q58+S58) -> 6633.31 | CQ58: =AC58*BC58 -> 506.324 | CR58: =AD58*BB58 -> 137.6796 | CS58: =AE58*BS58 -> 72.684 | CT58: =AF58*BA58 -> 15149.566 | CU58: =AG58 -> 0 | CV58: =AH58 -> 50.813325 | CW58: =AI58 -> 0.185625 | CX58: =AJ58 -> 0 | CY58: =(((S58+R58)*AT58)/100) -> 6073.6825 | CZ58: =(((S58+R58)*AU58)/100) -> 3004.8745 | DE58: )*1,25)*1,35 | DF58: )*1,25)*1,35 | DG58: )*1,15)*1,35 | DI58: )*1,15)*1,35 | DJ58: )*1,25)*1,35 | DN58: 0 | DO58: 0 | DP58: 1 | DQ58: 1 | DU58: 1005 | DV58: 100 м2 | DW58: 100 м2 | DX58: 100 | EE58: 64095052 | EF58: 2 | EG58: Общестроительные работы | EH58: 0 | EJ58: 1 | EK58: 15001 | EL58: Отделочные работы | EM58: ФЕР-15 | EO58: Поправка: М-ка 421/пр 04.08.20 п.58 п.п. б) Поправка: Мет.421/пр 04.08.20 Пр.10 Т.3 п. 1.2 | EQ58: 0 | ER58: 415.14 | ES58: 118.3 | ET58: 6.85 | EU58: 1.28 | EV58: 289.99 | EW58: 32.73 | EX58: 0.11 | EY58: 0 | FQ58: 0 | FR58: =ROUND(IF(AND(BH58=3,BI58=3),P58,0),2) -> 0 | FS58: 0 | FT58: *0,9 | FU58: *0,85 | FX58: 94.5 | FY58: 46.75 | GD58: 1 | GF58: 782023760 | GG58: 2 | GH58: 1 | GI58: 2 | GJ58: 0 | GK58: 0 | GL58: =ROUND(IF(AND(BH58=3,BI58=3,FS58<>0),P58,0),2) -> 0 | GM58: =ROUND(O58+X58+Y58,2)+GX58 -> 15711.86 | GN58: =IF(OR(BI58=0,BI58=1),ROUND(O58+X58+Y58,2),0) -> 15711.86 | GO58: =IF(BI58=2,ROUND(O58+X58+Y58,2),0) -> 0 | GP58: =IF(BI58=4,ROUND(O58+X58+Y58,2)+GX58,0) -> 0 | GR58: 0 | GS58: 3 | GT58: 0 | GV58: =ROUND((GT58),2) -> 0 | GW58: 1 | GX58: =ROUND(HC58*I58,2) -> 0 | HA58: 0 | HB58: 0 | HC58: =GV58*GW58 -> 0 | IK58: 0
A59: 18 | B59: 1 | C59: 144 | E59: 23,1 | F59: 14.3.02.01-0005 | G59: Краска на чистом акрилатном связующем, обладающая стойкостью к мытью и содержащая противоплесневый компонент. Полуматовая. Расход 5-8 м2/л по впитывающей поверхности; 7-10 м2/л по ровной невпитывающей поверхности. Разбавитель Вода. Время высыхания (при 20±2°C и относительной влажности 65±5 %) От пыли - 2 часа. Плотность (кг/л) Ок. 1,2 кг/л. Химическая стойкость -Устойчива к растворителям. Стойкость к мытью. Устойчивость к сильным моющим и дезинфекционным средствам. Стойкость к мокрому истиранию 1 класс по ISO 11998 и EN 13300. Термостойкость 85°C, ISO 4211-2 и ISO 4211-3. Сухой остаток по объему 40% | H59: л | I59: =I58*J59 -> 12.6 | J59: 30 | O59: =ROUND(CP59,2) -> 7716.21 | P59: =ROUND(CQ59*I59,2) -> 7716.21 | Q59: =ROUND(CR59*I59,2) -> 0 | R59: =ROUND(CS59*I59,2) -> 0 | S59: =ROUND(CT59*I59,2) -> 0 | T59: =ROUND(CU59*I59,2) -> 0 | U59: =CV59*I59 -> 0 | V59: =CW59*I59 -> 0 | W59: =ROUND(CX59*I59,2) -> 0 | X59: =ROUND(CY59,2) -> 0 | Y59: =ROUND(CZ59,2) -> 0 | AA59: 68990560 | AB59: =ROUND((AC59+AD59+AF59),2) -> 85.77 | AC59: =ROUND((ES59),2) -> 85.77 | AD59: =ROUND((((ET59)-(EU59))+AE59),2) -> 0 | AE59: =ROUND((EU59),2) -> 0 | AF59: =ROUND((EV59),2) -> 0 | AG59: =ROUND((AP59),2) -> 0 | AH59: =(EW59) -> 0 | AI59: =(EX59) -> 0 | AJ59: =(AS59) -> 0 | AK59: 85.77 | AL59: 85.77 | AM59: 0 | AN59: 0 | AO59: 0 | AP59: 0 | AQ59: 0 | AR59: 0 | AS59: 0 | AT59: 95 | AU59: 47 | AV59: 1 | AW59: 1 | AZ59: 1 | BA59: 1 | BB59: 1 | BC59: 7.14 | BH59: 3 | BI59: 1 | BJ59: КТЦ (Стройинформресурс) к ФЕР-2020, 14.3.02.01-0005 | BM59: 15001 | BN59: 0 | BO59: 14.3.02.01-0005 | BP59: 1 | BQ59: 2 | BR59: 0 | BS59: 1 | BT59: 1 | BU59: 1 | BV59: 1 | BW59: 1 | BX59: 1 | BZ59: 105 | CA59: 55 | CE59: 0 | CF59: 0 | CG59: 0 | CM59: 0 | CO59: 0 | CP59: =(P59+Q59+S59) -> 7716.21 | CQ59: =AC59*BC59 -> 612.3978 | CR59: =AD59*BB59 -> 0 | CS59: =AE59*BS59 -> 0 | CT59: =AF59*BA59 -> 0 | CU59: =AG59 -> 0 | CV59: =AH59 -> 0 | CW59: =AI59 -> 0 | CX59: =AJ59 -> 0 | CY59: =(((S59+R59)*AT59)/100) -> 0 | CZ59: =(((S59+R59)*AU59)/100) -> 0 | DN59: 0 | DO59: 0 | DP59: 1 | DQ59: 1 | DU59: 1002 | DV59: л | DW59: л | DX59: 1 | EE59: 64095052 | EF59: 2 | EG59: Общестроительные работы | EH59: 0 | EJ59: 1 | EK59: 15001 | EL59: Отделочные работы | EM59: ФЕР-15 | EQ59: 0 | ER59: 85.77 | ES59: 85.77 | ET59: 0 | EU59: 0 | EV59: 0 | EW59: 0 | EX59: 0 | FQ59: 0 | FR59: =ROUND(IF(AND(BH59=3,BI59=3),P59,0),2) -> 0 | FS59: 0 | FT59: *0,9 | FU59: *0,85 | FX59: 94.5 | FY59: 46.75 | GD59: 1 | GF59: -49844416 | GG59: 2 | GH59: 1 | GI59: 2 | GJ59: 0 | GK59: 0 | GL59: =ROUND(IF(AND(BH59=3,BI59=3,FS59<>0),P59,0),2) -> 0 | GM59: =ROUND(O59+X59+Y59,2)+GX59 -> 7716.21 | GN59: =IF(OR(BI59=0,BI59=1),ROUND(O59+X59+Y59,2),0) -> 7716.21 | GO59: =IF(BI59=2,ROUND(O59+X59+Y59,2),0) -> 0 | GP59: =IF(BI59=4,ROUND(O59+X59+Y59,2)+GX59,0) -> 0 | GR59: 0 | GS59: 3 | GT59: 0 | GV59: =ROUND((GT59),2) -> 0 | GW59: 1 | GX59: =ROUND(HC59*I59,2) -> 0 | HA59: 0 | HB59: 0 | HC59: =GV59*GW59 -> 0 | IK59: 0
A60: 18 | B60: 1 | C60: 145 | E60: 23,2 | F60: 14.4.01.02-0011 | G60: Грунтовка укрепляющая, глубокого проникновения для внутренних и наружних работ. Время высыхания при t 20 влажности 65% (ч) : 3-5; Плотность:1300-1450; Температура применения:+5°С +30°С; Норма расхода (мл/м2):100-150; Тип грунтовки: дисперсия акриловых сополимеров; Серия: Грунт укрепляющий; Морозостойкость (циклов): не менее 5; Связующее вещество: Акриловый сополимер | H60: л | I60: =I58*J60 -> 8.4 | J60: 20 | O60: =ROUND(CP60,2) -> 1369.11 | P60: =ROUND(CQ60*I60,2) -> 1369.11 | Q60: =ROUND(CR60*I60,2) -> 0 | R60: =ROUND(CS60*I60,2) -> 0 | S60: =ROUND(CT60*I60,2) -> 0 | T60: =ROUND(CU60*I60,2) -> 0 | U60: =CV60*I60 -> 0 | V60: =CW60*I60 -> 0 | W60: =ROUND(CX60*I60,2) -> 0 | X60: =ROUND(CY60,2) -> 0 | Y60: =ROUND(CZ60,2) -> 0 | AA60: 68990560 | AB60: =ROUND((AC60+AD60+AF60),2) -> 43.58 | AC60: =ROUND((ES60),2) -> 43.58 | AD60: =ROUND((((ET60)-(EU60))+AE60),2) -> 0 | AE60: =ROUND((EU60),2) -> 0 | AF60: =ROUND((EV60),2) -> 0 | AG60: =ROUND((AP60),2) -> 0 | AH60: =(EW60) -> 0 | AI60: =(EX60) -> 0 | AJ60: =(AS60) -> 0 | AK60: 43.58 | AL60: 43.58 | AM60: 0 | AN60: 0 | AO60: 0 | AP60: 0 | AQ60: 0 | AR60: 0 | AS60: 0 | AT60: 95 | AU60: 47 | AV60: 1 | AW60: 1 | AZ60: 1 | BA60: 1 | BB60: 1 | BC60: 3.74 | BH60: 3 | BI60: 1 | BJ60: ФССЦ-2001, 14.4.01.02-0011, приказ Минстроя России № 876/пр от 26.12.2019 | BM60: 15001 | BN60: 0 | BO60: 14.4.01.02-0011 | BP60: 1 | BQ60: 2 | BR60: 0 | BS60: 1 | BT60: 1 | BU60: 1 | BV60: 1 | BW60: 1 | BX60: 1 | BZ60: 105 | CA60: 55 | CE60: 0 | CF60: 0 | CG60: 0 | CM60: 0 | CO60: 0 | CP60: =(P60+Q60+S60) -> 1369.11 | CQ60: =AC60*BC60 -> 162.9892 | CR60: =AD60*BB60 -> 0 | CS60: =AE60*BS60 -> 0 | CT60: =AF60*BA60 -> 0 | CU60: =AG60 -> 0 | CV60: =AH60 -> 0 | CW60: =AI60 -> 0 | CX60: =AJ60 -> 0 | CY60: =(((S60+R60)*AT60)/100) -> 0 | CZ60: =(((S60+R60)*AU60)/100) -> 0 | DN60: 0 | DO60: 0 | DP60: 1 | DQ60: 1 | DU60: 1002 | DV60: л | DW60: л | DX60: 1 | EE60: 64095052 | EF60: 2 | EG60: Общестроительные работы | EH60: 0 | EJ60: 1 | EK60: 15001 | EL60: Отделочные работы | EM60: ФЕР-15 | EQ60: 0 | ER60: 43.58 | ES60: 43.58 | ET60: 0 | EU60: 0 | EV60: 0 | EW60: 0 | EX60: 0 | FQ60: 0 | FR60: =ROUND(IF(AND(BH60=3,BI60=3),P60,0),2) -> 0 | FS60: 0 | FT60: *0,9 | FU60: *0,85 | FX60: 94.5 | FY60: 46.75 | GD60: 1 | GF60: 1151322612 | GG60: 2 | GH60: 1 | GI60: 2 | GJ60: 0 | GK60: 0 | GL60: =ROUND(IF(AND(BH60=3,BI60=3,FS60<>0),P60,0),2) -> 0 | GM60: =ROUND(O60+X60+Y60,2)+GX60 -> 1369.11 | GN60: =IF(OR(BI60=0,BI60=1),ROUND(O60+X60+Y60,2),0) -> 1369.11 | GO60: =IF(BI60=2,ROUND(O60+X60+Y60,2),0) -> 0 | GP60: =IF(BI60=4,ROUND(O60+X60+Y60,2)+GX60,0) -> 0 | GR60: 0 | GS60: 0 | GT60: 0 | GV60: =ROUND((GT60),2) -> 0 | GW60: 1 | GX60: =ROUND(HC60*I60,2) -> 0 | HA60: 0 | HB60: 0 | HC60: =GV60*GW60 -> 0 | IK60: 0
A61: 17 | B61: 1 | C61: =ROW(SmtRes!A152) -> 152 | D61: =ROW(EtalonRes!A162) -> 162 | E61: 24 | F61: 15-01-047-15 | G61: Устройство потолка подвесного кассетного Армстронг алюминиевого с перфорацией, 600х600 мм, белый матовый | H61: 100 м2 | I61: =ROUND(4.5/100,5) -> 0.045 | J61: 0 | O61: =ROUND(CP61,2) -> 5010 | P61: =ROUND(CQ61*I61,2) -> 2448.95 | Q61: =ROUND(CR61*I61,2) -> 296.88 | R61: =ROUND(CS61*I61,2) -> 161.98 | S61: =ROUND(CT61*I61,2) -> 2264.17 | T61: =ROUND(CU61*I61,2) -> 0 | U61: =CV61*I61 -> 7.1581117 | V61: =CW61*I61 -> 0.40550625 | W61: =ROUND(CX61*I61,2) -> 0 | X61: =ROUND(CY61,2) -> 2304.84 | Y61: =ROUND(CZ61,2) -> 1140.29 | AA61: 68990560 | AB61: =ROUND((AC61+AD61+AF61),2) -> 7378.59 | AC61: =ROUND((ES61),2) -> 5335.4 | AD61: =ROUND((((((ET61*1.25)*1.35))-(((EU61*1.25)*1.35)))+AE61),2) -> 547.95 | AE61: =ROUND((((EU61*1.25)*1.35)),2) -> 106.97 | AF61: =ROUND((((EV61*1.15)*1.35)),2) -> 1495.24 | AG61: =ROUND((AP61),2) -> 0 | AH61: =(((EW61*1.15)*1.35)) -> 159.06915 | AI61: =(((EX61*1.25)*1.35)) -> 9.01125 | AJ61: =(AS61) -> 0 | AK61: 6623.23 | AL61: 5335.4 | AM61: 324.71 | AN61: 63.39 | AO61: 963.12 | AP61: 0 | AQ61: 102.46 | AR61: 5.34 | AS61: 0 | AT61: 95 | AU61: 47 | AV61: 1 | AW61: 1 | AZ61: 1 | BA61: 33.65 | BB61: 12.04 | BC61: 10.2 | BH61: 0 | BI61: 1 | BJ61: ФЕР-2001 доп.4, 15-01-047-15, приказ Минстроя России № 636/пр от 20.10.2020 | BM61: 15001 | BN61: 0 | BO61: 15-01-047-15 | BP61: 1 | BQ61: 2 | BR61: 0 | BS61: 33.65 | BT61: 1 | BU61: 1 | BV61: 1 | BW61: 1 | BX61: 1 | BZ61: 105 | CA61: 55 | CE61: 0 | CF61: 0 | CG61: 0 | CM61: 0 | CN61: Поправка: М-ка 421/пр 04.08.20 п.58 п.п. б) Наименование: При отсутствии необходимых норм (единичных расценок), включенных в сборники ГЭСНр (ФЕРр, ТЕРр), сметные затраты на работы по капитальному ремонту и реконструкции объектов капитального строительства могут быть определены по сметным нормам, включенным в ГЭСН (ФЕР, ТЕР), аналогичным технологическим процессам в новом строительстве, в том числе по возведению новых конструктивных элементов Поправка: Мет.421/пр 04.08.20 Пр.10 Т.3 п. 1.2 Наименование: Производство ремонтно-строительных работ осуществляется в помещениях эксплуатируемого объекта капитального строительства без остановки рабочего процесса, при этом: в зоне производства ремонтно-строительных работ имеются действующее технологическое или лабораторное оборудование, мебель и иные загромождающие помещения предметы | CO61: 0 | CP61: =(P61+Q61+S61) -> 5010 | CQ61: =AC61*BC61 -> 54421.08 | CR61: =AD61*BB61 -> 6597.318 | CS61: =AE61*BS61 -> 3599.5405 | CT61: =AF61*BA61 -> 50314.826 | CU61: =AG61 -> 0 | CV61: =AH61 -> 159.06915 | CW61: =AI61 -> 9.01125 | CX61: =AJ61 -> 0 | CY61: =(((S61+R61)*AT61)/100) -> 2304.8425 | CZ61: =(((S61+R61)*AU61)/100) -> 1140.2905 | DE61: )*1,25)*1,35 | DF61: )*1,25)*1,35 | DG61: )*1,15)*1,35 | DI61: )*1,15)*1,35 | DJ61: )*1,25)*1,35 | DN61: 0 | DO61: 0 | DP61: 1 | DQ61: 1 | DU61: 1005 | DV61: 100 м2 | DW61: 100 м2 | DX61: 100 | EE61: 64095052 | EF61: 2 | EG61: Общестроительные работы | EH61: 0 | EJ61: 1 | EK61: 15001 | EL61: Отделочные работы | EM61: ФЕР-15 | EO61: Поправка: М-ка 421/пр 04.08.20 п.58 п.п. б) Поправка: Мет.421/пр 04.08.20 Пр.10 Т.3 п. 1.2 | EQ61: 0 | ER61: 6623.23 | ES61: 5335.4 | ET61: 324.71 | EU61: 63.39 | EV61: 963.12 | EW61: 102.46 | EX61: 5.34 | EY61: 0 | FQ61: 0 | FR61: =ROUND(IF(AND(BH61=3,BI61=3),P61,0),2) -> 0 | FS61: 0 | FT61: *0,9 | FU61: *0,85 | FX61: 94.5 | FY61: 46.75 | GD61: 1 | GF61: 103452061 | GG61: 2 | GH61: 1 | GI61: 2 | GJ61: 0 | GK61: 0 | GL61: =ROUND(IF(AND(BH61=3,BI61=3,FS61<>0),P61,0),2) -> 0 | GM61: =ROUND(O61+X61+Y61,2)+GX61 -> 8455.13 | GN61: =IF(OR(BI61=0,BI61=1),ROUND(O61+X61+Y61,2),0) -> 8455.13 | GO61: =IF(BI61=2,ROUND(O61+X61+Y61,2),0) -> 0 | GP61: =IF(BI61=4,ROUND(O61+X61+Y61,2)+GX61,0) -> 0 | GR61: 0 | GS61: 3 | GT61: 0 | GV61: =ROUND((GT61),2) -> 0 | GW61: 1 | GX61: =ROUND(HC61*I61,2) -> 0 | HA61: 0 | HB61: 0 | HC61: =GV61*GW61 -> 0 | IK61: 0
A62: 18 | B62: 1 | C62: 152 | E62: 24,1 | F62: 09.2.01.04-3025 | G62: Панель потолочная металлическая: белая алюминиевая перфорированная с белой подвесной системой | H62: м2 | I62: =I61*J62 -> 4.635 | J62: 103 | O62: =ROUND(CP62,2) -> 3093.79 | P62: =ROUND(CQ62*I62,2) -> 3093.79 | Q62: =ROUND(CR62*I62,2) -> 0 | R62: =ROUND(CS62*I62,2) -> 0 | S62: =ROUND(CT62*I62,2) -> 0 | T62: =ROUND(CU62*I62,2) -> 0 | U62: =CV62*I62 -> 0 | V62: =CW62*I62 -> 0 | W62: =ROUND(CX62*I62,2) -> 0 | X62: =ROUND(CY62,2) -> 0 | Y62: =ROUND(CZ62,2) -> 0 | AA62: 68990560 | AB62: =ROUND((AC62+AD62+AF62),2) -> 146.7 | AC62: =ROUND((ES62),2) -> 146.7 | AD62: =ROUND((((ET62)-(EU62))+AE62),2) -> 0 | AE62: =ROUND((EU62),2) -> 0 | AF62: =ROUND((EV62),2) -> 0 | AG62: =ROUND((AP62),2) -> 0 | AH62: =(EW62) -> 0 | AI62: =(EX62) -> 0 | AJ62: =(AS62) -> 0 | AK62: 146.7 | AL62: 146.7 | AM62: 0 | AN62: 0 | AO62: 0 | AP62: 0 | AQ62: 0 | AR62: 0 | AS62: 0 | AT62: 95 | AU62: 47 | AV62: 1 | AW62: 1 | AZ62: 1 | BA62: 1 | BB62: 1 | BC62: 4.55 | BH62: 3 | BI62: 1 | BJ62: КТЦ (Стройинформресурс) к ФЕР-2020, 09.2.01.04-3025 | BM62: 15001 | BN62: 0 | BO62: 09.2.01.04-3025 | BP62: 1 | BQ62: 2 | BR62: 0 | BS62: 1 | BT62: 1 | BU62: 1 | BV62: 1 | BW62: 1 | BX62: 1 | BZ62: 105 | CA62: 55 | CE62: 0 | CF62: 0 | CG62: 0 | CM62: 0 | CO62: 0 | CP62: =(P62+Q62+S62) -> 3093.79 | CQ62: =AC62*BC62 -> 667.485 | CR62: =AD62*BB62 -> 0 | CS62: =AE62*BS62 -> 0 | CT62: =AF62*BA62 -> 0 | CU62: =AG62 -> 0 | CV62: =AH62 -> 0 | CW62: =AI62 -> 0 | CX62: =AJ62 -> 0 | CY62: =(((S62+R62)*AT62)/100) -> 0 | CZ62: =(((S62+R62)*AU62)/100) -> 0 | DN62: 0 | DO62: 0 | DP62: 1 | DQ62: 1 | DU62: 1005 | DV62: м2 | DW62: м2 | DX62: 1 | EE62: 64095052 | EF62: 2 | EG62: Общестроительные работы | EH62: 0 | EJ62: 1 | EK62: 15001 | EL62: Отделочные работы | EM62: ФЕР-15 | EQ62: 0 | ER62: 146.7 | ES62: 146.7 | ET62: 0 | EU62: 0 | EV62: 0 | EW62: 0 | EX62: 0 | FQ62: 0 | FR62: =ROUND(IF(AND(BH62=3,BI62=3),P62,0),2) -> 0 | FS62: 0 | FT62: *0,9 | FU62: *0,85 | FX62: 94.5 | FY62: 46.75 | GD62: 1 | GF62: -322748241 | GG62: 2 | GH62: 1 | GI62: 2 | GJ62: 0 | GK62: 0 | GL62: =ROUND(IF(AND(BH62=3,BI62=3,FS62<>0),P62,0),2) -> 0 | GM62: =ROUND(O62+X62+Y62,2)+GX62 -> 3093.79 | GN62: =IF(OR(BI62=0,BI62=1),ROUND(O62+X62+Y62,2),0) -> 3093.79 | GO62: =IF(BI62=2,ROUND(O62+X62+Y62,2),0) -> 0 | GP62: =IF(BI62=4,ROUND(O62+X62+Y62,2)+GX62,0) -> 0 | GR62: 0 | GS62: 3 | GT62: 0 | GV62: =ROUND((GT62),2) -> 0 | GW62: 1 | GX62: =ROUND(HC62*I62,2) -> 0 | HA62: 0 | HB62: 0 | HC62: =GV62*GW62 -> 0 | IK62: 0
A63: 18 | B63: 1 | C63: 151 | E63: 24,2 | F63: 01.6.04.02-0011 | G63: Панели потолочные с комплектующими | H63: м2 | I63: =I61*J63 -> -4.635 | J63: -103 | O63: =ROUND(CP63,2) -> -2448.95 | P63: =ROUND(CQ63*I63,2) -> -2448.95 | Q63: =ROUND(CR63*I63,2) -> 0 | R63: =ROUND(CS63*I63,2) -> 0 | S63: =ROUND(CT63*I63,2) -> 0 | T63: =ROUND(CU63*I63,2) -> 0 | U63: =CV63*I63 -> 0 | V63: =CW63*I63 -> 0 | W63: =ROUND(CX63*I63,2) -> 0 | X63: =ROUND(CY63,2) -> 0 | Y63: =ROUND(CZ63,2) -> 0 | AA63: 68990560 | AB63: =ROUND((AC63+AD63+AF63),2) -> 51.8 | AC63: =ROUND((ES63),2) -> 51.8 | AD63: =ROUND((((ET63)-(EU63))+AE63),2) -> 0 | AE63: =ROUND((EU63),2) -> 0 | AF63: =ROUND((EV63),2) -> 0 | AG63: =ROUND((AP63),2) -> 0 | AH63: =(EW63) -> 0 | AI63: =(EX63) -> 0 | AJ63: =(AS63) -> 0 | AK63: 51.8 | AL63: 51.8 | AM63: 0 | AN63: 0 | AO63: 0 | AP63: 0 | AQ63: 0 | AR63: 0 | AS63: 0 | AT63: 95 | AU63: 47 | AV63: 1 | AW63: 1 | AZ63: 1 | BA63: 1 | BB63: 1 | BC63: 10.2 | BH63: 3 | BI63: 1 | BJ63: ФССЦ-2001, 01.6.04.02-0011, приказ Минстроя России № 876/пр от 26.12.2019 | BM63: 15001 | BN63: 0 | BO63: 01.6.04.02-0011 | BP63: 1 | BQ63: 2 | BR63: 1 | BS63: 1 | BT63: 1 | BU63: 1 | BV63: 1 | BW63: 1 | BX63: 1 | BZ63: 105 | CA63: 55 | CE63: 0 | CF63: 0 | CG63: 0 | CM63: 0 | CO63: 0 | CP63: =(P63+Q63+S63) -> -2448.95 | CQ63: =AC63*BC63 -> 528.36 | CR63: =AD63*BB63 -> 0 | CS63: =AE63*BS63 -> 0 | CT63: =AF63*BA63 -> 0 | CU63: =AG63 -> 0 | CV63: =AH63 -> 0 | CW63: =AI63 -> 0 | CX63: =AJ63 -> 0 | CY63: =(((S63+R63)*AT63)/100) -> 0 | CZ63: =(((S63+R63)*AU63)/100) -> 0 | DN63: 0 | DO63: 0 | DP63: 1 | DQ63: 1 | DU63: 1005 | DV63: м2 | DW63: м2 | DX63: 1 | EE63: 64095052 | EF63: 2 | EG63: Общестроительные работы | EH63: 0 | EJ63: 1 | EK63: 15001 | EL63: Отделочные работы | EM63: ФЕР-15 | EQ63: 32768 | ER63: 51.8 | ES63: 51.8 | ET63: 0 | EU63: 0 | EV63: 0 | EW63: 0 | EX63: 0 | FQ63: 0 | FR63: =ROUND(IF(AND(BH63=3,BI63=3),P63,0),2) -> 0 | FS63: 0 | FT63: *0,9 | FU63: *0,85 | FX63: 94.5 | FY63: 46.75 | GD63: 1 | GF63: -719568414 | GG63: 2 | GH63: 1 | GI63: 2 | GJ63: 0 | GK63: 0 | GL63: =ROUND(IF(AND(BH63=3,BI63=3,FS63<>0),P63,0),2) -> 0 | GM63: =ROUND(O63+X63+Y63,2)+GX63 -> -2448.95 | GN63: =IF(OR(BI63=0,BI63=1),ROUND(O63+X63+Y63,2),0) -> -2448.95 | GO63: =IF(BI63=2,ROUND(O63+X63+Y63,2),0) -> 0 | GP63: =IF(BI63=4,ROUND(O63+X63+Y63,2)+GX63,0) -> 0 | GR63: 0 | GS63: 3 | GT63: 0 | GV63: =ROUND((GT63),2) -> 0 | GW63: 1 | GX63: =ROUND(HC63*I63,2) -> 0 | HA63: 0 | HB63: 0 | HC63: =GV63*GW63 -> 0 | IK63: 0
A64: 17 | B64: 1 | C64: =ROW(SmtRes!A159) -> 159 | D64: =ROW(EtalonRes!A168) -> 168 | E64: 25 | F64: м08-03-593-19 | G64: Светильник в подвесных потолках/Монтаж | H64: 100 ШТ | I64: =ROUND(2/100,5) -> 0.02 | J64: 0 | O64: =ROUND(CP64,2) -> 884.52 | P64: =ROUND(CQ64*I64,2) -> 23.71 | Q64: =ROUND(CR64*I64,2) -> 10 | R64: =ROUND(CS64*I64,2) -> 4.56 | S64: =ROUND(CT64*I64,2) -> 850.81 | T64: =ROUND(CU64*I64,2) -> 0 | U64: =CV64*I64 -> 2.5488 | V64: =CW64*I64 -> 0.0108 | W64: =ROUND(CX64*I64,2) -> 0 | X64: =ROUND(CY64,2) -> 812.6 | Y64: =ROUND(CZ64,2) -> 555.99 | AA64: 68990560 | AB64: =ROUND((AC64+AD64+AF64),2) -> 1433.84 | AC64: =ROUND((ES64),2) -> 120.73 | AD64: =ROUND(((((ET64*1.35))-((EU64*1.35)))+AE64),2) -> 48.9 | AE64: =ROUND(((EU64*1.35)),2) -> 6.78 | AF64: =ROUND(((EV64*1.35)),2) -> 1264.21 | AG64: =ROUND((AP64),2) -> 0 | AH64: =((EW64*1.35)) -> 127.44 | AI64: =((EX64*1.35)) -> 0.54 | AJ64: =(AS64) -> 0 | AK64: 1093.4 | AL64: 120.73 | AM64: 36.22 | AN64: 5.02 | AO64: 936.45 | AP64: 0 | AQ64: 94.4 | AR64: 0.4 | AS64: 0 | AT64: 95 | AU64: 65 | AV64: 1 | AW64: 1 | AZ64: 1 | BA64: 33.65 | BB64: 10.22 | BC64: 9.82 | BH64: 0 | BI64: 2 | BJ64: ФЕРм-2001, м08-03-593-19, приказ Минстроя России № 876/пр от 26.12.2019 | BM64: 108001 | BN64: 0 | BO64: м08-03-593-19 | BP64: 1 | BQ64: 3 | BR64: 0 | BS64: 33.65 | BT64: 1 | BU64: 1 | BV64: 1 | BW64: 1 | BX64: 1 | BZ64: 95 | CA64: 65 | CE64: 0 | CF64: 0 | CG64: 0 | CM64: 0 | CN64: Поправка: Мет.421/пр 04.08.20 Пр.10 Т.3 п. 1.2 Наименование: Производство ремонтно-строительных работ осуществляется в помещениях эксплуатируемого объекта капитального строительства без остановки рабочего процесса, при этом: в зоне производства ремонтно-строительных работ имеются действующее технологическое или лабораторное оборудование, мебель и иные загромождающие помещения предметы | CO64: 0 | CP64: =(P64+Q64+S64) -> 884.52 | CQ64: =AC64*BC64 -> 1185.5686 | CR64: =AD64*BB64 -> 499.758 | CS64: =AE64*BS64 -> 228.147 | CT64: =AF64*BA64 -> 42540.666 | CU64: =AG64 -> 0 | CV64: =AH64 -> 127.44 | CW64: =AI64 -> 0.54 | CX64: =AJ64 -> 0 | CY64: =(((S64+R64)*AT64)/100) -> 812.6015 | CZ64: =(((S64+R64)*AU64)/100) -> 555.9905 | DE64: )*1,35 | DF64: )*1,35 | DG64: )*1,35 | DI64: )*1,35 | DJ64: )*1,35 | DN64: 0 | DO64: 0 | DP64: 1 | DQ64: 1 | DU64: 1013 | DV64: 100 ШТ | DW64: 100 ШТ | DX64: 1 | EE64: 64094909 | EF64: 3 | EG64: Монтажные работы | EH64: 0 | EJ64: 2 | EK64: 108001 | EL64: Электромонтажные работы , отдел 01-03 : ( на АЭС НР = 110% ) - (работы по упр. авиа.- движением: СП=55% ( {АВИА}=1; обычные работы : СП=65 - {AВИА}=0), при работе на АЭС СП= 68% ) | EM64: мФЕР-08 | EO64: Поправка: Мет.421/пр 04.08.20 Пр.10 Т.3 п. 1.2 | EQ64: 0 | ER64: 1093.4 | ES64: 120.73 | ET64: 36.22 | EU64: 5.02 | EV64: 936.45 | EW64: 94.4 | EX64: 0.4 | EY64: 0 | FQ64: 0 | FR64: =ROUND(IF(AND(BH64=3,BI64=3),P64,0),2) -> 0 | FS64: 0 | FX64: 95 | FY64: 65 | GD64: 1 | GF64: 2052985022 | GG64: 2 | GH64: 1 | GI64: 2 | GJ64: 0 | GK64: 0 | GL64: =ROUND(IF(AND(BH64=3,BI64=3,FS64<>0),P64,0),2) -> 0 | GM64: =ROUND(O64+X64+Y64,2)+GX64 -> 2253.11 | GN64: =IF(OR(BI64=0,BI64=1),ROUND(O64+X64+Y64,2),0) -> 0 | GO64: =IF(BI64=2,ROUND(O64+X64+Y64,2),0) -> 2253.11 | GP64: =IF(BI64=4,ROUND(O64+X64+Y64,2)+GX64,0) -> 0 | GR64: 0 | GS64: 3 | GT64: 0 | GV64: =ROUND((GT64),2) -> 0 | GW64: 1 | GX64: =ROUND(HC64*I64,2) -> 0 | HA64: 0 | HB64: 0 | HC64: =GV64*GW64 -> 0 | IK64: 0
A65: 18 | B65: 1 | C65: 157 | E65: 25,1 | F65: 20.3.03.04-3127 | G65: Светильник светодиодный 595х595мм, универсальный (встраиваемый/накладной), рассеиватель - призма, цвет свечения - холодный 4000К, защита от пыли и влаги не менее IP40, мощность 36W, световой поток не менее 110Лм на 1W мощности) | H65: ШТ | I65: =I64*J65 -> 2 | J65: 100 | O65: =ROUND(CP65,2) -> 4542.03 | P65: =ROUND(CQ65*I65,2) -> 4542.03 | Q65: =ROUND(CR65*I65,2) -> 0 | R65: =ROUND(CS65*I65,2) -> 0 | S65: =ROUND(CT65*I65,2) -> 0 | T65: =ROUND(CU65*I65,2) -> 0 | U65: =CV65*I65 -> 0 | V65: =CW65*I65 -> 0 | W65: =ROUND(CX65*I65,2) -> 0 | X65: =ROUND(CY65,2) -> 0 | Y65: =ROUND(CZ65,2) -> 0 | AA65: 68990560 | AB65: =ROUND((AC65+AD65+AF65),2) -> 229.86 | AC65: =ROUND((ES65),2) -> 229.86 | AD65: =ROUND((((ET65)-(EU65))+AE65),2) -> 0 | AE65: =ROUND((EU65),2) -> 0 | AF65: =ROUND((EV65),2) -> 0 | AG65: =ROUND((AP65),2) -> 0 | AH65: =(EW65) -> 0 | AI65: =(EX65) -> 0 | AJ65: =(AS65) -> 0 | AK65: 229.86 | AL65: 229.86 | AM65: 0 | AN65: 0 | AO65: 0 | AP65: 0 | AQ65: 0 | AR65: 0 | AS65: 0 | AT65: 95 | AU65: 65 | AV65: 1 | AW65: 1 | AZ65: 1 | BA65: 1 | BB65: 1 | BC65: 9.88 | BH65: 3 | BI65: 2 | BJ65: КТЦ (Стройинформресурс) к ФЕР-2020, 20.3.03.04-3127 | BM65: 108001 | BN65: 0 | BO65: 20.3.03.04-3127 | BP65: 1 | BQ65: 3 | BR65: 0 | BS65: 1 | BT65: 1 | BU65: 1 | BV65: 1 | BW65: 1 | BX65: 1 | BZ65: 95 | CA65: 65 | CE65: 0 | CF65: 0 | CG65: 0 | CM65: 0 | CO65: 0 | CP65: =(P65+Q65+S65) -> 4542.03 | CQ65: =AC65*BC65 -> 2271.0168 | CR65: =AD65*BB65 -> 0 | CS65: =AE65*BS65 -> 0 | CT65: =AF65*BA65 -> 0 | CU65: =AG65 -> 0 | CV65: =AH65 -> 0 | CW65: =AI65 -> 0 | CX65: =AJ65 -> 0 | CY65: =(((S65+R65)*AT65)/100) -> 0 | CZ65: =(((S65+R65)*AU65)/100) -> 0 | DN65: 0 | DO65: 0 | DP65: 1 | DQ65: 1 | DU65: 1013 | DV65: ШТ | DW65: ШТ | DX65: 1 | EE65: 64094909 | EF65: 3 | EG65: Монтажные работы | EH65: 0 | EJ65: 2 | EK65: 108001 | EL65: Электромонтажные работы , отдел 01-03 : ( на АЭС НР = 110% ) - (работы по упр. авиа.- движением: СП=55% ( {АВИА}=1; обычные работы : СП=65 - {AВИА}=0), при работе на АЭС СП= 68% ) | EM65: мФЕР-08 | EQ65: 0 | ER65: 229.86 | ES65: 229.86 | ET65: 0 | EU65: 0 | EV65: 0 | EW65: 0 | EX65: 0 | FQ65: 0 | FR65: =ROUND(IF(AND(BH65=3,BI65=3),P65,0),2) -> 0 | FS65: 0 | FX65: 95 | FY65: 65 | GD65: 1 | GF65: 1559818039 | GG65: 2 | GH65: 1 | GI65: 2 | GJ65: 0 | GK65: 0 | GL65: =ROUND(IF(AND(BH65=3,BI65=3,FS65<>0),P65,0),2) -> 0 | GM65: =ROUND(O65+X65+Y65,2)+GX65 -> 4542.03 | GN65: =IF(OR(BI65=0,BI65=1),ROUND(O65+X65+Y65,2),0) -> 0 | GO65: =IF(BI65=2,ROUND(O65+X65+Y65,2),0) -> 4542.03 | GP65: =IF(BI65=4,ROUND(O65+X65+Y65,2)+GX65,0) -> 0 | GR65: 0 | GS65: 3 | GT65: 0 | GV65: =ROUND((GT65),2) -> 0 | GW65: 1 | GX65: =ROUND(HC65*I65,2) -> 0 | HA65: 0 | HB65: 0 | HC65: =GV65*GW65 -> 0 | IK65: 0
A66: 17 | B66: 1 | C66: =ROW(SmtRes!A165) -> 165 | D66: =ROW(EtalonRes!A174) -> 174 | E66: 26 | F66: 57-2-4 | G66: Устройство приямка в тамбуре для укладки ячеистого резинового ковра | H66: 100 м2 | I66: =ROUND(1.25/100,5) -> 0.0125 | J66: 0 | O66: =ROUND(CP66,2) -> 511.47 | P66: =ROUND(CQ66*I66,2) -> 0 | Q66: =ROUND(CR66*I66,2) -> 52.64 | R66: =ROUND(CS66*I66,2) -> 11.76 | S66: =ROUND(CT66*I66,2) -> 458.83 | T66: =ROUND(CU66*I66,2) -> 0 | U66: =CV66*I66 -> 1.5985 | V66: =CW66*I66 -> 0.025875 | W66: =ROUND(CX66*I66,2) -> 0 | X66: =ROUND(CY66,2) -> 376.47 | Y66: =ROUND(CZ66,2) -> 320 | AA66: 68990560 | AB66: =ROUND((AC66+AD66+AF66),2) -> 2300.82 | AC66: =ROUND((ES66),2) -> 0 | AD66: =ROUND(((((ET66*1.15))-((EU66*1.15)))+AE66),2) -> 1210 | AE66: =ROUND(((EU66*1.15)),2) -> 27.95 | AF66: =ROUND(((EV66*1.15)),2) -> 1090.82 | AG66: =ROUND((AP66),2) -> 0 | AH66: =((EW66*1.15)) -> 127.88 | AI66: =((EX66*1.15)) -> 2.07 | AJ66: =(AS66) -> 0 | AK66: 2000.71 | AL66: 0 | AM66: 1052.17 | AN66: 24.3 | AO66: 948.54 | AP66: 0 | AQ66: 111.2 | AR66: 1.8 | AS66: 0 | AT66: 80 | AU66: 68 | AV66: 1 | AW66: 1 | AZ66: 1 | BA66: 33.65 | BB66: 3.48 | BC66: 1 | BH66: 0 | BI66: 1 | BJ66: ФЕРр-2001, 57-2-4 приказ Минстроя России № 876/пр от 26.12.2019 | BM66: 57001 | BN66: 0 | BO66: 57-2-4 | BP66: 1 | BQ66: 6 | BR66: 0 | BS66: 33.65 | BT66: 1 | BU66: 1 | BV66: 1 | BW66: 1 | BX66: 1 | BZ66: 80 | CA66: 68 | CE66: 0 | CF66: 0 | CG66: 0 | CM66: 0 | CN66: Поправка: Мет.421/пр 04.08.20 Пр.10 Т.3 п. 1.2 Наименование: Производство ремонтно-строительных работ осуществляется в помещениях эксплуатируемого объекта капитального строительства без остановки рабочего процесса, при этом: в зоне производства ремонтно-строительных работ имеются действующее технологическое или лабораторное оборудование, мебель и иные загромождающие помещения предметы | CO66: 0 | CP66: =(P66+Q66+S66) -> 511.47 | CQ66: =AC66*BC66 -> 0 | CR66: =AD66*BB66 -> 4210.8 | CS66: =AE66*BS66 -> 940.5175 | CT66: =AF66*BA66 -> 36706.093 | CU66: =AG66 -> 0 | CV66: =AH66 -> 127.88 | CW66: =AI66 -> 2.07 | CX66: =AJ66 -> 0 | CY66: =(((S66+R66)*AT66)/100) -> 376.472 | CZ66: =(((S66+R66)*AU66)/100) -> 320.0012 | DE66: )*1,15 | DF66: )*1,15 | DG66: )*1,15 | DI66: )*1,15 | DJ66: )*1,15 | DN66: 0 | DO66: 0 | DP66: 1 | DQ66: 1 | DU66: 1005 | DV66: 100 м2 | DW66: 100 м2 | DX66: 100 | EE66: 64095105 | EF66: 6 | EG66: Ремонтно-строительные работы | EH66: 0 | EJ66: 1 | EK66: 57001 | EL66: Полы | EM66: рФЕР-57 | EO66: Поправка: Мет.421/пр 04.08.20 Пр.10 Т.3 п. 1.2 | EQ66: 0 | ER66: 2000.71 | ES66: 0 | ET66: 1052.17 | EU66: 24.3 | EV66: 948.54 | EW66: 111.2 | EX66: 1.8 | EY66: 0 | FQ66: 0 | FR66: =ROUND(IF(AND(BH66=3,BI66=3),P66,0),2) -> 0 | FS66: 0 | FX66: 80 | FY66: 68 | GD66: 1 | GF66: 2077299682 | GG66: 2 | GH66: 1 | GI66: 2 | GJ66: 0 | GK66: 0 | GL66: =ROUND(IF(AND(BH66=3,BI66=3,FS66<>0),P66,0),2) -> 0 | GM66: =ROUND(O66+X66+Y66,2)+GX66 -> 1207.94 | GN66: =IF(OR(BI66=0,BI66=1),ROUND(O66+X66+Y66,2),0) -> 1207.94 | GO66: =IF(BI66=2,ROUND(O66+X66+Y66,2),0) -> 0 | GP66: =IF(BI66=4,ROUND(O66+X66+Y66,2)+GX66,0) -> 0 | GR66: 0 | GS66: 3 | GT66: 0 | GV66: =ROUND((GT66),2) -> 0 | GW66: 1 | GX66: =ROUND(HC66*I66,2) -> 0 | HA66: 0 | HB66: 0 | HC66: =GV66*GW66 -> 0 | IK66: 0
A67: 18 | B67: 1 | C67: 165 | E67: 26,1 | F67: 999-9900 | G67: Строительный мусор | H67: т | I67: =I66*J67 -> 0.4125 | J67: 33 | O67: =ROUND(CP67,2) -> 0 | P67: =ROUND(CQ67*I67,2) -> 0 | Q67: =ROUND(CR67*I67,2) -> 0 | R67: =ROUND(CS67*I67,2) -> 0 | S67: =ROUND(CT67*I67,2) -> 0 | T67: =ROUND(CU67*I67,2) -> 0 | U67: =CV67*I67 -> 0 | V67: =CW67*I67 -> 0 | W67: =ROUND(CX67*I67,2) -> 0 | X67: =ROUND(CY67,2) -> 0 | Y67: =ROUND(CZ67,2) -> 0 | AA67: 68990560 | AB67: =ROUND((AC67+AD67+AF67),2) -> 0 | AC67: =ROUND((ES67),2) -> 0 | AD67: =ROUND((((ET67)-(EU67))+AE67),2) -> 0 | AE67: =ROUND((EU67),2) -> 0 | AF67: =ROUND((EV67),2) -> 0 | AG67: =ROUND((AP67),2) -> 0 | AH67: =(EW67) -> 0 | AI67: =(EX67) -> 0 | AJ67: =(AS67) -> 0 | AK67: 0 | AL67: 0 | AM67: 0 | AN67: 0 | AO67: 0 | AP67: 0 | AQ67: 0 | AR67: 0 | AS67: 0 | AT67: 80 | AU67: 68 | AV67: 1 | AW67: 1 | AZ67: 1 | BA67: 1 | BB67: 1 | BC67: 1 | BH67: 3 | BI67: 1 | BM67: 57001 | BN67: 0 | BP67: 0 | BQ67: 6 | BR67: 0 | BS67: 1 | BT67: 1 | BU67: 1 | BV67: 1 | BW67: 1 | BX67: 1 | BZ67: 80 | CA67: 68 | CE67: 0 | CF67: 0 | CG67: 0 | CM67: 0 | CO67: 0 | CP67: =(P67+Q67+S67) -> 0 | CQ67: =AC67*BC67 -> 0 | CR67: =AD67*BB67 -> 0 | CS67: =AE67*BS67 -> 0 | CT67: =AF67*BA67 -> 0 | CU67: =AG67 -> 0 | CV67: =AH67 -> 0 | CW67: =AI67 -> 0 | CX67: =AJ67 -> 0 | CY67: =(((S67+R67)*AT67)/100) -> 0 | CZ67: =(((S67+R67)*AU67)/100) -> 0 | DN67: 0 | DO67: 0 | DP67: 1 | DQ67: 1 | DU67: 1009 | DV67: т | DW67: т | DX67: 1000 | EE67: 64095105 | EF67: 6 | EG67: Ремонтно-строительные работы | EH67: 0 | EJ67: 1 | EK67: 57001 | EL67: Полы | EM67: рФЕР-57 | EQ67: 0 | ER67: 0 | ES67: 0 | ET67: 0 | EU67: 0 | EV67: 0 | EW67: 0 | EX67: 0 | FQ67: 0 | FR67: =ROUND(IF(AND(BH67=3,BI67=3),P67,0),2) -> 0 | FS67: 0 | FX67: 80 | FY67: 68 | GD67: 1 | GF67: 2102561428 | GG67: 2 | GH67: 1 | GI67: -2 | GJ67: 0 | GK67: 0 | GL67: =ROUND(IF(AND(BH67=3,BI67=3,FS67<>0),P67,0),2) -> 0 | GM67: =ROUND(O67+X67+Y67,2)+GX67 -> 0 | GN67: =IF(OR(BI67=0,BI67=1),ROUND(O67+X67+Y67,2),0) -> 0 | GO67: =IF(BI67=2,ROUND(O67+X67+Y67,2),0) -> 0 | GP67: =IF(BI67=4,ROUND(O67+X67+Y67,2)+GX67,0) -> 0 | GR67: 0 | GS67: 3 | GT67: 0 | GV67: =ROUND((GT67),2) -> 0 | GW67: 1 | GX67: =ROUND(HC67*I67,2) -> 0 | HA67: 0 | HB67: 0 | HC67: =GV67*GW67 -> 0 | IK67: 0
A68: 17 | B68: 1 | C68: =ROW(SmtRes!A170) -> 170 | D68: =ROW(EtalonRes!A179) -> 179 | E68: 27 | F68: 10-02-001-01 | G68: Укладка ячеистого резинового ковра (толщина 16 мм) (приямок) | H68: 100 м2 | I68: =ROUND(1.08/100,5) -> 0.0108 | J68: 0 | O68: =ROUND(CP68,2) -> 151.92 | P68: =ROUND(CQ68*I68,2) -> 0 | Q68: =ROUND(CR68*I68,2) -> 51.74 | R68: =ROUND(CS68*I68,2) -> 24.03 | S68: =ROUND(CT68*I68,2) -> 100.18 | T68: =ROUND(CU68*I68,2) -> 0 | U68: =CV68*I68 -> 0.3906711 | V68: =CW68*I68 -> 0.05777325 | W68: =ROUND(CX68*I68,2) -> 0 | X68: =ROUND(CY68,2) -> 131.66 | Y68: =ROUND(CZ68,2) -> 67.07 | AA68: 68990560 | AB68: =ROUND((AC68+AD68+AF68),2) -> 733.65 | AC68: =ROUND((ES68),2) -> 0 | AD68: =ROUND((((((ET68*1.25)*1.35))-(((EU68*1.25)*1.35)))+AE68),2) -> 458 | AE68: =ROUND((((EU68*1.25)*1.35)),2) -> 66.13 | AF68: =ROUND((((EV68*1.15)*1.35)),2) -> 275.65 | AG68: =ROUND((AP68),2) -> 0 | AH68: =(((EW68*1.15)*1.35)) -> 36.17325 | AI68: =(((EX68*1.25)*1.35)) -> 5.349375 | AJ68: =(AS68) -> 0 | AK68: 448.96 | AL68: 0 | AM68: 271.41 | AN68: 39.19 | AO68: 177.55 | AP68: 0 | AQ68: 23.3 | AR68: 3.17 | AS68: 0 | AT68: 106 | AU68: 54 | AV68: 1 | AW68: 1 | AZ68: 1 | BA68: 33.65 | BB68: 10.46 | BC68: 1 | BH68: 0 | BI68: 1 | BJ68: ФЕР-2001, 10-02-001-01, приказ Минстроя России № 876/пр от 26.12.2019 | BM68: 10001 | BN68: 0 | BO68: 10-02-001-01 | BP68: 1 | BQ68: 2 | BR68: 0 | BS68: 33.65 | BT68: 1 | BU68: 1 | BV68: 1 | BW68: 1 | BX68: 1 | BZ68: 118 | CA68: 63 | CE68: 0 | CF68: 0 | CG68: 0 | CM68: 0 | CN68: Поправка: М-ка 421/пр 04.08.20 п.58 п.п. б) Наименование: При отсутствии необходимых норм (единичных расценок), включенных в сборники ГЭСНр (ФЕРр, ТЕРр), сметные затраты на работы по капитальному ремонту и реконструкции объектов капитального строительства могут быть определены по сметным нормам, включенным в ГЭСН (ФЕР, ТЕР), аналогичным технологическим процессам в новом строительстве, в том числе по возведению новых конструктивных элементов Поправка: Мет.421/пр 04.08.20 Пр.10 Т.3 п. 1.2 Наименование: Производство ремонтно-строительных работ осуществляется в помещениях эксплуатируемого объекта капитального строительства без остановки рабочего процесса, при этом: в зоне производства ремонтно-строительных работ имеются действующее технологическое или лабораторное оборудование, мебель и иные загромождающие помещения предметы | CO68: 0 | CP68: =(P68+Q68+S68) -> 151.92 | CQ68: =AC68*BC68 -> 0 | CR68: =AD68*BB68 -> 4790.68 | CS68: =AE68*BS68 -> 2225.2745 | CT68: =AF68*BA68 -> 9275.6225 | CU68: =AG68 -> 0 | CV68: =AH68 -> 36.17325 | CW68: =AI68 -> 5.349375 | CX68: =AJ68 -> 0 | CY68: =(((S68+R68)*AT68)/100) -> 131.6626 | CZ68: =(((S68+R68)*AU68)/100) -> 67.0734 | DE68: )*1,25)*1,35 | DF68: )*1,25)*1,35 | DG68: )*1,15)*1,35 | DI68: )*1,15)*1,35 | DJ68: )*1,25)*1,35 | DN68: 0 | DO68: 0 | DP68: 1 | DQ68: 1 | DU68: 1005 | DV68: 100 м2 | DW68: 100 м2 | DX68: 100 | EE68: 64095026 | EF68: 2 | EG68: Общестроительные работы | EH68: 0 | EJ68: 1 | EK68: 10001 | EL68: Деревянные конструкции | EM68: ФЕР-10 | EO68: Поправка: М-ка 421/пр 04.08.20 п.58 п.п. б) Поправка: Мет.421/пр 04.08.20 Пр.10 Т.3 п. 1.2 | EQ68: 0 | ER68: 448.96 | ES68: 0 | ET68: 271.41 | EU68: 39.19 | EV68: 177.55 | EW68: 23.3 | EX68: 3.17 | EY68: 0 | FQ68: 0 | FR68: =ROUND(IF(AND(BH68=3,BI68=3),P68,0),2) -> 0 | FS68: 0 | FT68: *0,9 | FU68: *0,85 | FX68: 106.2 | FY68: 53.55 | GD68: 1 | GF68: -575124520 | GG68: 2 | GH68: 1 | GI68: 2 | GJ68: 0 | GK68: 0 | GL68: =ROUND(IF(AND(BH68=3,BI68=3,FS68<>0),P68,0),2) -> 0 | GM68: =ROUND(O68+X68+Y68,2)+GX68 -> 350.65 | GN68: =IF(OR(BI68=0,BI68=1),ROUND(O68+X68+Y68,2),0) -> 350.65 | GO68: =IF(BI68=2,ROUND(O68+X68+Y68,2),0) -> 0 | GP68: =IF(BI68=4,ROUND(O68+X68+Y68,2)+GX68,0) -> 0 | GR68: 0 | GS68: 3 | GT68: 0 | GV68: =ROUND((GT68),2) -> 0 | GW68: 1 | GX68: =ROUND(HC68*I68,2) -> 0 | HA68: 0 | HB68: 0 | HC68: =GV68*GW68 -> 0 | IK68: 0
A69: 18 | B69: 1 | C69: 170 | E69: 27,1 | F69: 01.6.03.04-0122 | G69: Грязезащитный входной коврик в приямок. Материал: резина; высота 16 мм; цвет: черный; структура: ячеистая | H69: м2 | I69: =I68*J69 -> 1.08 | J69: 100 | O69: =ROUND(CP69,2) -> 1192.07 | P69: =ROUND(CQ69*I69,2) -> 1192.07 | Q69: =ROUND(CR69*I69,2) -> 0 | R69: =ROUND(CS69*I69,2) -> 0 | S69: =ROUND(CT69*I69,2) -> 0 | T69: =ROUND(CU69*I69,2) -> 0 | U69: =CV69*I69 -> 0 | V69: =CW69*I69 -> 0 | W69: =ROUND(CX69*I69,2) -> 0 | X69: =ROUND(CY69,2) -> 0 | Y69: =ROUND(CZ69,2) -> 0 | AA69: 68990560 | AB69: =ROUND((AC69+AD69+AF69),2) -> 169.81 | AC69: =ROUND((ES69),2) -> 169.81 | AD69: =ROUND((((ET69)-(EU69))+AE69),2) -> 0 | AE69: =ROUND((EU69),2) -> 0 | AF69: =ROUND((EV69),2) -> 0 | AG69: =ROUND((AP69),2) -> 0 | AH69: =(EW69) -> 0 | AI69: =(EX69) -> 0 | AJ69: =(AS69) -> 0 | AK69: 169.81 | AL69: 169.81 | AM69: 0 | AN69: 0 | AO69: 0 | AP69: 0 | AQ69: 0 | AR69: 0 | AS69: 0 | AT69: 106 | AU69: 54 | AV69: 1 | AW69: 1 | AZ69: 1 | BA69: 1 | BB69: 1 | BC69: 6.5 | BH69: 3 | BI69: 1 | BJ69: КТЦ (Стройинформресурс) к ФЕР-2020, 01.6.03.04-0122 | BM69: 10001 | BN69: 0 | BO69: 01.6.03.04-0122 | BP69: 1 | BQ69: 2 | BR69: 0 | BS69: 1 | BT69: 1 | BU69: 1 | BV69: 1 | BW69: 1 | BX69: 1 | BZ69: 118 | CA69: 63 | CE69: 0 | CF69: 0 | CG69: 0 | CM69: 0 | CO69: 0 | CP69: =(P69+Q69+S69) -> 1192.07 | CQ69: =AC69*BC69 -> 1103.765 | CR69: =AD69*BB69 -> 0 | CS69: =AE69*BS69 -> 0 | CT69: =AF69*BA69 -> 0 | CU69: =AG69 -> 0 | CV69: =AH69 -> 0 | CW69: =AI69 -> 0 | CX69: =AJ69 -> 0 | CY69: =(((S69+R69)*AT69)/100) -> 0 | CZ69: =(((S69+R69)*AU69)/100) -> 0 | DN69: 0 | DO69: 0 | DP69: 1 | DQ69: 1 | DU69: 1005 | DV69: м2 | DW69: м2 | DX69: 1 | EE69: 64095026 | EF69: 2 | EG69: Общестроительные работы | EH69: 0 | EJ69: 1 | EK69: 10001 | EL69: Деревянные конструкции | EM69: ФЕР-10 | EQ69: 0 | ER69: 169.81 | ES69: 169.81 | ET69: 0 | EU69: 0 | EV69: 0 | EW69: 0 | EX69: 0 | FQ69: 0 | FR69: =ROUND(IF(AND(BH69=3,BI69=3),P69,0),2) -> 0 | FS69: 0 | FT69: *0,9 | FU69: *0,85 | FX69: 106.2 | FY69: 53.55 | GD69: 1 | GF69: -795296982 | GG69: 2 | GH69: 1 | GI69: 2 | GJ69: 0 | GK69: 0 | GL69: =ROUND(IF(AND(BH69=3,BI69=3,FS69<>0),P69,0),2) -> 0 | GM69: =ROUND(O69+X69+Y69,2)+GX69 -> 1192.07 | GN69: =IF(OR(BI69=0,BI69=1),ROUND(O69+X69+Y69,2),0) -> 1192.07 | GO69: =IF(BI69=2,ROUND(O69+X69+Y69,2),0) -> 0 | GP69: =IF(BI69=4,ROUND(O69+X69+Y69,2)+GX69,0) -> 0 | GR69: 0 | GS69: 3 | GT69: 0 | GV69: =ROUND((GT69),2) -> 0 | GW69: 1 | GX69: =ROUND(HC69*I69,2) -> 0 | HA69: 0 | HB69: 0 | HC69: =GV69*GW69 -> 0 | IK69: 0
A70: 17 | B70: 1 | C70: =ROW(SmtRes!A183) -> 183 | D70: =ROW(EtalonRes!A191) -> 191 | E70: 28 | F70: 11-01-047-01 | G70: Устройство покрытий из плит керамогранитных размером 30х30 см | H70: 100 м2 | I70: =ROUND(5/100,5) -> 0.05 | J70: 0 | O70: =ROUND(CP70,2) -> 10073.82 | P70: =ROUND(CQ70*I70,2) -> 2932.77 | Q70: =ROUND(CR70*I70,2) -> 54.29 | R70: =ROUND(CS70*I70,2) -> 49.77 | S70: =ROUND(CT70*I70,2) -> 7086.76 | T70: =ROUND(CU70*I70,2) -> 0 | U70: =CV70*I70 -> 24.096353 | V70: =CW70*I70 -> 0.14596875 | W70: =ROUND(CX70*I70,2) -> 0 | X70: =ROUND(CY70,2) -> 7921.55 | Y70: =ROUND(CZ70,2) -> 4567.38 | AA70: 68990560 | AB70: =ROUND((AC70+AD70+AF70),2) -> 18664.89 | AC70: =ROUND((ES70),2) -> 14411.64 | AD70: =ROUND((((((ET70*1.25)*1.35))-(((EU70*1.25)*1.35)))+AE70),2) -> 41.21 | AE70: =ROUND((((EU70*1.25)*1.35)),2) -> 29.58 | AF70: =ROUND((((EV70*1.15)*1.35)),2) -> 4212.04 | AG70: =ROUND((AP70),2) -> 0 | AH70: =(((EW70*1.15)*1.35)) -> 481.92705 | AI70: =(((EX70*1.25)*1.35)) -> 2.919375 | AJ70: =(AS70) -> 0 | AK70: 17149.13 | AL70: 14411.64 | AM70: 24.42 | AN70: 17.53 | AO70: 2713.07 | AP70: 0 | AQ70: 310.42 | AR70: 1.73 | AS70: 0 | AT70: 111 | AU70: 64 | AV70: 1 | AW70: 1 | AZ70: 1 | BA70: 33.65 | BB70: 26.35 | BC70: 4.07 | BH70: 0 | BI70: 1 | BJ70: ФЕР-2001 доп. 1, 11-01-047-01, приказ Минстроя России № 172/пр от 30.03.2020 | BM70: 11001 | BN70: 0 | BO70: 11-01-047-01 | BP70: 1 | BQ70: 2 | BR70: 0 | BS70: 33.65 | BT70: 1 | BU70: 1 | BV70: 1 | BW70: 1 | BX70: 1 | BZ70: 123 | CA70: 75 | CE70: 0 | CF70: 0 | CG70: 0 | CM70: 0 | CN70: Поправка: М-ка 421/пр 04.08.20 п.58 п.п. б) Наименование: При отсутствии необходимых норм (единичных расценок), включенных в сборники ГЭСНр (ФЕРр, ТЕРр), сметные затраты на работы по капитальному ремонту и реконструкции объектов капитального строительства могут быть определены по сметным нормам, включенным в ГЭСН (ФЕР, ТЕР), аналогичным технологическим процессам в новом строительстве, в том числе по возведению новых конструктивных элементов Поправка: Мет.421/пр 04.08.20 Пр.10 Т.3 п. 1.2 Наименование: Производство ремонтно-строительных работ осуществляется в помещениях эксплуатируемого объекта капитального строительства без остановки рабочего процесса, при этом: в зоне производства ремонтно-строительных работ имеются действующее технологическое или лабораторное оборудование, мебель и иные загромождающие помещения предметы | CO70: 0 | CP70: =(P70+Q70+S70) -> 10073.82 | CQ70: =AC70*BC70 -> 58655.375 | CR70: =AD70*BB70 -> 1085.8835 | CS70: =AE70*BS70 -> 995.367 | CT70: =AF70*BA70 -> 141735.15 | CU70: =AG70 -> 0 | CV70: =AH70 -> 481.92705 | CW70: =AI70 -> 2.919375 | CX70: =AJ70 -> 0 | CY70: =(((S70+R70)*AT70)/100) -> 7921.5483 | CZ70: =(((S70+R70)*AU70)/100) -> 4567.3792 | DE70: )*1,25)*1,35 | DF70: )*1,25)*1,35 | DG70: )*1,15)*1,35 | DI70: )*1,15)*1,35 | DJ70: )*1,25)*1,35 | DN70: 0 | DO70: 0 | DP70: 1 | DQ70: 1 | DU70: 1005 | DV70: 100 м2 | DW70: 100 м2 | DX70: 100 | EE70: 64095027 | EF70: 2 | EG70: Общестроительные работы | EH70: 0 | EJ70: 1 | EK70: 11001 | EL70: Полы | EM70: ФЕР-11 | EO70: Поправка: М-ка 421/пр 04.08.20 п.58 п.п. б) Поправка: Мет.421/пр 04.08.20 Пр.10 Т.3 п. 1.2 | EQ70: 0 | ER70: 17149.13 | ES70: 14411.64 | ET70: 24.42 | EU70: 17.53 | EV70: 2713.07 | EW70: 310.42 | EX70: 1.73 | EY70: 0 | FQ70: 0 | FR70: =ROUND(IF(AND(BH70=3,BI70=3),P70,0),2) -> 0 | FS70: 0 | FT70: *0,9 | FU70: *0,85 | FX70: 110.7 | FY70: 63.75 | GD70: 1 | GF70: -2061696186 | GG70: 2 | GH70: 1 | GI70: 2 | GJ70: 0 | GK70: 0 | GL70: =ROUND(IF(AND(BH70=3,BI70=3,FS70<>0),P70,0),2) -> 0 | GM70: =ROUND(O70+X70+Y70,2)+GX70 -> 22562.75 | GN70: =IF(OR(BI70=0,BI70=1),ROUND(O70+X70+Y70,2),0) -> 22562.75 | GO70: =IF(BI70=2,ROUND(O70+X70+Y70,2),0) -> 0 | GP70: =IF(BI70=4,ROUND(O70+X70+Y70,2)+GX70,0) -> 0 | GR70: 0 | GS70: 3 | GT70: 0 | GV70: =ROUND((GT70),2) -> 0 | GW70: 1 | GX70: =ROUND(HC70*I70,2) -> 0 | HA70: 0 | HB70: 0 | HC70: =GV70*GW70 -> 0 | IK70: 0
A71: 18 | B71: 1 | C71: 181 | E71: 28,1 | F71: 11.2.04.05-0001 | G71: Рейки деревянные, сечение 8x18 мм | H71: м3 | I71: =I70*J71 -> 0.0005 | J71: 0.01 | O71: =ROUND(CP71,2) -> 7.05 | P71: =ROUND(CQ71*I71,2) -> 7.05 | Q71: =ROUND(CR71*I71,2) -> 0 | R71: =ROUND(CS71*I71,2) -> 0 | S71: =ROUND(CT71*I71,2) -> 0 | T71: =ROUND(CU71*I71,2) -> 0 | U71: =CV71*I71 -> 0 | V71: =CW71*I71 -> 0 | W71: =ROUND(CX71*I71,2) -> 0 | X71: =ROUND(CY71,2) -> 0 | Y71: =ROUND(CZ71,2) -> 0 | AA71: 68990560 | AB71: =ROUND((AC71+AD71+AF71),2) -> 2500 | AC71: =ROUND((ES71),2) -> 2500 | AD71: =ROUND((((ET71)-(EU71))+AE71),2) -> 0 | AE71: =ROUND((EU71),2) -> 0 | AF71: =ROUND((EV71),2) -> 0 | AG71: =ROUND((AP71),2) -> 0 | AH71: =(EW71) -> 0 | AI71: =(EX71) -> 0 | AJ71: =(AS71) -> 0 | AK71: 2500 | AL71: 2500 | AM71: 0 | AN71: 0 | AO71: 0 | AP71: 0 | AQ71: 0 | AR71: 0 | AS71: 0 | AT71: 111 | AU71: 64 | AV71: 1 | AW71: 1 | AZ71: 1 | BA71: 1 | BB71: 1 | BC71: 5.64 | BH71: 3 | BI71: 1 | BJ71: ФССЦ-2001, 11.2.04.05-0001, приказ Минстроя России № 876/пр от 26.12.2019 | BM71: 11001 | BN71: 0 | BO71: 11.2.04.05-0001 | BP71: 1 | BQ71: 2 | BR71: 0 | BS71: 1 | BT71: 1 | BU71: 1 | BV71: 1 | BW71: 1 | BX71: 1 | BZ71: 123 | CA71: 75 | CE71: 0 | CF71: 0 | CG71: 0 | CM71: 0 | CO71: 0 | CP71: =(P71+Q71+S71) -> 7.05 | CQ71: =AC71*BC71 -> 14100 | CR71: =AD71*BB71 -> 0 | CS71: =AE71*BS71 -> 0 | CT71: =AF71*BA71 -> 0 | CU71: =AG71 -> 0 | CV71: =AH71 -> 0 | CW71: =AI71 -> 0 | CX71: =AJ71 -> 0 | CY71: =(((S71+R71)*AT71)/100) -> 0 | CZ71: =(((S71+R71)*AU71)/100) -> 0 | DN71: 0 | DO71: 0 | DP71: 1 | DQ71: 1 | DU71: 1007 | DV71: м3 | DW71: м3 | DX71: 1 | EE71: 64095027 | EF71: 2 | EG71: Общестроительные работы | EH71: 0 | EJ71: 1 | EK71: 11001 | EL71: Полы | EM71: ФЕР-11 | EQ71: 0 | ER71: 2500 | ES71: 2500 | ET71: 0 | EU71: 0 | EV71: 0 | EW71: 0 | EX71: 0 | FQ71: 0 | FR71: =ROUND(IF(AND(BH71=3,BI71=3),P71,0),2) -> 0 | FS71: 0 | FT71: *0,9 | FU71: *0,85 | FX71: 110.7 | FY71: 63.75 | GD71: 1 | GF71: -139823753 | GG71: 2 | GH71: 1 | GI71: 2 | GJ71: 0 | GK71: 0 | GL71: =ROUND(IF(AND(BH71=3,BI71=3,FS71<>0),P71,0),2) -> 0 | GM71: =ROUND(O71+X71+Y71,2)+GX71 -> 7.05 | GN71: =IF(OR(BI71=0,BI71=1),ROUND(O71+X71+Y71,2),0) -> 7.05 | GO71: =IF(BI71=2,ROUND(O71+X71+Y71,2),0) -> 0 | GP71: =IF(BI71=4,ROUND(O71+X71+Y71,2)+GX71,0) -> 0 | GR71: 0 | GS71: 3 | GT71: 0 | GV71: =ROUND((GT71),2) -> 0 | GW71: 1 | GX71: =ROUND(HC71*I71,2) -> 0 | HA71: 0 | HB71: 0 | HC71: =GV71*GW71 -> 0 | IK71: 0
A72: 18 | B72: 1 | C72: 182 | E72: 28,2 | F72: 14.1.06.02-0001 | G72: Клей для облицовочных работ водостойкий (сухая смесь) | H72: т | I72: =I70*J72 -> 0.06 | J72: 1.2 | O72: =ROUND(CP72,2) -> 836.44 | P72: =ROUND(CQ72*I72,2) -> 836.44 | Q72: =ROUND(CR72*I72,2) -> 0 | R72: =ROUND(CS72*I72,2) -> 0 | S72: =ROUND(CT72*I72,2) -> 0 | T72: =ROUND(CU72*I72,2) -> 0 | U72: =CV72*I72 -> 0 | V72: =CW72*I72 -> 0 | W72: =ROUND(CX72*I72,2) -> 0 | X72: =ROUND(CY72,2) -> 0 | Y72: =ROUND(CZ72,2) -> 0 | AA72: 68990560 | AB72: =ROUND((AC72+AD72+AF72),2) -> 4316 | AC72: =ROUND((ES72),2) -> 4316 | AD72: =ROUND((((ET72)-(EU72))+AE72),2) -> 0 | AE72: =ROUND((EU72),2) -> 0 | AF72: =ROUND((EV72),2) -> 0 | AG72: =ROUND((AP72),2) -> 0 | AH72: =(EW72) -> 0 | AI72: =(EX72) -> 0 | AJ72: =(AS72) -> 0 | AK72: 4316 | AL72: 4316 | AM72: 0 | AN72: 0 | AO72: 0 | AP72: 0 | AQ72: 0 | AR72: 0 | AS72: 0 | AT72: 111 | AU72: 64 | AV72: 1 | AW72: 1 | AZ72: 1 | BA72: 1 | BB72: 1 | BC72: 3.23 | BH72: 3 | BI72: 1 | BJ72: ФССЦ-2001, 14.1.06.02-0001, приказ Минстроя России № 876/пр от 26.12.2019 | BM72: 11001 | BN72: 0 | BO72: 14.1.06.02-0001 | BP72: 1 | BQ72: 2 | BR72: 0 | BS72: 1 | BT72: 1 | BU72: 1 | BV72: 1 | BW72: 1 | BX72: 1 | BZ72: 123 | CA72: 75 | CE72: 0 | CF72: 0 | CG72: 0 | CM72: 0 | CO72: 0 | CP72: =(P72+Q72+S72) -> 836.44 | CQ72: =AC72*BC72 -> 13940.68 | CR72: =AD72*BB72 -> 0 | CS72: =AE72*BS72 -> 0 | CT72: =AF72*BA72 -> 0 | CU72: =AG72 -> 0 | CV72: =AH72 -> 0 | CW72: =AI72 -> 0 | CX72: =AJ72 -> 0 | CY72: =(((S72+R72)*AT72)/100) -> 0 | CZ72: =(((S72+R72)*AU72)/100) -> 0 | DN72: 0 | DO72: 0 | DP72: 1 | DQ72: 1 | DU72: 1009 | DV72: т | DW72: т | DX72: 1000 | EE72: 64095027 | EF72: 2 | EG72: Общестроительные работы | EH72: 0 | EJ72: 1 | EK72: 11001 | EL72: Полы | EM72: ФЕР-11 | EQ72: 0 | ER72: 4316 | ES72: 4316 | ET72: 0 | EU72: 0 | EV72: 0 | EW72: 0 | EX72: 0 | FQ72: 0 | FR72: =ROUND(IF(AND(BH72=3,BI72=3),P72,0),2) -> 0 | FS72: 0 | FT72: *0,9 | FU72: *0,85 | FX72: 110.7 | FY72: 63.75 | GD72: 1 | GF72: 1171458232 | GG72: 2 | GH72: 1 | GI72: 2 | GJ72: 0 | GK72: 0 | GL72: =ROUND(IF(AND(BH72=3,BI72=3,FS72<>0),P72,0),2) -> 0 | GM72: =ROUND(O72+X72+Y72,2)+GX72 -> 836.44 | GN72: =IF(OR(BI72=0,BI72=1),ROUND(O72+X72+Y72,2),0) -> 836.44 | GO72: =IF(BI72=2,ROUND(O72+X72+Y72,2),0) -> 0 | GP72: =IF(BI72=4,ROUND(O72+X72+Y72,2)+GX72,0) -> 0 | GR72: 0 | GS72: 3 | GT72: 0 | GV72: =ROUND((GT72),2) -> 0 | GW72: 1 | GX72: =ROUND(HC72*I72,2) -> 0 | HA72: 0 | HB72: 0 | HC72: =GV72*GW72 -> 0 | IK72: 0
A73: 18 | B73: 1 | C73: 183 | E73: 28,3 | F73: 14.4.01.02-0012 | G73: Грунтовки для бетона и штукатурки укрепляющие, глубокого проникновения, быстросохнущие, паропроницаемые | H73: кг | I73: =I70*J73 -> 0.5 | J73: 10 | O73: =ROUND(CP73,2) -> 32.96 | P73: =ROUND(CQ73*I73,2) -> 32.96 | Q73: =ROUND(CR73*I73,2) -> 0 | R73: =ROUND(CS73*I73,2) -> 0 | S73: =ROUND(CT73*I73,2) -> 0 | T73: =ROUND(CU73*I73,2) -> 0 | U73: =CV73*I73 -> 0 | V73: =CW73*I73 -> 0 | W73: =ROUND(CX73*I73,2) -> 0 | X73: =ROUND(CY73,2) -> 0 | Y73: =ROUND(CZ73,2) -> 0 | AA73: 68990560 | AB73: =ROUND((AC73+AD73+AF73),2) -> 13.08 | AC73: =ROUND((ES73),2) -> 13.08 | AD73: =ROUND((((ET73)-(EU73))+AE73),2) -> 0 | AE73: =ROUND((EU73),2) -> 0 | AF73: =ROUND((EV73),2) -> 0 | AG73: =ROUND((AP73),2) -> 0 | AH73: =(EW73) -> 0 | AI73: =(EX73) -> 0 | AJ73: =(AS73) -> 0 | AK73: 13.08 | AL73: 13.08 | AM73: 0 | AN73: 0 | AO73: 0 | AP73: 0 | AQ73: 0 | AR73: 0 | AS73: 0 | AT73: 111 | AU73: 64 | AV73: 1 | AW73: 1 | AZ73: 1 | BA73: 1 | BB73: 1 | BC73: 5.04 | BH73: 3 | BI73: 1 | BJ73: КТЦ (Стройинформресурс) к ФЕР-2020, 14.4.01.02-0012 | BM73: 11001 | BN73: 0 | BO73: 14.4.01.02-0012 | BP73: 1 | BQ73: 2 | BR73: 0 | BS73: 1 | BT73: 1 | BU73: 1 | BV73: 1 | BW73: 1 | BX73: 1 | BZ73: 123 | CA73: 75 | CE73: 0 | CF73: 0 | CG73: 0 | CM73: 0 | CO73: 0 | CP73: =(P73+Q73+S73) -> 32.96 | CQ73: =AC73*BC73 -> 65.9232 | CR73: =AD73*BB73 -> 0 | CS73: =AE73*BS73 -> 0 | CT73: =AF73*BA73 -> 0 | CU73: =AG73 -> 0 | CV73: =AH73 -> 0 | CW73: =AI73 -> 0 | CX73: =AJ73 -> 0 | CY73: =(((S73+R73)*AT73)/100) -> 0 | CZ73: =(((S73+R73)*AU73)/100) -> 0 | DN73: 0 | DO73: 0 | DP73: 1 | DQ73: 1 | DU73: 1009 | DV73: кг | DW73: кг | DX73: 1 | EE73: 64095027 | EF73: 2 | EG73: Общестроительные работы | EH73: 0 | EJ73: 1 | EK73: 11001 | EL73: Полы | EM73: ФЕР-11 | EQ73: 0 | ER73: 13.08 | ES73: 13.08 | ET73: 0 | EU73: 0 | EV73: 0 | EW73: 0 | EX73: 0 | FQ73: 0 | FR73: =ROUND(IF(AND(BH73=3,BI73=3),P73,0),2) -> 0 | FS73: 0 | FT73: *0,9 | FU73: *0,85 | FX73: 110.7 | FY73: 63.75 | GD73: 1 | GF73: 1577909318 | GG73: 2 | GH73: 1 | GI73: 2 | GJ73: 0 | GK73: 0 | GL73: =ROUND(IF(AND(BH73=3,BI73=3,FS73<>0),P73,0),2) -> 0 | GM73: =ROUND(O73+X73+Y73,2)+GX73 -> 32.96 | GN73: =IF(OR(BI73=0,BI73=1),ROUND(O73+X73+Y73,2),0) -> 32.96 | GO73: =IF(BI73=2,ROUND(O73+X73+Y73,2),0) -> 0 | GP73: =IF(BI73=4,ROUND(O73+X73+Y73,2)+GX73,0) -> 0 | GR73: 0 | GS73: 3 | GT73: 0 | GV73: =ROUND((GT73),2) -> 0 | GW73: 1 | GX73: =ROUND(HC73*I73,2) -> 0 | HA73: 0 | HB73: 0 | HC73: =GV73*GW73 -> 0 | IK73: 0
A74: 18 | B74: 1 | C74: 179 | E74: 28,4 | F74: 06.2.05.03-0003 | G74: Плитка керамогранитная многоцветная неполированная, размер 400x400x9 мм | H74: м2 | I74: =I70*J74 -> -5.1 | J74: -102 | O74: =ROUND(CP74,2) -> -2900.99 | P74: =ROUND(CQ74*I74,2) -> -2900.99 | Q74: =ROUND(CR74*I74,2) -> 0 | R74: =ROUND(CS74*I74,2) -> 0 | S74: =ROUND(CT74*I74,2) -> 0 | T74: =ROUND(CU74*I74,2) -> 0 | U74: =CV74*I74 -> 0 | V74: =CW74*I74 -> 0 | W74: =ROUND(CX74*I74,2) -> 0 | X74: =ROUND(CY74,2) -> 0 | Y74: =ROUND(CZ74,2) -> 0 | AA74: 68990560 | AB74: =ROUND((AC74+AD74+AF74),2) -> 140.45 | AC74: =ROUND((ES74),2) -> 140.45 | AD74: =ROUND((((ET74)-(EU74))+AE74),2) -> 0 | AE74: =ROUND((EU74),2) -> 0 | AF74: =ROUND((EV74),2) -> 0 | AG74: =ROUND((AP74),2) -> 0 | AH74: =(EW74) -> 0 | AI74: =(EX74) -> 0 | AJ74: =(AS74) -> 0 | AK74: 140.45 | AL74: 140.45 | AM74: 0 | AN74: 0 | AO74: 0 | AP74: 0 | AQ74: 0 | AR74: 0 | AS74: 0 | AT74: 111 | AU74: 64 | AV74: 1 | AW74: 1 | AZ74: 1 | BA74: 1 | BB74: 1 | BC74: 4.05 | BH74: 3 | BI74: 1 | BJ74: ФССЦ-2001, 06.2.05.03-0003, приказ Минстроя России № 876/пр от 26.12.2019 | BM74: 11001 | BN74: 0 | BO74: 06.2.05.03-0003 | BP74: 1 | BQ74: 2 | BR74: 1 | BS74: 1 | BT74: 1 | BU74: 1 | BV74: 1 | BW74: 1 | BX74: 1 | BZ74: 123 | CA74: 75 | CE74: 0 | CF74: 0 | CG74: 0 | CM74: 0 | CO74: 0 | CP74: =(P74+Q74+S74) -> -2900.99 | CQ74: =AC74*BC74 -> 568.8225 | CR74: =AD74*BB74 -> 0 | CS74: =AE74*BS74 -> 0 | CT74: =AF74*BA74 -> 0 | CU74: =AG74 -> 0 | CV74: =AH74 -> 0 | CW74: =AI74 -> 0 | CX74: =AJ74 -> 0 | CY74: =(((S74+R74)*AT74)/100) -> 0 | CZ74: =(((S74+R74)*AU74)/100) -> 0 | DN74: 0 | DO74: 0 | DP74: 1 | DQ74: 1 | DU74: 1005 | DV74: м2 | DW74: м2 | DX74: 1 | EE74: 64095027 | EF74: 2 | EG74: Общестроительные работы | EH74: 0 | EJ74: 1 | EK74: 11001 | EL74: Полы | EM74: ФЕР-11 | EQ74: 32768 | ER74: 140.45 | ES74: 140.45 | ET74: 0 | EU74: 0 | EV74: 0 | EW74: 0 | EX74: 0 | FQ74: 0 | FR74: =ROUND(IF(AND(BH74=3,BI74=3),P74,0),2) -> 0 | FS74: 0 | FT74: *0,9 | FU74: *0,85 | FX74: 110.7 | FY74: 63.75 | GD74: 1 | GF74: 1681246632 | GG74: 2 | GH74: 1 | GI74: 2 | GJ74: 0 | GK74: 0 | GL74: =ROUND(IF(AND(BH74=3,BI74=3,FS74<>0),P74,0),2) -> 0 | GM74: =ROUND(O74+X74+Y74,2)+GX74 -> -2900.99 | GN74: =IF(OR(BI74=0,BI74=1),ROUND(O74+X74+Y74,2),0) -> -2900.99 | GO74: =IF(BI74=2,ROUND(O74+X74+Y74,2),0) -> 0 | GP74: =IF(BI74=4,ROUND(O74+X74+Y74,2)+GX74,0) -> 0 | GR74: 0 | GS74: 3 | GT74: 0 | GV74: =ROUND((GT74),2) -> 0 | GW74: 1 | GX74: =ROUND(HC74*I74,2) -> 0 | HA74: 0 | HB74: 0 | HC74: =GV74*GW74 -> 0 | IK74: 0
A75: 18 | B75: 1 | C75: 180 | E75: 28,5 | F75: 06.2.05.03-0021 | G75: Керамический гранит неполированный, размером 300х300 мм | H75: м2 | I75: =I70*J75 -> 5.1 | J75: 102 | O75: =ROUND(CP75,2) -> 1818.23 | P75: =ROUND(CQ75*I75,2) -> 1818.23 | Q75: =ROUND(CR75*I75,2) -> 0 | R75: =ROUND(CS75*I75,2) -> 0 | S75: =ROUND(CT75*I75,2) -> 0 | T75: =ROUND(CU75*I75,2) -> 0 | U75: =CV75*I75 -> 0 | V75: =CW75*I75 -> 0 | W75: =ROUND(CX75*I75,2) -> 0 | X75: =ROUND(CY75,2) -> 0 | Y75: =ROUND(CZ75,2) -> 0 | AA75: 68990560 | AB75: =ROUND((AC75+AD75+AF75),2) -> 56.77 | AC75: =ROUND((ES75),2) -> 56.77 | AD75: =ROUND((((ET75)-(EU75))+AE75),2) -> 0 | AE75: =ROUND((EU75),2) -> 0 | AF75: =ROUND((EV75),2) -> 0 | AG75: =ROUND((AP75),2) -> 0 | AH75: =(EW75) -> 0 | AI75: =(EX75) -> 0 | AJ75: =(AS75) -> 0 | AK75: 56.77 | AL75: 56.77 | AM75: 0 | AN75: 0 | AO75: 0 | AP75: 0 | AQ75: 0 | AR75: 0 | AS75: 0 | AT75: 111 | AU75: 64 | AV75: 1 | AW75: 1 | AZ75: 1 | BA75: 1 | BB75: 1 | BC75: 6.28 | BH75: 3 | BI75: 1 | BJ75: КТЦ (Стройинформресурс) к ФЕР-2020, 06.2.05.03-0021 | BM75: 11001 | BN75: 0 | BO75: 06.2.05.03-0021 | BP75: 1 | BQ75: 2 | BR75: 0 | BS75: 1 | BT75: 1 | BU75: 1 | BV75: 1 | BW75: 1 | BX75: 1 | BZ75: 123 | CA75: 75 | CE75: 0 | CF75: 0 | CG75: 0 | CM75: 0 | CO75: 0 | CP75: =(P75+Q75+S75) -> 1818.23 | CQ75: =AC75*BC75 -> 356.5156 | CR75: =AD75*BB75 -> 0 | CS75: =AE75*BS75 -> 0 | CT75: =AF75*BA75 -> 0 | CU75: =AG75 -> 0 | CV75: =AH75 -> 0 | CW75: =AI75 -> 0 | CX75: =AJ75 -> 0 | CY75: =(((S75+R75)*AT75)/100) -> 0 | CZ75: =(((S75+R75)*AU75)/100) -> 0 | DN75: 0 | DO75: 0 | DP75: 1 | DQ75: 1 | DU75: 1005 | DV75: м2 | DW75: м2 | DX75: 1 | EE75: 64095027 | EF75: 2 | EG75: Общестроительные работы | EH75: 0 | EJ75: 1 | EK75: 11001 | EL75: Полы | EM75: ФЕР-11 | EQ75: 0 | ER75: 56.77 | ES75: 56.77 | ET75: 0 | EU75: 0 | EV75: 0 | EW75: 0 | EX75: 0 | FQ75: 0 | FR75: =ROUND(IF(AND(BH75=3,BI75=3),P75,0),2) -> 0 | FS75: 0 | FT75: *0,9 | FU75: *0,85 | FX75: 110.7 | FY75: 63.75 | GD75: 1 | GF75: 1353745994 | GG75: 2 | GH75: 1 | GI75: 2 | GJ75: 0 | GK75: 0 | GL75: =ROUND(IF(AND(BH75=3,BI75=3,FS75<>0),P75,0),2) -> 0 | GM75: =ROUND(O75+X75+Y75,2)+GX75 -> 1818.23 | GN75: =IF(OR(BI75=0,BI75=1),ROUND(O75+X75+Y75,2),0) -> 1818.23 | GO75: =IF(BI75=2,ROUND(O75+X75+Y75,2),0) -> 0 | GP75: =IF(BI75=4,ROUND(O75+X75+Y75,2)+GX75,0) -> 0 | GR75: 0 | GS75: 3 | GT75: 0 | GV75: =ROUND((GT75),2) -> 0 | GW75: 1 | GX75: =ROUND(HC75*I75,2) -> 0 | HA75: 0 | HB75: 0 | HC75: =GV75*GW75 -> 0 | IK75: 0
A76: 17 | B76: 1 | C76: =ROW(SmtRes!A197) -> 197 | D76: =ROW(EtalonRes!A205) -> 205 | E76: 29 | F76: 06-01-004-06 | G76: Устройство бетонной входной площадки с армированием | H76: м3 | I76: =ROUND(1.8,5) -> 1.8 | J76: 0 | O76: =ROUND(CP76,2) -> 5804.47 | P76: =ROUND(CQ76*I76,2) -> 1616.03 | Q76: =ROUND(CR76*I76,2) -> 298.03 | R76: =ROUND(CS76*I76,2) -> 145.37 | S76: =ROUND(CT76*I76,2) -> 3890.41 | T76: =ROUND(CU76*I76,2) -> 0 | U76: =CV76*I76 -> 13.553325 | V76: =CW76*I76 -> 0.3645 | W76: =ROUND(CX76*I76,2) -> 0 | X76: =ROUND(CY76,2) -> 3833.99 | Y76: =ROUND(CZ76,2) -> 2219.68 | AA76: 68990560 | AB76: =ROUND((AC76+AD76+AF76),2) -> 258.2 | AC76: =ROUND((ES76),2) -> 179.2 | AD76: =ROUND((((((ET76*1.25)*1.35))-(((EU76*1.25)*1.35)))+AE76),2) -> 14.77 | AE76: =ROUND((((EU76*1.25)*1.35)),2) -> 2.4 | AF76: =ROUND((((EV76*1.15)*1.35)),2) -> 64.23 | AG76: =ROUND((AP76),2) -> 0 | AH76: =(((EW76*1.15)*1.35)) -> 7.529625 | AI76: =(((EX76*1.25)*1.35)) -> 0.2025 | AJ76: =(AS76) -> 0 | AK76: 229.32 | AL76: 179.2 | AM76: 8.75 | AN76: 1.42 | AO76: 41.37 | AP76: 0 | AQ76: 4.85 | AR76: 0.12 | AS76: 0 | AT76: 95 | AU76: 55 | AV76: 1 | AW76: 1 | AZ76: 1 | BA76: 33.65 | BB76: 11.21 | BC76: 5.01 | BH76: 0 | BI76: 1 | BJ76: ФЕР-2001, 06-01-004-06, приказ Минстроя России № 876/пр от 26.12.2019 | BM76: 6001 | BN76: 0 | BO76: 06-01-004-06 | BP76: 1 | BQ76: 2 | BR76: 0 | BS76: 33.65 | BT76: 1 | BU76: 1 | BV76: 1 | BW76: 1 | BX76: 1 | BZ76: 105 | CA76: 65 | CE76: 0 | CF76: 0 | CG76: 0 | CM76: 0 | CN76: Поправка: М-ка 421/пр 04.08.20 п.58 п.п. б) Наименование: При отсутствии необходимых норм (единичных расценок), включенных в сборники ГЭСНр (ФЕРр, ТЕРр), сметные затраты на работы по капитальному ремонту и реконструкции объектов капитального строительства могут быть определены по сметным нормам, включенным в ГЭСН (ФЕР, ТЕР), аналогичным технологическим процессам в новом строительстве, в том числе по возведению новых конструктивных элементов Поправка: Мет.421/пр 04.08.20 Пр.10 Т.3 п. 1.2 Наименование: Производство ремонтно-строительных работ осуществляется в помещениях эксплуатируемого объекта капитального строительства без остановки рабочего процесса, при этом: в зоне производства ремонтно-строительных работ имеются действующее технологическое или лабораторное оборудование, мебель и иные загромождающие помещения предметы | CO76: 0 | CP76: =(P76+Q76+S76) -> 5804.47 | CQ76: =AC76*BC76 -> 897.792 | CR76: =AD76*BB76 -> 165.5717 | CS76: =AE76*BS76 -> 80.76 | CT76: =AF76*BA76 -> 2161.3395 | CU76: =AG76 -> 0 | CV76: =AH76 -> 7.529625 | CW76: =AI76 -> 0.2025 | CX76: =AJ76 -> 0 | CY76: =(((S76+R76)*AT76)/100) -> 3833.991 | CZ76: =(((S76+R76)*AU76)/100) -> 2219.679 | DE76: )*1,25)*1,35 | DF76: )*1,25)*1,35 | DG76: )*1,15)*1,35 | DI76: )*1,15)*1,35 | DJ76: )*1,25)*1,35 | DN76: 0 | DO76: 0 | DP76: 1 | DQ76: 1 | DU76: 1007 | DV76: м3 | DW76: м3 | DX76: 1 | EE76: 64095013 | EF76: 2 | EG76: Общестроительные работы | EH76: 0 | EJ76: 1 | EK76: 6001 | EL76: Монолитные бетонные и железобетонные конструкции в промышленном строительстве | EM76: ФЕР-06 | EO76: Поправка: М-ка 421/пр 04.08.20 п.58 п.п. б) Поправка: Мет.421/пр 04.08.20 Пр.10 Т.3 п. 1.2 | EQ76: 0 | ER76: 229.32 | ES76: 179.2 | ET76: 8.75 | EU76: 1.42 | EV76: 41.37 | EW76: 4.85 | EX76: 0.12 | EY76: 0 | FQ76: 0 | FR76: =ROUND(IF(AND(BH76=3,BI76=3),P76,0),2) -> 0 | FS76: 0 | FT76: *0,9 | FU76: *0,85 | FX76: 94.5 | FY76: 55.25 | GD76: 1 | GF76: -986088801 | GG76: 2 | GH76: 1 | GI76: 2 | GJ76: 0 | GK76: 0 | GL76: =ROUND(IF(AND(BH76=3,BI76=3,FS76<>0),P76,0),2) -> 0 | GM76: =ROUND(O76+X76+Y76,2)+GX76 -> 11858.14 | GN76: =IF(OR(BI76=0,BI76=1),ROUND(O76+X76+Y76,2),0) -> 11858.14 | GO76: =IF(BI76=2,ROUND(O76+X76+Y76,2),0) -> 0 | GP76: =IF(BI76=4,ROUND(O76+X76+Y76,2)+GX76,0) -> 0 | GR76: 0 | GS76: 3 | GT76: 0 | GV76: =ROUND((GT76),2) -> 0 | GW76: 1 | GX76: =ROUND(HC76*I76,2) -> 0 | HA76: 0 | HB76: 0 | HC76: =GV76*GW76 -> 0 | IK76: 0
A77: 18 | B77: 1 | C77: 193 | E77: 29,1 | F77: 04.1.02.05-0029 | G77: Бетоны тяжелые на щебеночном или гравийном заполнителе, марка 350 (В25), крупность заполнителя 10 мм | H77: м3 | I77: =I76*J77 -> 1.827 | J77: 1.015 | O77: =ROUND(CP77,2) -> 7926.68 | P77: =ROUND(CQ77*I77,2) -> 7926.68 | Q77: =ROUND(CR77*I77,2) -> 0 | R77: =ROUND(CS77*I77,2) -> 0 | S77: =ROUND(CT77*I77,2) -> 0 | T77: =ROUND(CU77*I77,2) -> 0 | U77: =CV77*I77 -> 0 | V77: =CW77*I77 -> 0 | W77: =ROUND(CX77*I77,2) -> 0 | X77: =ROUND(CY77,2) -> 0 | Y77: =ROUND(CZ77,2) -> 0 | AA77: 68990560 | AB77: =ROUND((AC77+AD77+AF77),2) -> 748.04 | AC77: =ROUND((ES77),2) -> 748.04 | AD77: =ROUND((((ET77)-(EU77))+AE77),2) -> 0 | AE77: =ROUND((EU77),2) -> 0 | AF77: =ROUND((EV77),2) -> 0 | AG77: =ROUND((AP77),2) -> 0 | AH77: =(EW77) -> 0 | AI77: =(EX77) -> 0 | AJ77: =(AS77) -> 0 | AK77: 748.04 | AL77: 748.04 | AM77: 0 | AN77: 0 | AO77: 0 | AP77: 0 | AQ77: 0 | AR77: 0 | AS77: 0 | AT77: 95 | AU77: 55 | AV77: 1 | AW77: 1 | AZ77: 1 | BA77: 1 | BB77: 1 | BC77: 5.8 | BH77: 3 | BI77: 1 | BJ77: КТЦ (Стройинформресурс) к ФЕР-2020, 04.1.02.05-0029 | BM77: 6001 | BN77: 0 | BO77: 04.1.02.05-0029 | BP77: 1 | BQ77: 2 | BR77: 0 | BS77: 1 | BT77: 1 | BU77: 1 | BV77: 1 | BW77: 1 | BX77: 1 | BZ77: 105 | CA77: 65 | CE77: 0 | CF77: 0 | CG77: 0 | CM77: 0 | CO77: 0 | CP77: =(P77+Q77+S77) -> 7926.68 | CQ77: =AC77*BC77 -> 4338.632 | CR77: =AD77*BB77 -> 0 | CS77: =AE77*BS77 -> 0 | CT77: =AF77*BA77 -> 0 | CU77: =AG77 -> 0 | CV77: =AH77 -> 0 | CW77: =AI77 -> 0 | CX77: =AJ77 -> 0 | CY77: =(((S77+R77)*AT77)/100) -> 0 | CZ77: =(((S77+R77)*AU77)/100) -> 0 | DN77: 0 | DO77: 0 | DP77: 1 | DQ77: 1 | DU77: 1007 | DV77: м3 | DW77: м3 | DX77: 1 | EE77: 64095013 | EF77: 2 | EG77: Общестроительные работы | EH77: 0 | EJ77: 1 | EK77: 6001 | EL77: Монолитные бетонные и железобетонные конструкции в промышленном строительстве | EM77: ФЕР-06 | EQ77: 0 | ER77: 748.04 | ES77: 748.04 | ET77: 0 | EU77: 0 | EV77: 0 | EW77: 0 | EX77: 0 | FQ77: 0 | FR77: =ROUND(IF(AND(BH77=3,BI77=3),P77,0),2) -> 0 | FS77: 0 | FT77: *0,9 | FU77: *0,85 | FX77: 94.5 | FY77: 55.25 | GD77: 1 | GF77: -2058797209 | GG77: 2 | GH77: 1 | GI77: 2 | GJ77: 0 | GK77: 0 | GL77: =ROUND(IF(AND(BH77=3,BI77=3,FS77<>0),P77,0),2) -> 0 | GM77: =ROUND(O77+X77+Y77,2)+GX77 -> 7926.68 | GN77: =IF(OR(BI77=0,BI77=1),ROUND(O77+X77+Y77,2),0) -> 7926.68 | GO77: =IF(BI77=2,ROUND(O77+X77+Y77,2),0) -> 0 | GP77: =IF(BI77=4,ROUND(O77+X77+Y77,2)+GX77,0) -> 0 | GR77: 0 | GS77: 3 | GT77: 0 | GV77: =ROUND((GT77),2) -> 0 | GW77: 1 | GX77: =ROUND(HC77*I77,2) -> 0 | HA77: 0 | HB77: 0 | HC77: =GV77*GW77 -> 0 | IK77: 0
A78: 18 | B78: 1 | C78: 192 | E78: 29,2 | F78: 01.7.16.03-0022 | G78: Опалубка деревянная: Щиты опалубки ЩД 1.20.6, размером 1200х600х172 мм | H78: м2 | I78: =I76*J78 -> 5.142857 | J78: 2.8571428 | O78: =ROUND(CP78,2) -> 3667.71 | P78: =ROUND(CQ78*I78,2) -> 3667.71 | Q78: =ROUND(CR78*I78,2) -> 0 | R78: =ROUND(CS78*I78,2) -> 0 | S78: =ROUND(CT78*I78,2) -> 0 | T78: =ROUND(CU78*I78,2) -> 0 | U78: =CV78*I78 -> 0 | V78: =CW78*I78 -> 0 | W78: =ROUND(CX78*I78,2) -> 0 | X78: =ROUND(CY78,2) -> 0 | Y78: =ROUND(CZ78,2) -> 0 | AA78: 68990560 | AB78: =ROUND((AC78+AD78+AF78),2) -> 181.93 | AC78: =ROUND((ES78),2) -> 181.93 | AD78: =ROUND((((ET78)-(EU78))+AE78),2) -> 0 | AE78: =ROUND((EU78),2) -> 0 | AF78: =ROUND((EV78),2) -> 0 | AG78: =ROUND((AP78),2) -> 0 | AH78: =(EW78) -> 0 | AI78: =(EX78) -> 0 | AJ78: =(AS78) -> 0 | AK78: 181.93 | AL78: 181.93 | AM78: 0 | AN78: 0 | AO78: 0 | AP78: 0 | AQ78: 0 | AR78: 0 | AS78: 0 | AT78: 95 | AU78: 55 | AV78: 1 | AW78: 1 | AZ78: 1 | BA78: 1 | BB78: 1 | BC78: 3.92 | BH78: 3 | BI78: 1 | BJ78: КТЦ (Стройинформресурс) к ФЕР-2020, 01.7.16.03-0022 | BM78: 6001 | BN78: 0 | BO78: 01.7.16.03-0022 | BP78: 1 | BQ78: 2 | BR78: 0 | BS78: 1 | BT78: 1 | BU78: 1 | BV78: 1 | BW78: 1 | BX78: 1 | BZ78: 105 | CA78: 65 | CE78: 0 | CF78: 0 | CG78: 0 | CM78: 0 | CO78: 0 | CP78: =(P78+Q78+S78) -> 3667.71 | CQ78: =AC78*BC78 -> 713.1656 | CR78: =AD78*BB78 -> 0 | CS78: =AE78*BS78 -> 0 | CT78: =AF78*BA78 -> 0 | CU78: =AG78 -> 0 | CV78: =AH78 -> 0 | CW78: =AI78 -> 0 | CX78: =AJ78 -> 0 | CY78: =(((S78+R78)*AT78)/100) -> 0 | CZ78: =(((S78+R78)*AU78)/100) -> 0 | DN78: 0 | DO78: 0 | DP78: 1 | DQ78: 1 | DU78: 1005 | DV78: м2 | DW78: м2 | DX78: 1 | EE78: 64095013 | EF78: 2 | EG78: Общестроительные работы | EH78: 0 | EJ78: 1 | EK78: 6001 | EL78: Монолитные бетонные и железобетонные конструкции в промышленном строительстве | EM78: ФЕР-06 | EQ78: 0 | ER78: 181.93 | ES78: 181.93 | ET78: 0 | EU78: 0 | EV78: 0 | EW78: 0 | EX78: 0 | FQ78: 0 | FR78: =ROUND(IF(AND(BH78=3,BI78=3),P78,0),2) -> 0 | FS78: 0 | FT78: *0,9 | FU78: *0,85 | FX78: 94.5 | FY78: 55.25 | GD78: 1 | GF78: 1085254478 | GG78: 2 | GH78: 1 | GI78: 2 | GJ78: 0 | GK78: 0 | GL78: =ROUND(IF(AND(BH78=3,BI78=3,FS78<>0),P78,0),2) -> 0 | GM78: =ROUND(O78+X78+Y78,2)+GX78 -> 3667.71 | GN78: =IF(OR(BI78=0,BI78=1),ROUND(O78+X78+Y78,2),0) -> 3667.71 | GO78: =IF(BI78=2,ROUND(O78+X78+Y78,2),0) -> 0 | GP78: =IF(BI78=4,ROUND(O78+X78+Y78,2)+GX78,0) -> 0 | GR78: 0 | GS78: 3 | GT78: 0 | GV78: =ROUND((GT78),2) -> 0 | GW78: 1 | GX78: =ROUND(HC78*I78,2) -> 0 | HA78: 0 | HB78: 0 | HC78: =GV78*GW78 -> 0 | IK78: 0
A79: 18 | B79: 1 | C79: 195 | E79: 29,3 | F79: 08.4.03.03-0031 | G79: Сталь арматурная, горячекатаная, периодического профиля для изготовления арматурных изделий на строительной площадке, класс А-III (А-400), марки стали 35ГС, 25Г2С, диаметр 10 мм | H79: т | I79: =I76*J79 -> 0.2214 | J79: 0.123 | O79: =ROUND(CP79,2) -> 10078.21 | P79: =ROUND(CQ79*I79,2) -> 10078.21 | Q79: =ROUND(CR79*I79,2) -> 0 | R79: =ROUND(CS79*I79,2) -> 0 | S79: =ROUND(CT79*I79,2) -> 0 | T79: =ROUND(CU79*I79,2) -> 0 | U79: =CV79*I79 -> 0 | V79: =CW79*I79 -> 0 | W79: =ROUND(CX79*I79,2) -> 0 | X79: =ROUND(CY79,2) -> 0 | Y79: =ROUND(CZ79,2) -> 0 | AA79: 68990560 | AB79: =ROUND((AC79+AD79+AF79),2) -> 8014.15 | AC79: =ROUND((ES79),2) -> 8014.15 | AD79: =ROUND((((ET79)-(EU79))+AE79),2) -> 0 | AE79: =ROUND((EU79),2) -> 0 | AF79: =ROUND((EV79),2) -> 0 | AG79: =ROUND((AP79),2) -> 0 | AH79: =(EW79) -> 0 | AI79: =(EX79) -> 0 | AJ79: =(AS79) -> 0 | AK79: 8014.15 | AL79: 8014.15 | AM79: 0 | AN79: 0 | AO79: 0 | AP79: 0 | AQ79: 0 | AR79: 0 | AS79: 0 | AT79: 95 | AU79: 55 | AV79: 1 | AW79: 1 | AZ79: 1 | BA79: 1 | BB79: 1 | BC79: 5.68 | BH79: 3 | BI79: 1 | BJ79: КТЦ (Стройинформресурс) к ФЕР-2020, 08.4.03.03-0031 | BM79: 6001 | BN79: 0 | BO79: 08.4.03.03-0031 | BP79: 1 | BQ79: 2 | BR79: 0 | BS79: 1 | BT79: 1 | BU79: 1 | BV79: 1 | BW79: 1 | BX79: 1 | BZ79: 105 | CA79: 65 | CE79: 0 | CF79: 0 | CG79: 0 | CM79: 0 | CO79: 0 | CP79: =(P79+Q79+S79) -> 10078.21 | CQ79: =AC79*BC79 -> 45520.372 | CR79: =AD79*BB79 -> 0 | CS79: =AE79*BS79 -> 0 | CT79: =AF79*BA79 -> 0 | CU79: =AG79 -> 0 | CV79: =AH79 -> 0 | CW79: =AI79 -> 0 | CX79: =AJ79 -> 0 | CY79: =(((S79+R79)*AT79)/100) -> 0 | CZ79: =(((S79+R79)*AU79)/100) -> 0 | DN79: 0 | DO79: 0 | DP79: 1 | DQ79: 1 | DU79: 1009 | DV79: т | DW79: т | DX79: 1000 | EE79: 64095013 | EF79: 2 | EG79: Общестроительные работы | EH79: 0 | EJ79: 1 | EK79: 6001 | EL79: Монолитные бетонные и железобетонные конструкции в промышленном строительстве | EM79: ФЕР-06 | EQ79: 0 | ER79: 8014.15 | ES79: 8014.15 | ET79: 0 | EU79: 0 | EV79: 0 | EW79: 0 | EX79: 0 | FQ79: 0 | FR79: =ROUND(IF(AND(BH79=3,BI79=3),P79,0),2) -> 0 | FS79: 0 | FT79: *0,9 | FU79: *0,85 | FX79: 94.5 | FY79: 55.25 | GD79: 1 | GF79: -425551073 | GG79: 2 | GH79: 1 | GI79: 2 | GJ79: 0 | GK79: 0 | GL79: =ROUND(IF(AND(BH79=3,BI79=3,FS79<>0),P79,0),2) -> 0 | GM79: =ROUND(O79+X79+Y79,2)+GX79 -> 10078.21 | GN79: =IF(OR(BI79=0,BI79=1),ROUND(O79+X79+Y79,2),0) -> 10078.21 | GO79: =IF(BI79=2,ROUND(O79+X79+Y79,2),0) -> 0 | GP79: =IF(BI79=4,ROUND(O79+X79+Y79,2)+GX79,0) -> 0 | GR79: 0 | GS79: 3 | GT79: 0 | GV79: =ROUND((GT79),2) -> 0 | GW79: 1 | GX79: =ROUND(HC79*I79,2) -> 0 | HA79: 0 | HB79: 0 | HC79: =GV79*GW79 -> 0 | IK79: 0
